Workbook
Name Admin.costs: Control!$I$49
Name Admin.staff.per.customer.care.staff: Control!$I$47
Name AEP.broadband.distribution.by.plan: Mercado!$C$21:$P$59
Name AEP.broadband.subs.by.plan: Mercado!$C$67:$P$105
Name AEP.broadband.subs.non.residential: Mercado!$I$117:$P$117
Name AEP.broadband.subs.residential: Mercado!$I$111:$P$111
Name AEP.broadband.subs.residential.with.line.rental: Mercado!$I$113:$P$113
Name AEP.broadband.subs.residential.without.line.rental: Mercado!$I$115:$P$115
Name AEP.telephone.lines: Mercado!$I$130:$P$130
Name AEP.telephone.lines.voice.only: Mercado!$I$151:$P$151
Name AEP.telephone.lines.voice.only.noresidential: Mercado!$I$155:$P$155
Name AEP.telephone.lines.voice.only.residential: Mercado!$I$153:$P$153
Name AEP.telephony.distribution.by.plan: Mercado!$C$179:$P$199
Name AEP.telephony.subs.by.plan: Mercado!$C$206:$P$226
Name Bad.debt.cost: Control!$I$17
Name Billing.cost: Control!$I$14
Name billion: 1000000000
Name bit.conversion: 1024
Name bit.per.byte: 8
Name Broadbad.suscriptions.AEP: Mercado!$I$10:$P$10
Name Broadbad.suscriptions.market: Mercado!$I$10:$O$10
Name Broadband.gross.adds.non.residential: 'Calculos Banda Ancha'!$J$32
Name Broadband.gross.adds.residential.with.line.rental: 'Calculos Banda Ancha'!$J$23
Name cell.pi: 2.6
Name clarovideo.rental.without.taxes: Control!$I$65
Name Customer.care.broadbandsubscriber.per.staff: Control!$I$30
Name Customer.care.line.rental.per.staff: Control!$I$31
Name days.per.month: 30.42
Name days.per.year: 365
Name epsilon: 0.000001
Name equipo.terminal.parameter: Control!$I$68
Name factor.Mbps.to.Kbps: Listas!$S$4
Name Floorspace.per.staff: Control!$I$43
Name hours.per.day: 24
Name Line.rental.churn: Control!$I$11
Name local.loop.cooper: Control!$I$60
Name local.loop.FTTC: Control!$I$61
Name local.loop.optical.fiber: Control!$I$62
Name Marketing.and.sales.minimum.proportion.broadband: Control!$I$26
Name Marketing.and.sales.minimum.proportion.line.rental: Control!$I$25
Name Marketing.and.sales.per.gross.add.broadband: Control!$I$22
Name Marketing.and.sales.per.gross.add.line.rental: Control!$I$21
Name million: 1000000
Name minutes.per.hour: 60
Name modalidad: [1]listas!$A$2:$A$5
Name modalidad: [1]listas!$A$2:$A$5
Name modalidad: 'Cálculos principales'!$I$7:$AR$7
Name Monthly.cost.per.staff: Control!$I$33
Name months.per.year: 12
Name Rent.per.sqm: Control!$I$45
Name Retail.minus.additional.calls: 'Calculos Renta de Linea y Voz'!$M$102
Name Retail.minus.additional.calls.retail.minus.items.only: 'Calculos Renta de Linea y Voz'!$M$104
Name Retail.minus.bitstream.retail.minus.items.only: 'Tarifas SRL'!$D$69
Name Retail.minus.int: 'Calculos Banda Ancha'!$J$104
Name Retail.minus.int.retail.minus.items.only: 'Calculos Banda Ancha'!$J$106
Name Retail.minus.line.rental: 'Calculos Renta de Linea y Voz'!$J$102
Name Retail.minus.line.rental.retail.minus.items.only: 'Calculos Renta de Linea y Voz'!$J$104
Name Retail.profit: Control!$I$52
Name seconds.per.hour: 3600
Name seconds.per.minute: 60

Sheet C
C1: Contents
A3: Information
A5: Title | B5: Workbook Title
A6: Objective | B6: Workbook Objective
A8: Version | B8: Workbook Version
A9: Status | B9: Under construction
B10: Under construction
B11: Work in progress
B12: Ready for review
B13: Approved for release
A14: Author | B14: Workbook Author
A15: Email | B15: Workbook Author's Email Address
A17: Contents
A19: Sheet | B19: Description | D19: Status | E19: Notes
A20: C | B20: This contents sheet | D20: Approved for release
A21: V | B21: A history of the versions of this workbook | D21: Approved for release
A22: S | B22: A guide to the styles used in this workbook | D22: Approved for release
A23: Sheet | B23: Enter description of worksheet here | D23: Approved for release
A24: Insert extra rows above here

Sheet V
C1: Version history
A3: Information
A5: Title | B5: =Workbook.Title -> Workbook Title
A6: Objective | B6: =Workbook.Objective -> Workbook Objective
A8: Version | B8: =Workbook.Version -> Workbook Version
A9: Status | B9: =Workbook.Status -> Under construction
A10: Author | B10: =Workbook.Author -> Workbook Author
A11: Email | B11: =Workbook.Authors_Email_Address -> Workbook Author's Email Address
A13: History
A15: Version | B15: Date released | C15: Author | D15: Details

Sheet S
C1: Style guidelines
A3: NB Use Window Unfreeze Panes (on each worksheet) to have row 1 scroll with the rest of the worksheet
A4: NB Consider using Insert > Header & Footer > Sheet > Rows to repeat at top: $1:$1 to include row 1 at the top of all printed pages
A6: Input cell styles
A7: Use these styles to identify inputs to a model
A8: NB These styles change most aspects of a cell's formatting (all except Number and Alignment)
B10: Input Parameter | C10: 100 | D10: unlocked | E10: An input to the model that it is expected the user will change (change at will)
B12: Input Parameter | C12: 250 | D12: unlocked | E12: Consider using Data Validation to ensure that only acceptable values are entered
B13: Minimum | C13: 100
B14: Maximum | C14: 300
B16: Input Parameter | C16: 300 | D16: unlocked | E16: If a parameter can take only one of a small number of values, consider using Data Validation Allow List with In-cell dropdown selected
B17: Acceptable values | C17: 100
C18: 200
C19: 300
B21: Input Data | C21: 100 | D21: unlocked | E21: A piece of real data (only change if you have better data)
B23: Input Estimate | C23: 100 | D23: unlocked | E23: An estimate used in the absence of real data (only change if you have a better estimate, or real data )
B25: Input Calculation | C25: 100 | D25: locked | E25: An input to the model that has been calculated from other inputs (e.g. interpolated input values)
B27: Input Link | C27: 100 | D27: locked | E27: An input to this part of the model, which is linked to a source on this worksheet within this workbook
B29: Input Link (different Worksheet) | C29: 100 | D29: locked | E29: An input to this part of the model, which is linked to a source on another worksheet within this workbook
B31: Input Link (different Workbook) | C31: 100 | D31: locked | E31: An input to this part of the model, which is linked to a source on a worksheet in a different workbook
A33: Other cell styles
A34: Use these styles to identify the role of other cells in a model
A35: NB These styles change a variety of different aspects of a cell's formatting (as appropriate to the context)
B37: Calculation | C37: 100 | D37: locked | E37: A calculation of the model
B39: Total | C39: 123.45 | E39: A total (use if not part of a "Sub-total row" or a "Total row" in a table - see below)
B41: Checksum | C41: 0 | D41: locked | E41: A side calculation intended solely to cross check a result (and which therefore should not be referenced anywhere else in the model)
B43: Checksum | C43: 0.1 | D43: locked | E43: Consider using Conditional Formatting (on Home tab) to highlight unacceptable results of cross-check calculations (e.g. non-zero)
B45: Output | C45: 100 | E45: A key result from this part of the model (in particular one that will be used elsewhere in the model)
B47: Name | C47: Name | D47: locked | E47: An Excel Name applying to one or more adjacent cells – use Create from Selection (on Formulas tab) to actually create the Excel Names
B49: Note | C49: Note | E49: A note (NB smaller than standard font size)
B51: Highlight | C51: 100 | E51: A cell that is special in some way
B53: Unhighlight | C53: 100 | E53: And one that isn't anymore
A55: Number styles
A56: Use these styles to consistently format numbers (and dates)
A57: NB All number styles use the decimal symbol and digit grouping symbol (thousands separator) defined under Regional Options in Control Panel. So if you want to change them do it there, and not here in Excel !
A58: NB Most number styles leave space for a ')' to the right of the number, but only the Currency styles actually use '(…)' for negatives
C60: Number | D60: Number (2dp) | E60: Percentage | F60: Percentage (2dp) | G60: Currency | H60: Currency (2dp) | I60: Comma | J60: Percent
B61: Positive | C61: 1234.56 | D61: 123.45 | E61: 0.1234 | F61: 0.1234 | G61: 1234.56 | H61: 123.45 | I61: 1234.56 | J61: 0.1234
B62: Negative | C62: -1234.56 | D62: -123.45 | E62: -0.1234 | F62: -0.1234 | G62: -1234.56 | H62: -123.45 | I62: -1234.56 | J62: -0.1234
B63: Zero | C63: 0 | D63: 0 | E63: 0 | F63: 0 | G63: 0 | H63: 0 | I63: 0 | J63: 0
B64: Text | C64: Text | D64: Text | E64: Text | F64: Text | G64: Text | H64: Text | I64: Text | J64: Text
C66: Currency EUR | D66: Currency EUR (2dp) | E66: Currency Euro | F66: Currency Euro (2dp)
B67: Positive | C67: 1234.56 | D67: 123.45 | E67: 1234.56 | F67: 123.45
B68: Negative | C68: -1234.56 | D68: -123.45 | E68: -1234.56 | F68: -123.45
B69: Zero | C69: 0 | D69: 0 | E69: 0 | F69: 0
B70: Text | C70: Text | D70: Text | E70: Text | F70: Text
C72: Currency USD | D72: Currency USD (2dp) | E72: Currency Dollar | F72: Currency Dollar (2dp)
B73: Positive | C73: 1234.56 | D73: 123.45 | E73: 1234.56 | F73: 123.45
B74: Negative | C74: -1234.56 | D74: -123.45 | E74: -1234.56 | F74: -123.45
B75: Zero | C75: 0 | D75: 0 | E75: 0 | F75: 0
B76: Text | C76: Text | D76: Text | E76: Text | F76: Text
C78: Currency GBP | D78: Currency GBP (2dp) | E78: Currency Pound | F78: Currency Pound (2dp)
B79: Positive | C79: 1234.56 | D79: 123.45 | E79: 1234.56 | F79: 123.45
B80: Negative | C80: -1234.56 | D80: -123.45 | E80: -1234.56 | F80: -123.45
B81: Zero | C81: 0 | D81: 0 | E81: 0 | F81: 0
B82: Text | C82: Text | D82: Text | E82: Text | F82: Text
C84: Date | D84: Date (Month) | E84: Date (Year)
B85: Date | C85: 37591 | D85: 37591 | E85: 37591
A87: Heading styles
A88: Use these styles to format headings
A89: NB These styles change only the font used in a cell
B91: H0 | C91: Sheet title | E91: Heading level 0
B93: H1 | C93: Title | E93: Heading level 1
B95: H2 | C95: Title | E95: Heading level 2
B97: H3 | C97: Title | E97: Heading level 3
B99: H4 | C99: Title | E99: Heading level 4
A101: Table styles
A102: Use these styles to consistently format tables
A103: NB These styles change a variety of different aspects of cell formatting (as appropriate to the context)
A105: A simple table
B106: Column label (left aligned) | C106: Column label | D106: Column label | E106: Column label | F106: Column label
B107: Row label
B108: Row label
B109: Row label
B110: (Table finish row)
A112: A more complex table
D113: Column label (no wrap) | F113: Column label (no wrap)
B114: Column label (left aligned) | C114: Column label (not bold) | D114: Column label | E114: Column label | F114: Column label | G114: Column label
B115: Row label | D115: (Table unshading) | F115: (Table shading)
B116: Row label (indent)
B117: Sub-total row
B118: Total row
A121: Examples of use
A122: NB To avoid having spurious names in this template the names shown below have not actually been created
A124: Number of subscribers (year end)
B125: Service | C125: Units | D125: Notes | E125: 2000 | F125: 2001 | G125: 2002 | H125: 2003 | I125: Subscribers.Year End.By Service
B126: Dial-up | C126: Subscribers | D126: Linear interpolation | E126: 1000000 | F126: =E126+($H126-$E126)/3 -> 1000000 | G126: =F126+($H126-$E126)/3 -> 1000000 | H126: 1000000
B127: ADSL | C127: Subscribers | D127: Linear interpolation | E127: 100000 | F127: =E127+($H127-$E127)/3 -> 133333.33 | G127: =F127+($H127-$E127)/3 -> 166666.67 | H127: 200000
B128: Cable Modem | C128: Subscribers | D128: Linear interpolation | E128: 50000 | F128: =E128+($H128-$E128)/3 -> 100000 | G128: =F128+($H128-$E128)/3 -> 150000 | H128: 200000
B129: Total | C129: Subscribers | E129: =SUM(E126:E128) -> 1150000 | F129: =SUM(F126:F128) -> 1233333.3 | G129: =SUM(G126:G128) -> 1316666.7 | H129: =SUM(H126:H128) -> 1400000
A131: Number of subscribers (year end)
B132: Service | C132: Units | D132: Notes | E132: 2000 | F132: 2001 | G132: 2002 | H132: 2003
B133: Dial-up | C133: Subscribers | D133: From above | E133: {=$E$126:$H$128} -> 1000000 | F133: 1000000 | G133: 1000000 | H133: 1000000
B134: ADSL | C134: Subscribers | D134: From above | E134: 100000 | F134: 133333.33 | G134: 166666.67 | H134: 200000
B135: Cable Modem | C135: Subscribers | D135: From Cable_modem.xls | E135: 50000 | F135: 100000 | G135: 150000 | H135: 200000
B136: Total | C136: Subscribers | E136: =SUM(E133:E135) -> 1150000 | F136: =SUM(F133:F135) -> 1233333.3 | G136: =SUM(G133:G135) -> 1316666.7 | H136: =SUM(H133:H135) -> 1400000
A139: Number of subscribers (simple year average)
B140: Service | C140: Units | D140: Notes | E140: 2000 | F140: 2001 | G140: 2002 | H140: 2003
B141: Dial-up | C141: Subscribers | F141: =(F133+E133)/2 -> 1000000 | G141: =(G133+F133)/2 -> 1000000 | H141: =(H133+G133)/2 -> 1000000
B142: ADSL | C142: Subscribers | F142: =(F134+E134)/2 -> 116666.67 | G142: =(G134+F134)/2 -> 150000 | H142: =(H134+G134)/2 -> 183333.33
...

Sheet Listas
C1: Listas
B3: Años | D3: # | E3: Nombres de planes y paquetes principales | G3: # | H3: Nombres de planes y paquetes que ofrecen banda ancha | J3: # | K3: Nombres de planes y paquetes que ofrecen telefonía fija | M3: # | N3: Nombres de planes y paquetes que ofrecen banda ancha single play | P3: # | Q3: Nombres de planes y paquetes que ofrecen telefonía fija single play | S3: Factor conversion (1 Mbps a Kbps)
B4: 2018 | D4: 1 | E4: Renta Mensual de la Línea Residencial | G4: 1 | H4: Paquete 249 | J4: 1 | K4: Renta Mensual de la Línea Residencial | M4: 1 | N4: Infinitum 279 | P4: 1 | Q4: Renta Mensual de la Línea Residencial | S4: 1024
B5: =1+B4 -> 2019 | D5: =1+D4 -> 2 | E5: Renta Mensual de la Línea Comercial | G5: =G4+1 -> 2 | H5: Paquete 289 | J5: =1+J4 -> 2 | K5: Renta Mensual de la Línea Comercial | M5: =1+M4 -> 2 | N5: Infinitum 299 R | P5: 2 | Q5: Renta Mensual de la Línea Comercial | S5: factor.Mbps.to.Kbps | V5: Listado banda ancha
B6: =1+B5 -> 2020 | D6: =1+D5 -> 3 | E6: Paquete 249 | G6: =G5+1 -> 3 | H6: Paquete 333 | J6: =1+J5 -> 3 | K6: Paquete 249 | M6: =1+M5 -> 3 | N6: Infinitum 349 | Q6: vector.telephony.plans.singleplay.names | V6: Banda ancha
B7: =1+B6 -> 2021 | D7: =1+D6 -> 4 | E7: Paquete 289 | G7: =G6+1 -> 4 | H7: Paquete 389 | J7: =1+J6 -> 4 | K7: Paquete 289 | M7: =1+M6 -> 4 | N7: Infinitum 399 | V7: Banda ancha menor
B8: =1+B7 -> 2022 | D8: =1+D7 -> 5 | E8: Paquete 333 | G8: =G7+1 -> 5 | H8: Paquete 435 | J8: =1+J7 -> 5 | K8: Paquete 333 | M8: =1+M7 -> 5 | N8: Infinitum 449
B9: =1+B8 -> 2023 | D9: =1+D8 -> 6 | E9: Paquete 389 | G9: =G8+1 -> 6 | H9: Paquete 499 | J9: =1+J8 -> 6 | K9: Paquete 389 | M9: =1+M8 -> 6 | N9: Infinitum 499
B10: =1+B9 -> 2024 | D10: =1+D9 -> 7 | E10: Paquete 435 | G10: =G9+1 -> 7 | H10: Paquete 599 | J10: =1+J9 -> 7 | K10: Paquete 435 | M10: =1+M9 -> 7 | N10: Infinitum 549
B11: =1+B10 -> 2025 | D11: =1+D10 -> 8 | E11: Paquete 499 | G11: =G10+1 -> 8 | H11: Paquete 649 | J11: =1+J10 -> 8 | K11: Paquete 499 | M11: =1+M10 -> 8 | N11: Infinitum 649
B12: Years | D12: =1+D11 -> 9 | E12: Paquete 599 | G12: =G11+1 -> 9 | H12: Paquetre 725 | J12: =1+J11 -> 9 | K12: Paquete 599 | M12: =1+M11 -> 9 | N12: Infinitum 899
D13: =1+D12 -> 10 | E13: Paquete 649 | G13: =G12+1 -> 10 | H13: Paquete Infinitum 999 | J13: =1+J12 -> 10 | K13: Paquete 649 | M13: =1+M12 -> 10 | N13: Infinitum 299 N
D14: =1+D13 -> 11 | E14: Paquetre 725 | G14: =G13+1 -> 11 | H14: Paquete 1399 | J14: =1+J13 -> 11 | K14: Paquetre 725 | M14: =1+M13 -> 11 | N14: Infinitum Negocio 349
D15: =1+D14 -> 12 | E15: Paquete Infinitum 999 | G15: =G14+1 -> 12 | H15: Infinitum 279 | J15: =1+J14 -> 12 | K15: Paquete Infinitum 999 | M15: =1+M14 -> 12 | N15: Infinitum Negocio 399
D16: =1+D15 -> 13 | E16: Paquete 1399 | G16: =G15+1 -> 13 | H16: Infinitum 299 R | J16: =1+J15 -> 13 | K16: Paquete 1399 | M16: =1+M15 -> 13 | N16: Infinitum Negocio 449
D17: =1+D16 -> 14 | E17: Infinitum 279 | G17: =G16+1 -> 14 | H17: Infinitum 349 | J17: =1+J16 -> 14 | K17: Paquete Conectes Negocio | M17: =1+M16 -> 14 | N17: Infinitum Negocio 499
D18: =1+D17 -> 15 | E18: Infinitum 299 R | G18: =G17+1 -> 15 | H18: Infinitum 399 | J18: =1+J17 -> 15 | K18: Paquete Mi Negocio | M18: =1+M17 -> 15 | N18: Infinitum Negocio 549
D19: =1+D18 -> 16 | E19: Infinitum 349 | G19: =G18+1 -> 16 | H19: Infinitum 449 | J19: =1+J18 -> 16 | K19: Paquete Negocio 649 | M19: =1+M18 -> 16 | N19: Infinitum Negocio 649
D20: =1+D19 -> 17 | E20: Infinitum 399 | G20: =G19+1 -> 17 | H20: Infinitum 499 | J20: =1+J19 -> 17 | K20: Paquete Supernegocio | M20: =1+M19 -> 17 | N20: Infinitum Negocio 899
D21: =1+D20 -> 18 | E21: Infinitum 449 | G21: =G20+1 -> 18 | H21: Infinitum 549 | J21: =1+J20 -> 18 | K21: Paquete Negocio 999 | M21: =1+M20 -> 18 | N21: Infinitum Negocio
D22: =1+D21 -> 19 | E22: Infinitum 499 | G22: =G21+1 -> 19 | H22: Infinitum 649 | J22: =1+J21 -> 19 | K22: Paquete Telmex Negocio Ilimitado 1 | M22: =1+M21 -> 19 | N22: Infinitum Negocio Red
D23: =1+D22 -> 20 | E23: Infinitum 549 | G23: =G22+1 -> 20 | H23: Infinitum 899 | J23: =1+J22 -> 20 | K23: Paquete Telmex Negocio Ilimitado 2 | M23: =1+M22 -> 20 | N23: Infinitum Negocio Premium
D24: =1+D23 -> 21 | E24: Infinitum 649 | G24: =G23+1 -> 21 | H24: Paquete Conectes Negocio | J24: =1+J23 -> 21 | K24: Paquete Telmex Negocio Ilimitado 3 | N24: vector.broadband.plans.singleplay.names
D25: =1+D24 -> 22 | E25: Infinitum 899 | G25: =G24+1 -> 22 | H25: Paquete Mi Negocio | K25: vector.telephony.plans.names
D26: =1+D25 -> 23 | E26: Paquete Conectes Negocio | G26: =G25+1 -> 23 | H26: Paquete Negocio 649
D27: =1+D26 -> 24 | E27: Paquete Mi Negocio | G27: =G26+1 -> 24 | H27: Paquete Supernegocio
D28: =1+D27 -> 25 | E28: Paquete Negocio 649 | G28: =G27+1 -> 25 | H28: Paquete Negocio 999
D29: =1+D28 -> 26 | E29: Paquete Supernegocio | G29: =G28+1 -> 26 | H29: Paquete Telmex Negocio Ilimitado 1
D30: =1+D29 -> 27 | E30: Paquete Negocio 999 | G30: =G29+1 -> 27 | H30: Paquete Telmex Negocio Ilimitado 2
D31: =1+D30 -> 28 | E31: Paquete Telmex Negocio Ilimitado 1 | G31: =G30+1 -> 28 | H31: Paquete Telmex Negocio Ilimitado 3
D32: =1+D31 -> 29 | E32: Paquete Telmex Negocio Ilimitado 2 | G32: =G31+1 -> 29 | H32: Infinitum 299 N
D33: =1+D32 -> 30 | E33: Paquete Telmex Negocio Ilimitado 3 | G33: =G32+1 -> 30 | H33: Infinitum Negocio 349
D34: =1+D33 -> 31 | E34: Infinitum 299 N | G34: =G33+1 -> 31 | H34: Infinitum Negocio 399
D35: =1+D34 -> 32 | E35: Infinitum Negocio 349 | G35: =G34+1 -> 32 | H35: Infinitum Negocio 449
D36: =1+D35 -> 33 | E36: Infinitum Negocio 399 | G36: =G35+1 -> 33 | H36: Infinitum Negocio 499
D37: =1+D36 -> 34 | E37: Infinitum Negocio 449 | G37: =G36+1 -> 34 | H37: Infinitum Negocio 549
... D42: =1+D41 -> 39 | E42: Infinitum Negocio | G42: =G41+1 -> 39 | H42: Infinitum Negocio Premium
D43: =1+D42 -> 40 | E43: Infinitum Negocio Red | H43: vector.broadband.plans.names
D44: =1+D43 -> 41 | E44: Infinitum Negocio Premium
E45: vector.plans.names

Sheet Control
C1: Control
D2: Concepto | H2: Unidad | J2: Nombre | L2: Notas
A3: 1 | B3: Año de referencia
C5: 1 | D5: Año de referencia para el que se realizan las estimaciones
D6: Año de referencia | H6: año | I6: 2025 | J6: Year.selected
A8: 2 | B8: Parámetros asociados a costos de los servicios
C10: 1 | D10: Relacionados a la captación de usuarios
D11: Índice de rotación (Churn) | H11: % | I11: 0.013326667 | J11: Line.rental.churn | L11: Fuente: Promedio 2021-2025, a partir del requerimiento de información Telmex /Telnor
C13: =C10+1 -> 2 | D13: Costos de facturación (incluyendo el sistema de facturación a clientes minoristas)
D14: Costos de facturación (incluyendo el sistema de facturación a clientes minoristas) sobre el total de ingresos | H14: % | I14: 0.040548338 | J14: Billing.cost | L14: Fuente: Promedio 2020-2024, a partir del monto calculado entre los de los costos de facturación reportados por Telmex y Telnory los ingresos por facturación de los servicios.
C16: =C13+1 -> 3 | D16: Asociados a deuda incobrable
D17: Deuda incobrable sobre el total de ingresos | H17: % | I17: 0.019334574 | J17: Bad.debt.cost | L17: Fuente: El valor estimado fue calculado a partir de la revisión de la Separación Contable para 2019 a 2023. Por lo cual se sumaron las cuentas de incobrabilidad respecto a sus ingresos operativos en cada ejercicio.
C19: =C16+1 -> 4 | D19: Marketing y publicidad
D20: Costos de ventas y marketing por suscriptor bruto adicional
D21: para servicios de voz | H21: MXN / Suscriptor bruto adicional | I21: 0 | J21: Marketing.and.sales.per.gross.add.line.rental | L21: Se asume cero, bajo la premisa de los operadores se publicitan para captar suscriptores de banda ancha, no suscriptores sólo de voz fija
D22: para servicios de banda ancha | H22: MXN / Suscriptor bruto adicional | I22: 1800 | J22: Marketing.and.sales.per.gross.add.broadband
D24: Gasto mínimo en marketing en ventas sobre el total de ingresos
D25: para servicios de voz | H25: % | I25: 0 | J25: Marketing.and.sales.minimum.proportion.line.rental | L25: Se asume cero, bajo la premisa de los operadores se publicitan para captar suscriptores de banda ancha, no suscriptores sólo de voz fija
D26: para servicios de banda ancha | H26: % | I26: 0.064572527 | J26: Marketing.and.sales.minimum.proportion.broadband | L26: Fuente: El valor se actualizó con el porcentaje de las cuentas de publicidad respecto a los ingresos de banda ancha de separación contable 2019-2022.
C28: =C19+1 -> 5 | D28: Atención al cliente minorista (incluyendo asistencia técnica de primera línea)
D29: Número promedio de suscriptores atendidos por empleado:
D30: para servicios de banda ancha | H30: # Suscriptor / empleado | I30: 944.74651 | J30: Customer.care.broadbandsubscriber.per.staff | L30: El índice menor de fallas por línea sólo de voz que para líneas de banda ancha (hay menos equipos que pueden fallar) y es menos probable que las fallas sean percibidas por los usuarios (la duración diaria de uso de una línea para llamadas de voz es mucho menor que para banda ancha)
D31: para servicios de voz | H31: # Suscriptor / empleado | I31: =I30*5 -> 4723.7325 | J31: Customer.care.line.rental.per.staff
L32: Incrementos de revisiones salariales Sindicato de Telefonistas de la República Mexicana
D33: Costo mensual por empleado dedicado a la atención del cliente minorista | H33: MXN / empleado | I33: =I34*(1+N41) -> 17763.929 | J33: Monthly.cost.per.staff | L33: 42850 | M33: % | N33: 0.059 | P33: Fuente: Telmex
I34: 16998.975 | L34: 43215 | M34: % | N34: 0.059 | P34: Fuente: Telmex: 4.5% incremento salarial y 1.5% prestaciones
L35: 43581 | M35: % | N35: =0.04+0.0112 -> 0.0512 | P35: Fuente: Telmex 4% incremento salarial y 1.12% prestaciones
L36: 44075 | N36: =0.035+0.01 -> 0.045 | P36: Fuente: Telmex incremento salarial de 3.5% y 1% prestaciones
L37: 44337 | M37: % | N37: =3.4%+0.8% -> 0.042 | P37: Fuente: Telmex incremento salarial de 3.4% y 0.8% prestaciones
L38: 44734 | M38: % | N38: 0.045 | P38: Fuente: Telmex incremento salarial https://www.gob.mx/stps/prensa/con-el-dialogo-impulsado-por-la-stps-sindicato-de-telefonistas-y-telmex-logran-acuerdo?idiom=es#:%7E:text=Las%20partes%20acordaron%20la%20revisi%C3%B3n,50.50%20pesos%20diarios%2C%20m%C3%A1s%201.1026%25
L39: 45082 | M39: % | N39: 0.056 | P39: Fuente: Telmex ncremento salarial https://www.gob.mx/stps/prensa/con-la-mediacion-de-la-stps-y-el-cfcrl-telmex-y-el-sindicato-de-telefonistas-alcanzan-acuerdo?idiom=es
L40: 45474 | M40: % | N40: 0.051 | P40: Fuente: Telmex incremento salarial. https://portal.strm.cloud/documentos/CircularUltimaPropuestaRevision2024.pdf
L41: 45838 | N41: 0.045 | P41: Fuente: Cuadro de justificaciones CP ORCI EM 2026. https://www.ift.org.mx/sites/default/files/industria/temasrelevantes/27420/documentos/orciem2026.zip
C42: =C28+1 -> 6 | D42: Costos generales y administrativos
D43: Superficie de suelo usada por empleado | H43: m2 / empleado | I43: 10 | J43: Floorspace.per.staff | L43: Fuente: AEP. Datos promedio de 2019-2023.
D45: Costos de alquiler de oficinas (por metro cuadrado al mes) | H45: MXN / Mes / m2 | I45: 791 | J45: Rent.per.sqm | L45: Fuente: AEP. Datos promedio de 2019-2023.
D47: Personal administrativo (incluyendo personal de marketing y ventas) por empleado de atención al cliente | H47: % | I47: 0.1293 | J47: Admin.staff.per.customer.care.staff | L47: Fuente: AEP. Datos promedio de 2019-2023.
D49: Costos administrativos sobre el total de ingresos (incluye personal de soporte IT, recursos humanos, estrategia, finanzas, etc.) | H49: % | I49: 0.0175 | J49: Admin.costs | L49: Fuente: AEP. Datos promedio considerados en la separación contable de 2019-2022.
C51: =C42+1 -> 7 | D51: Margen de beneficios sobre costos evitados
D52: Margen de beneficios sobre costos evitados | H52: % | I52: 0.1097 | J52: Retail.profit | L52: Fuente: CCPP. Condiciones técnicas mínimas de interconexión 2025.
A54: 3 | B54: Otros parámetros relevantes
C56: 1 | D56: Periodo de retención de cliente
D57: Periodo de retención de cliente | H57: años | I57: 5 | J57: years.client.retention | L57: Fuente: Telmex/Telnor
C59: =1+C56 -> 2 | D59: Representación del valor promedio del medio de transmisión en el componente de voz sobre cobre y en fibra óptica
D60: Bucle local de cobre | H60: MXN / Mes | I60: 92.492616 | J60: local.loop.cooper | L60: Fuente: Estimaciones a partir de Modelo Integral de Red de Acceso Fijo (LLU Full sin costos de caseta y alojamiento
D62: Bucle local de fibra óptica | H62: MXN / Mes | I62: 102.50667 | J62: local.loop.optical.fiber | L62: Fuente: Estimaciones a partir de Modelo Integral de Red de Acceso Fijo
C64: =1+C59 -> 3 | D64: Claro video
D65: Renta mensual, sin impuestos | H65: MXN / Mes | I65: =1149/12/(1+16%) -> 82.543103 | J65: clarovideo.rental.without.taxes | L65: Fuente: Estimación IFT, a partir de precios en página de Claro video
L66: https://www.clarovideo.com/fe/sitesplus/sk_telmex/html/esp/faqs.html
C67: =1+C64 -> 4 | D67: Parámetro de reposición de equipos terminales
D68: =D67 -> Parámetro de reposición de equipos terminales | H68: % | I68: 0.002 | J68: equipo.terminal.parameter
B71: Fin

Sheet Mercado
C1: Mercado
C2: Concepto | H2: Unidad | I2: {=TRANSPOSE(Years)} -> 2018 | J2: 2019 | K2: 2020 | L2: 2021 | M2: 2022 | N2: 2023 | O2: 2024 | P2: 2025 | R2: Nombre | T2: Notas
A3: 1 | B3: Banda ancha fija
B5: 1.1 | C5: Datos de mercado de banda ancha fija
C7: Suscripciones de banda ancha fija
C8: Suscripciones de banda ancha fija, residenciales y no residenciales del mercado | H8: # suscripciones | O8: 25317388 | P8: 27283980 | R8: Broadbad.suscriptions.market | T8: Fuente: Banco de Información de Telecomunicaciones, IFT (https://bit.ift.org.mx/BitWebApp/)
C10: Suscripciones de banda ancha fija, residenciales y no residenciales del AEP | H10: # suscripciones | O10: 10488966 | P10: 11077440 | R10: Broadbad.suscriptions.AEP | T10: Fuente: Banco de Información de Telecomunicaciones, IFT (https://bit.ift.org.mx/BitWebApp/)
C12: Cuota de Mercado del AEP
C13: % de suscripciones residenciales y no residenciales del AEP | H13: % respecto a total de suscripciones del mercado | I13: =IFERROR(I10/I8,"") | J13: =IFERROR(J10/J8,"") | K13: =IFERROR(K10/K8,"") | L13: =IFERROR(L10/L8,"") | M13: =IFERROR(M10/M8,"") | N13: =IFERROR(N10/N8,"") | O13: =IFERROR(O10/O8,"") -> 0.4142989 | P13: =IFERROR(P10/P8,"") -> 0.40600528 | R13: Broadbad.suscriptions.market.share.AEP | T13: Fuente: Banco de Información de Telecomunicaciones, IFT (https://bit.ift.org.mx/BitWebApp/)
B15: 1.2 | C15: Distribución de suscriptores del AEP
C17: Distribución porcentual de suscriptores del AEP por plan/paquete a través se ofrecen servicios de banda ancha fija
L18: 5 | M18: 8 | N18: 10 | O18: 9 | P18: 13
E19: Nombre de plan/paquete | F19: Modalidad | G19: Tipo de Servicio | H19: Unidad | I19: {=TRANSPOSE(Years)} -> 2018 | J19: 2019 | K19: 2020 | L19: 2021 | M19: 2022 | N19: 2023 | O19: 2024 | P19: 2025 | R19: Nombre | T19: Notas
I20: =SUM(I21:I54) -> 0 | J20: =SUM(J21:J54) -> 0 | K20: =SUM(K21:K54) -> 0 | L20: =SUM(L21:L54) -> 0 | M20: =SUM(M21:M54) -> 0 | N20: =SUM(N21:N54) -> 0 | O20: =SUM(O21:O59) -> 1 | P20: =SUM(P21:P59) -> 1
C21: =E21&F21 -> Paquete 249Residencial | D21: 1 | E21: {=vector.broadband.plans.names} -> Paquete 249 | F21: =IFERROR(VLOOKUP($E21,'Planes y paquetes'!$C$391:$G$432,2,FALSE),"") -> Residencial | G21: =IFERROR(VLOOKUP($E21,'Planes y paquetes'!$C$391:$G$432,3,FALSE),"") -> Telefonía fija + Internet fijo | H21: % | O21: =IFERROR(VLOOKUP($E21&$F21,'Planes y paquetes'!$A$482:$M$520,O$18,FALSE),0)/(SUMIFS('Planes y paquetes'!$I$482:$I$520,'Planes y paquetes'!$E$482:$E$520,"Telefonía fija + Internet fijo")+SUMIFS('Planes y paquetes'!$I$482:$I$520,'Planes y paquetes'!$E$482:$E$520,"Internet fijo")) -> 0.014785727 | P21: =IFERROR(VLOOKUP($E21&$F21,'Planes y paquetes'!$A$482:$M$520,P$18,FALSE),0)/(SUMIFS('Planes y paquetes'!$M$482:$M$520,'Planes y paquetes'!$E$482:$E$520,"Telefonía fija + Internet fijo")+SUMIFS('Planes y paquetes'!$M$482:$M$520,'Planes y paquetes'!$E$482:$E$520,"Internet fijo")) -> 0.018212856 | T21: Fuente: Estimaciones IFT, a partir de datos AEP
C22: =E22&F22 -> Paquete 289Residencial | D22: =1+D21 -> 2 | E22: Paquete 289 | F22: =IFERROR(VLOOKUP($E22,'Planes y paquetes'!$C$391:$G$432,2,FALSE),"") -> Residencial | G22: =IFERROR(VLOOKUP($E22,'Planes y paquetes'!$C$391:$G$432,3,FALSE),"") -> Telefonía fija + Internet fijo | H22: % | O22: =IFERROR(VLOOKUP($E22&$F22,'Planes y paquetes'!$A$482:$M$520,O$18,FALSE),0)/(SUMIFS('Planes y paquetes'!$I$482:$I$520,'Planes y paquetes'!$E$482:$E$520,"Telefonía fija + Internet fijo")+SUMIFS('Planes y paquetes'!$I$482:$I$520,'Planes y paquetes'!$E$482:$E$520,"Internet fijo")) -> 0.0043680323 | P22: =IFERROR(VLOOKUP($E22&$F22,'Planes y paquetes'!$A$482:$M$520,P$18,FALSE),0)/(SUMIFS('Planes y paquetes'!$M$482:$M$520,'Planes y paquetes'!$E$482:$E$520,"Telefonía fija + Internet fijo")+SUMIFS('Planes y paquetes'!$M$482:$M$520,'Planes y paquetes'!$E$482:$E$520,"Internet fijo")) -> 0.0044578413 | T22: Fuente: Estimaciones IFT, a partir de datos AEP
C23: =E23&F23 -> Paquete 333Residencial | D23: =1+D22 -> 3 | E23: Paquete 333 | F23: =IFERROR(VLOOKUP($E23,'Planes y paquetes'!$C$391:$G$432,2,FALSE),"") -> Residencial | G23: =IFERROR(VLOOKUP($E23,'Planes y paquetes'!$C$391:$G$432,3,FALSE),"") -> Telefonía fija + Internet fijo | H23: % | O23: =IFERROR(VLOOKUP($E23&$F23,'Planes y paquetes'!$A$482:$M$520,O$18,FALSE),0)/(SUMIFS('Planes y paquetes'!$I$482:$I$520,'Planes y paquetes'!$E$482:$E$520,"Telefonía fija + Internet fijo")+SUMIFS('Planes y paquetes'!$I$482:$I$520,'Planes y paquetes'!$E$482:$E$520,"Internet fijo")) -> 0.0063408923 | P23: =IFERROR(VLOOKUP($E23&$F23,'Planes y paquetes'!$A$482:$M$520,P$18,FALSE),0)/(SUMIFS('Planes y paquetes'!$M$482:$M$520,'Planes y paquetes'!$E$482:$E$520,"Telefonía fija + Internet fijo")+SUMIFS('Planes y paquetes'!$M$482:$M$520,'Planes y paquetes'!$E$482:$E$520,"Internet fijo")) -> 0.0060188654 | T23: Fuente: Estimaciones IFT, a partir de datos AEP
C24: =E24&F24 -> Paquete 389Residencial | D24: =1+D23 -> 4 | E24: Paquete 389 | F24: =IFERROR(VLOOKUP($E24,'Planes y paquetes'!$C$391:$G$432,2,FALSE),"") -> Residencial | G24: =IFERROR(VLOOKUP($E24,'Planes y paquetes'!$C$391:$G$432,3,FALSE),"") -> Telefonía fija + Internet fijo | H24: % | O24: =IFERROR(VLOOKUP($E24&$F24,'Planes y paquetes'!$A$482:$M$520,O$18,FALSE),0)/(SUMIFS('Planes y paquetes'!$I$482:$I$520,'Planes y paquetes'!$E$482:$E$520,"Telefonía fija + Internet fijo")+SUMIFS('Planes y paquetes'!$I$482:$I$520,'Planes y paquetes'!$E$482:$E$520,"Internet fijo")) -> 0.47359473 | P24: =IFERROR(VLOOKUP($E24&$F24,'Planes y paquetes'!$A$482:$M$520,P$18,FALSE),0)/(SUMIFS('Planes y paquetes'!$M$482:$M$520,'Planes y paquetes'!$E$482:$E$520,"Telefonía fija + Internet fijo")+SUMIFS('Planes y paquetes'!$M$482:$M$520,'Planes y paquetes'!$E$482:$E$520,"Internet fijo")) -> 0.44509508 | T24: Fuente: Estimaciones IFT, a partir de datos AEP
C25: =E25&F25 -> Paquete 435Residencial | D25: =1+D24 -> 5 | E25: Paquete 435 | F25: =IFERROR(VLOOKUP($E25,'Planes y paquetes'!$C$391:$G$432,2,FALSE),"") -> Residencial | G25: =IFERROR(VLOOKUP($E25,'Planes y paquetes'!$C$391:$G$432,3,FALSE),"") -> Telefonía fija + Internet fijo | H25: % | O25: =IFERROR(VLOOKUP($E25&$F25,'Planes y paquetes'!$A$482:$M$520,O$18,FALSE),0)/(SUMIFS('Planes y paquetes'!$I$482:$I$520,'Planes y paquetes'!$E$482:$E$520,"Telefonía fija + Internet fijo")+SUMIFS('Planes y paquetes'!$I$482:$I$520,'Planes y paquetes'!$E$482:$E$520,"Internet fijo")) -> 0.018604671 | P25: =IFERROR(VLOOKUP($E25&$F25,'Planes y paquetes'!$A$482:$M$520,P$18,FALSE),0)/(SUMIFS('Planes y paquetes'!$M$482:$M$520,'Planes y paquetes'!$E$482:$E$520,"Telefonía fija + Internet fijo")+SUMIFS('Planes y paquetes'!$M$482:$M$520,'Planes y paquetes'!$E$482:$E$520,"Internet fijo")) -> 0.024192037 | T25: Fuente: Estimaciones IFT, a partir de datos AEP
C26: =E26&F26 -> Paquete 499Residencial | D26: =1+D25 -> 6 | E26: Paquete 499 | F26: =IFERROR(VLOOKUP($E26,'Planes y paquetes'!$C$391:$G$432,2,FALSE),"") -> Residencial | G26: =IFERROR(VLOOKUP($E26,'Planes y paquetes'!$C$391:$G$432,3,FALSE),"") -> Telefonía fija + Internet fijo | H26: % | O26: =IFERROR(VLOOKUP($E26&$F26,'Planes y paquetes'!$A$482:$M$520,O$18,FALSE),0)/(SUMIFS('Planes y paquetes'!$I$482:$I$520,'Planes y paquetes'!$E$482:$E$520,"Telefonía fija + Internet fijo")+SUMIFS('Planes y paquetes'!$I$482:$I$520,'Planes y paquetes'!$E$482:$E$520,"Internet fijo")) -> 0.038760138 | P26: =IFERROR(VLOOKUP($E26&$F26,'Planes y paquetes'!$A$482:$M$520,P$18,FALSE),0)/(SUMIFS('Planes y paquetes'!$M$482:$M$520,'Planes y paquetes'!$E$482:$E$520,"Telefonía fija + Internet fijo")+SUMIFS('Planes y paquetes'!$M$482:$M$520,'Planes y paquetes'!$E$482:$E$520,"Internet fijo")) -> 0.036543112 | T26: Fuente: Estimaciones IFT, a partir de datos AEP
C27: =E27&F27 -> Paquete 599Residencial | D27: =1+D26 -> 7 | E27: Paquete 599 | F27: =IFERROR(VLOOKUP($E27,'Planes y paquetes'!$C$391:$G$432,2,FALSE),"") -> Residencial | G27: =IFERROR(VLOOKUP($E27,'Planes y paquetes'!$C$391:$G$432,3,FALSE),"") -> Telefonía fija + Internet fijo | H27: % | O27: =IFERROR(VLOOKUP($E27&$F27,'Planes y paquetes'!$A$482:$M$520,O$18,FALSE),0)/(SUMIFS('Planes y paquetes'!$I$482:$I$520,'Planes y paquetes'!$E$482:$E$520,"Telefonía fija + Internet fijo")+SUMIFS('Planes y paquetes'!$I$482:$I$520,'Planes y paquetes'!$E$482:$E$520,"Internet fijo")) -> 0.037621137 | P27: =IFERROR(VLOOKUP($E27&$F27,'Planes y paquetes'!$A$482:$M$520,P$18,FALSE),0)/(SUMIFS('Planes y paquetes'!$M$482:$M$520,'Planes y paquetes'!$E$482:$E$520,"Telefonía fija + Internet fijo")+SUMIFS('Planes y paquetes'!$M$482:$M$520,'Planes y paquetes'!$E$482:$E$520,"Internet fijo")) -> 0.028197024 | T27: Fuente: Estimaciones IFT, a partir de datos AEP
C28: =E28&F28 -> Paquete 649Residencial | D28: =1+D27 -> 8 | E28: Paquete 649 | F28: =IFERROR(VLOOKUP($E28,'Planes y paquetes'!$C$391:$G$432,2,FALSE),"") -> Residencial | G28: =IFERROR(VLOOKUP($E28,'Planes y paquetes'!$C$391:$G$432,3,FALSE),"") -> Telefonía fija + Internet fijo | H28: % | O28: =IFERROR(VLOOKUP($E28&$F28,'Planes y paquetes'!$A$482:$M$520,O$18,FALSE),0)/(SUMIFS('Planes y paquetes'!$I$482:$I$520,'Planes y paquetes'!$E$482:$E$520,"Telefonía fija + Internet fijo")+SUMIFS('Planes y paquetes'!$I$482:$I$520,'Planes y paquetes'!$E$482:$E$520,"Internet fijo")) -> 0.017240023 | P28: =IFERROR(VLOOKUP($E28&$F28,'Planes y paquetes'!$A$482:$M$520,P$18,FALSE),0)/(SUMIFS('Planes y paquetes'!$M$482:$M$520,'Planes y paquetes'!$E$482:$E$520,"Telefonía fija + Internet fijo")+SUMIFS('Planes y paquetes'!$M$482:$M$520,'Planes y paquetes'!$E$482:$E$520,"Internet fijo")) -> 0.021652042 | T28: Fuente: Estimaciones IFT, a partir de datos AEP
C29: =E29&F29 -> Paquetre 725Residencial | D29: =1+D28 -> 9 | E29: Paquetre 725 | F29: =IFERROR(VLOOKUP($E29,'Planes y paquetes'!$C$391:$G$432,2,FALSE),"") -> Residencial | G29: =IFERROR(VLOOKUP($E29,'Planes y paquetes'!$C$391:$G$432,3,FALSE),"") -> Telefonía fija + Internet fijo | H29: % | O29: =IFERROR(VLOOKUP($E29&$F29,'Planes y paquetes'!$A$482:$M$520,O$18,FALSE),0)/(SUMIFS('Planes y paquetes'!$I$482:$I$520,'Planes y paquetes'!$E$482:$E$520,"Telefonía fija + Internet fijo")+SUMIFS('Planes y paquetes'!$I$482:$I$520,'Planes y paquetes'!$E$482:$E$520,"Internet fijo")) -> 0.000786163 | P29: =IFERROR(VLOOKUP($E29&$F29,'Planes y paquetes'!$A$482:$M$520,P$18,FALSE),0)/(SUMIFS('Planes y paquetes'!$M$482:$M$520,'Planes y paquetes'!$E$482:$E$520,"Telefonía fija + Internet fijo")+SUMIFS('Planes y paquetes'!$M$482:$M$520,'Planes y paquetes'!$E$482:$E$520,"Internet fijo")) -> 0.0021632902 | T29: Fuente: Estimaciones IFT, a partir de datos AEP
C30: =E30&F30 -> Paquete Infinitum 999Residencial | D30: =1+D29 -> 10 | E30: Paquete Infinitum 999 | F30: =IFERROR(VLOOKUP($E30,'Planes y paquetes'!$C$391:$G$432,2,FALSE),"") -> Residencial | G30: =IFERROR(VLOOKUP($E30,'Planes y paquetes'!$C$391:$G$432,3,FALSE),"") -> Telefonía fija + Internet fijo | H30: % | O30: =IFERROR(VLOOKUP($E30&$F30,'Planes y paquetes'!$A$482:$M$520,O$18,FALSE),0)/(SUMIFS('Planes y paquetes'!$I$482:$I$520,'Planes y paquetes'!$E$482:$E$520,"Telefonía fija + Internet fijo")+SUMIFS('Planes y paquetes'!$I$482:$I$520,'Planes y paquetes'!$E$482:$E$520,"Internet fijo")) -> 0.0048075681 | P30: =IFERROR(VLOOKUP($E30&$F30,'Planes y paquetes'!$A$482:$M$520,P$18,FALSE),0)/(SUMIFS('Planes y paquetes'!$M$482:$M$520,'Planes y paquetes'!$E$482:$E$520,"Telefonía fija + Internet fijo")+SUMIFS('Planes y paquetes'!$M$482:$M$520,'Planes y paquetes'!$E$482:$E$520,"Internet fijo")) -> 0.0052263493 | T30: Fuente: Estimaciones IFT, a partir de datos AEP
C31: =E31&F31 -> Paquete 1399Residencial | D31: =1+D30 -> 11 | E31: Paquete 1399 | F31: =IFERROR(VLOOKUP($E31,'Planes y paquetes'!$C$391:$G$432,2,FALSE),"") -> Residencial | G31: =IFERROR(VLOOKUP($E31,'Planes y paquetes'!$C$391:$G$432,3,FALSE),"") -> Telefonía fija + Internet fijo | H31: % | O31: =IFERROR(VLOOKUP($E31&$F31,'Planes y paquetes'!$A$482:$M$520,O$18,FALSE),0)/(SUMIFS('Planes y paquetes'!$I$482:$I$520,'Planes y paquetes'!$E$482:$E$520,"Telefonía fija + Internet fijo")+SUMIFS('Planes y paquetes'!$I$482:$I$520,'Planes y paquetes'!$E$482:$E$520,"Internet fijo")) -> 0.0015540258 | P31: =IFERROR(VLOOKUP($E31&$F31,'Planes y paquetes'!$A$482:$M$520,P$18,FALSE),0)/(SUMIFS('Planes y paquetes'!$M$482:$M$520,'Planes y paquetes'!$E$482:$E$520,"Telefonía fija + Internet fijo")+SUMIFS('Planes y paquetes'!$M$482:$M$520,'Planes y paquetes'!$E$482:$E$520,"Internet fijo")) -> 0.0014324857 | T31: Fuente: Estimaciones IFT, a partir de datos AEP
C32: =E32&F32 -> Infinitum 279Residencial | D32: =1+D31 -> 12 | E32: Infinitum 279 | F32: =IFERROR(VLOOKUP($E32,'Planes y paquetes'!$C$391:$G$432,2,FALSE),"") -> Residencial | G32: =IFERROR(VLOOKUP($E32,'Planes y paquetes'!$C$391:$G$432,3,FALSE),"") -> Internet fijo | H32: % | O32: =IFERROR(VLOOKUP($E32&$F32,'Planes y paquetes'!$A$482:$M$520,O$18,FALSE),0)/(SUMIFS('Planes y paquetes'!$I$482:$I$520,'Planes y paquetes'!$E$482:$E$520,"Telefonía fija + Internet fijo")+SUMIFS('Planes y paquetes'!$I$482:$I$520,'Planes y paquetes'!$E$482:$E$520,"Internet fijo")) -> 0.0019632545 | P32: =IFERROR(VLOOKUP($E32&$F32,'Planes y paquetes'!$A$482:$M$520,P$18,FALSE),0)/(SUMIFS('Planes y paquetes'!$M$482:$M$520,'Planes y paquetes'!$E$482:$E$520,"Telefonía fija + Internet fijo")+SUMIFS('Planes y paquetes'!$M$482:$M$520,'Planes y paquetes'!$E$482:$E$520,"Internet fijo")) -> 0.0014240705 | T32: Fuente: Estimaciones IFT, a partir de datos AEP
C33: =E33&F33 -> Infinitum 299 RResidencial | D33: =1+D32 -> 13 | E33: Infinitum 299 R | F33: =IFERROR(VLOOKUP($E33,'Planes y paquetes'!$C$391:$G$432,2,FALSE),"") -> Residencial | G33: =IFERROR(VLOOKUP($E33,'Planes y paquetes'!$C$391:$G$432,3,FALSE),"") -> Internet fijo | H33: % | O33: =IFERROR(VLOOKUP($E33&$F33,'Planes y paquetes'!$A$482:$M$520,O$18,FALSE),0)/(SUMIFS('Planes y paquetes'!$I$482:$I$520,'Planes y paquetes'!$E$482:$E$520,"Telefonía fija + Internet fijo")+SUMIFS('Planes y paquetes'!$I$482:$I$520,'Planes y paquetes'!$E$482:$E$520,"Internet fijo")) -> 8.7774677e-06 | P33: =IFERROR(VLOOKUP($E33&$F33,'Planes y paquetes'!$A$482:$M$520,P$18,FALSE),0)/(SUMIFS('Planes y paquetes'!$M$482:$M$520,'Planes y paquetes'!$E$482:$E$520,"Telefonía fija + Internet fijo")+SUMIFS('Planes y paquetes'!$M$482:$M$520,'Planes y paquetes'!$E$482:$E$520,"Internet fijo")) -> 1.3365356e-05 | T33: Fuente: Estimaciones IFT, a partir de datos AEP
... C59: =E59&F59 -> Infinitum Negocio PremiumNo Residencial | D59: =1+D58 -> 39 | E59: Infinitum Negocio Premium | F59: =IFERROR(VLOOKUP($E59,'Planes y paquetes'!$C$391:$G$432,2,FALSE),"") -> No Residencial | G59: =IFERROR(VLOOKUP($E59,'Planes y paquetes'!$C$391:$G$432,3,FALSE),"") -> Internet fijo | H59: % | O59: =IFERROR(VLOOKUP($E59&$F59,'Planes y paquetes'!$A$482:$M$520,O$18,FALSE),0)/(SUMIFS('Planes y paquetes'!$I$482:$I$520,'Planes y paquetes'!$E$482:$E$520,"Telefonía fija + Internet fijo")+SUMIFS('Planes y paquetes'!$I$482:$I$520,'Planes y paquetes'!$E$482:$E$520,"Internet fijo")) -> 0.0010922979 | P59: =IFERROR(VLOOKUP($E59&$F59,'Planes y paquetes'!$A$482:$M$520,P$18,FALSE),0)/(SUMIFS('Planes y paquetes'!$M$482:$M$520,'Planes y paquetes'!$E$482:$E$520,"Telefonía fija + Internet fijo")+SUMIFS('Planes y paquetes'!$M$482:$M$520,'Planes y paquetes'!$E$482:$E$520,"Internet fijo")) -> 0.0007689205 | T59: Fuente: Estimaciones IFT, a partir de datos AEP
R60: AEP.broadband.distribution.by.plan
C63: Distribución suscriptores del AEP por plan/paquete a través se ofrecen servicios de banda ancha fija
E65: Nombre de plan/paquete | F65: Modalidad | G65: Tipo de Servicio | H65: Unidad | I65: {=TRANSPOSE(Years)} -> 2018 | J65: 2019 | K65: 2020 | L65: 2021 | M65: 2022 | N65: 2023 | O65: 2024 | P65: 2025 | R65: Nombre | T65: Notas
I66: =SUM(I67:I100) -> 0 | J66: =SUM(J67:J100) -> 0 | K66: =SUM(K67:K100) -> 0 | L66: =SUM(L67:L100) -> 0 | M66: =SUM(M67:M100) -> 0 | N66: =SUM(N67:N105) -> 0 | O66: =SUM(O67:O105) -> 10488966 | P66: =SUM(P67:P105) -> 11077440
C67: =E67&F67 -> Paquete 249Residencial | D67: 1 | E67: {=vector.broadband.plans.names} -> Paquete 249 | F67: =F21 -> Residencial | G67: =G21 -> Telefonía fija + Internet fijo | H67: # suscripciones | O67: =IFERROR(O$10*O21,"") -> 155086.99 | P67: =IFERROR(P$10*P21,"") -> 201751.81
C68: =E68&F68 -> Paquete 289Residencial | D68: =1+D67 -> 2 | E68: Paquete 289 | F68: =F22 -> Residencial | G68: =G22 -> Telefonía fija + Internet fijo | H68: # suscripciones | O68: =IFERROR(O$10*O22,"") -> 45816.142 | P68: =IFERROR(P$10*P22,"") -> 49381.47
C69: =E69&F69 -> Paquete 333Residencial | D69: =1+D68 -> 3 | E69: Paquete 333 | F69: =F23 -> Residencial | G69: =G23 -> Telefonía fija + Internet fijo | H69: # suscripciones | O69: =IFERROR(O$10*O23,"") -> 66509.404 | P69: =IFERROR(P$10*P23,"") -> 66673.621
C70: =E70&F70 -> Paquete 389Residencial | D70: =1+D69 -> 4 | E70: Paquete 389 | F70: =F24 -> Residencial | G70: =G24 -> Telefonía fija + Internet fijo | H70: # suscripciones | O70: =IFERROR(O$10*O24,"") -> 4967519 | P70: =IFERROR(P$10*P24,"") -> 4930514
C71: =E71&F71 -> Paquete 435Residencial | D71: =1+D70 -> 5 | E71: Paquete 435 | F71: =F25 -> Residencial | G71: =G25 -> Telefonía fija + Internet fijo | H71: # suscripciones | O71: =IFERROR(O$10*O25,"") -> 195143.76 | P71: =IFERROR(P$10*P25,"") -> 267985.84
C72: =E72&F72 -> Paquete 499Residencial | D72: =1+D71 -> 6 | E72: Paquete 499 | F72: =F26 -> Residencial | G72: =G26 -> Telefonía fija + Internet fijo | H72: # suscripciones | O72: =IFERROR(O$10*O26,"") -> 406553.77 | P72: =IFERROR(P$10*P26,"") -> 404804.13
C73: =E73&F73 -> Paquete 599Residencial | D73: =1+D72 -> 7 | E73: Paquete 599 | F73: =F27 -> Residencial | G73: =G27 -> Telefonía fija + Internet fijo | H73: # suscripciones | O73: =IFERROR(O$10*O27,"") -> 394606.83 | P73: =IFERROR(P$10*P27,"") -> 312350.84
C74: =E74&F74 -> Paquete 649Residencial | D74: =1+D73 -> 8 | E74: Paquete 649 | F74: =F28 -> Residencial | G74: =G28 -> Telefonía fija + Internet fijo | H74: # suscripciones | O74: =IFERROR(O$10*O28,"") -> 180830.02 | P74: =IFERROR(P$10*P28,"") -> 239849.2
C75: =E75&F75 -> Paquetre 725Residencial | D75: =1+D74 -> 9 | E75: Paquetre 725 | F75: =F29 -> Residencial | G75: =G29 -> Telefonía fija + Internet fijo | H75: # suscripciones | O75: =IFERROR(O$10*O29,"") -> 8246.037 | P75: =IFERROR(P$10*P29,"") -> 23963.717
C76: =E76&F76 -> Paquete Infinitum 999Residencial | D76: =1+D75 -> 10 | E76: Paquete Infinitum 999 | F76: =F30 -> Residencial | G76: =G30 -> Telefonía fija + Internet fijo | H76: # suscripciones | O76: =IFERROR(O$10*O30,"") -> 50426.418 | P76: =IFERROR(P$10*P30,"") -> 57894.571
C77: =E77&F77 -> Paquete 1399Residencial | D77: =1+D76 -> 11 | E77: Paquete 1399 | F77: =F31 -> Residencial | G77: =G31 -> Telefonía fija + Internet fijo | H77: # suscripciones | O77: =IFERROR(O$10*O31,"") -> 16300.124 | P77: =IFERROR(P$10*P31,"") -> 15868.274
C78: =E78&F78 -> Infinitum 279Residencial | D78: =1+D77 -> 12 | E78: Infinitum 279 | F78: =F32 -> Residencial | G78: =G32 -> Internet fijo | H78: # suscripciones | O78: =IFERROR(O$10*O32,"") -> 20592.51 | P78: =IFERROR(P$10*P32,"") -> 15775.055
C79: =E79&F79 -> Infinitum 299 RResidencial | D79: =1+D78 -> 13 | E79: Infinitum 299 R | F79: =F33 -> Residencial | G79: =G33 -> Internet fijo | H79: # suscripciones | O79: =IFERROR(O$10*O33,"") -> 92.06656 | P79: =IFERROR(P$10*P33,"") -> 148.05393
... C105: =E105&F105 -> Infinitum Negocio PremiumNo Residencial | D105: =1+D104 -> 39 | E105: Infinitum Negocio Premium | F105: =F59 -> No Residencial | G105: =G59 -> Internet fijo | H105: # suscripciones | O105: =IFERROR(O$10*O59,"") -> 11457.075 | P105: =IFERROR(P$10*P59,"") -> 8517.6707
R106: AEP.broadband.subs.by.plan
B108: 1.3 | C108: Resumen de suscripciones de banda ancha fija del AEP
C110: Suscripciones de banda ancha fija del AEP
C111: Residenciales | H111: # suscripciones | O111: =SUMIFS(O67:O105,$F$67:$F$105,"Residencial") -> 8960515.2 | P111: =SUMIFS(P67:P105,$F$67:$F$105,"Residencial") -> 9654703.9 | R111: AEP.broadband.subs.residential
C113: Residenciales en modalidad, que se proveen con servicios de voz (i.e. excluyendo banda ancha en modalidad single play) | H113: # suscripciones | O113: =O111-SUMIFS(O$67:O$105,$F$67:$F$105,"Residencial",$G$67:$G$105,"Internet fijo") -> 6487038.5 | P113: =P111-SUMIFS(P$67:P$105,$F$67:$F$105,"Residencial",$G$67:$G$105,"Internet fijo") -> 6571037.5 | R113: AEP.broadband.subs.residential.with.line.rental
C115: Residenciales y no residenciales en modalidad single play (i.e. sin servicios de voz) | H115: # suscripciones | O115: =SUMIFS(O67:O105,$G$67:$G$105,"Internet fijo") -> 2745133.9 | P115: =SUMIFS(P67:P105,$G$67:$G$105,"Internet fijo") -> 3362878.7 | R115: AEP.broadband.subs.residential.without.line.rental
C117: No residenciales | H117: # suscripciones | O117: =SUMIFS(O67:O105,$F$67:$F$105,"No Residencial") -> 1528450.8 | P117: =SUMIFS(P67:P105,$F$67:$F$105,"No Residencial") -> 1422736.1 | R117: AEP.broadband.subs.non.residential
A120: 2 | B120: Telefonía fija
B122: 2.1 | C122: Datos de mercado de telefonía fija
C124: Líneas de telefonía fija
C126: Líneas de telefonía fija, residenciales y no residenciales del mercado | H126: # líneas | N126: 28784594 | O126: 28787829 | P126: 30687520 | R126: Fuente: Banco de Información de Telecomunicaciones, IFT | T126: Fuente: Banco de Información de Telecomunicaciones, IFT (https://bit.ift.org.mx/BitWebApp/)
C128: Datos del AEP
C130: Líneas residenciales y no residenciales del AEP | H130: # líneas | N130: 10115240 | O130: 10115240 | P130: 10170846 | Q130: AEP.telephone.lines | R130: Fuente: Banco de Información de Telecomunicaciones, IFT | T130: Fuente: Banco de Información de Telecomunicaciones, IFT (https://bit.ift.org.mx/BitWebApp/)
C132: Cuota de Mercado del AEP
C134: % de Líneas residenciales y no residenciales del AEP | H134: % respecto a total de líneas del mercado | I134: =IFERROR(I130/I126,"") | J134: =IFERROR(J130/J126,"") | N134: =IFERROR(N130/N126,"") -> 0.35141159 | O134: =IFERROR(O130/O126,"") -> 0.3513721 | P134: =IFERROR(P130/P126,"") -> 0.33143265
B137: 2.2 | C137: Estimación de líneas del AEP en la cuales se brindan servicios de telefonía fija en modalidad single play
C140: Otros datos de mercado de telefonía fija y banda ancha
C141: Suscripciones de banda ancha fija, residenciales y no residenciales del AEP | H141: # suscripciones | O141: =Broadbad.suscriptions.AEP -> 10488966 | P141: =Broadbad.suscriptions.AEP -> 11077440
C143: Líneas residenciales y no residenciales del AEP | H143: # líneas | O143: =AEP.telephone.lines -> 10115240 | P143: =AEP.telephone.lines -> 10170846
C145: Suscripciones de banda ancha (residenciales y no residenciales) en modalidad single play (i.e. sin servicios de voz) | H145: # suscripciones | O145: =AEP.broadband.subs.residential.without.line.rental -> 2745133.9 | P145: =AEP.broadband.subs.residential.without.line.rental -> 3362878.7
C147: Proporción de suscripciones de banda ancha del AEP en modalidad single play (i.e. sin servicios de voz), respecto al total | H147: # suscripciones | M147: =IFERROR(M145/M141,"") | N147: =IFERROR(N145/N141,"") | O147: =IFERROR(O145/O141,"") -> 0.26171635 | P147: =IFERROR(P145/P141,"") -> 0.30357905
C149: Estimación líneas del AEP en la cuales se brindan servicios de telefonía fija en modalidad single play
C151: Líneas del AEP en la cuales se brindan servicios de telefonía fija en modalidad single play | H151: # líneas | O151: =O143-(O141-O145) -> 2371407.9 | P151: =P143-(P141-P145) -> 2456284.7 | Q151: AEP.telephone.lines.voice.only
C153: Líneas residenciales del AEP en la cuales se brindan servicios de telefonía fija en modalidad single play | H153: # líneas | O153: =O151*O164 -> 1653253.7 | P153: =P151*P164 -> 1932926.3 | Q153: AEP.telephone.lines.voice.only.residential
C155: Líneas no residenciales del AEP en la cuales se brindan servicios de telefonía fija en modalidad single play | H155: # líneas | O155: =O151-O153 -> 718154.11 | P155: =P151-P153 -> 523358.45 | Q155: AEP.telephone.lines.voice.only.noresidential
B157: 2.3 | C157: Distribución de líneas del AEP
C159: Distribución porcentual de líneas del AEP por plan/paquete a través se ofrecen servicios de telefonía fija en modalidad single play
N160: 4 | O160: 4 | P160: 5
E161: Nombre de plan/paquete | F161: Modalidad | G161: Tipo de Servicio | H161: Unidad | I161: {=TRANSPOSE(Years)} -> 2018 | J161: 2019 | K161: 2020 | L161: 2021 | M161: 2022 | N161: 2023 | O161: 2024 | R161: Notas
I162: =SUM(I163:I164) -> 0 | J162: =SUM(J163:J164) -> 0 | K162: =SUM(K163:K164) -> 0 | L162: =SUM(L163:L164) -> 0 | M162: =SUM(M163:M164) -> 0 | N162: =SUM(N163:N164) -> 0 | O162: =SUM(O163:O164) -> 1 | P162: =SUM(P163:P164) -> 1 | R162: Fuente: Banco de Información de Telecomunicaciones, IFT
D163: 1 | E163: {=vector.telephony.plans.names} -> Renta Mensual de la Línea Residencial | F163: Residencial | G163: Telefonía fija | H163: % | O163: =IFERROR(VLOOKUP($E163,'Planes y paquetes'!$C$571:$G$572,O160,FALSE),0)/(SUMIFS('Planes y paquetes'!$F$571:$F$572,'Planes y paquetes'!$E$571:$E$572,"Telefonía fija")) -> 0.30283872 | P163: =IFERROR(VLOOKUP($E163,'Planes y paquetes'!$C$571:$G$572,P160,FALSE),0)/(SUMIFS('Planes y paquetes'!$G$571:$G$572,'Planes y paquetes'!$E$571:$E$572,"Telefonía fija")) -> 0.21306913 | R163: Fuente: Banco de Información de Telecomunicaciones, IFT
D164: =1+D163 -> 2 | E164: Renta Mensual de la Línea Comercial | F164: No Residencial | G164: Telefonía fija | H164: % | O164: =IFERROR(VLOOKUP($E164,'Planes y paquetes'!$C$571:$G$572,O160,FALSE),0)/(SUMIFS('Planes y paquetes'!$F$571:$F$572,'Planes y paquetes'!$E$571:$E$572,"Telefonía fija")) -> 0.69716128 | P164: =IFERROR(VLOOKUP($E164,'Planes y paquetes'!$C$571:$G$572,P160,FALSE),0)/(SUMIFS('Planes y paquetes'!$G$571:$G$572,'Planes y paquetes'!$E$571:$E$572,"Telefonía fija")) -> 0.78693087 | R164: Fuente: Banco de Información de Telecomunicaciones, IFT
C167: Distribución de líneas del AEP por plan/paquete a través se ofrecen servicios de telefonía fija en modalidad single play
E169: Nombre de plan/paquete | F169: Modalidad | G169: Tipo de Servicio | H169: Unidad | I169: {=TRANSPOSE(Years)} -> 2018 | J169: 2019 | K169: 2020 | L169: 2021 | M169: 2022 | N169: 2023 | O169: 2024 | R169: Notas
I170: =SUM(I171:I172) -> 0 | J170: =SUM(J171:J172) -> 0 | K170: =SUM(K171:K172) -> 0 | L170: =SUM(L171:L172) -> 0 | M170: =SUM(M171:M172) -> 0 | N170: =SUM(N171:N172) -> 0 | O170: =SUM(O171:O172) -> 2371407.9 | P170: =SUM(P171:P172) -> 2456284.7 | R170: Fuente: Estimaciones IFT.
D171: 1 | E171: {=vector.telephony.plans.names} -> Renta Mensual de la Línea Residencial | F171: =F163 -> Residencial | G171: =G163 -> Telefonía fija | H171: # líneas | O171: =O$151*O163 -> 718154.11 | P171: =P$151*P163 -> 523358.45 | R171: Fuente: Estimaciones IFT.
D172: =1+D171 -> 2 | E172: Renta Mensual de la Línea Comercial | F172: =F164 -> No Residencial | G172: =G164 -> Telefonía fija | H172: # líneas | O172: =O$151*O164 -> 1653253.7 | P172: =P$151*P164 -> 1932926.3 | R172: Fuente: Estimaciones IFT.
C175: Distribución porcentual de líneas del AEP por plan/paquete a través se ofrecen servicios de telefonía fija
E177: Nombre de plan/paquete | F177: Modalidad | G177: Tipo de Servicio | H177: Unidad | I177: {=TRANSPOSE(Years)} -> 2018 | J177: 2019 | K177: 2020 | L177: 2021 | M177: 2022 | N177: 2023 | O177: 2024 | R177: Notas
I178: =SUM(I179:I198) -> 0 | J178: =SUM(J179:J198) -> 0 | K178: =SUM(K179:K198) -> 0 | L178: =SUM(L179:L198) -> 0 | M178: =SUM(M179:M198) -> 0 | N178: =SUM(N179:N198) -> 0 | O178: =SUM(O179:O198) -> 1 | P178: =SUM(P179:P198) -> 1
C179: =E179&F179 -> Renta Mensual de la Línea ResidencialResidencial | D179: 1 | E179: {=vector.telephony.plans.names} -> Renta Mensual de la Línea Residencial | F179: Residencial | G179: Telefonía fija | H179: % | O179: =IFERROR(O206/O$205,"0") -> 0.071125895 | P179: =IFERROR(P206/P$205,"0") -> 0.051567537 | R179: Fuente: Estimaciones IFT, a partir de datos AEP
C180: =E180&F180 -> Renta Mensual de la Línea ComercialNo Residencial | D180: =1+D179 -> 2 | E180: Renta Mensual de la Línea Comercial | F180: No Residencial | G180: Telefonía fija | H180: % | O180: =IFERROR(O207/O$205,"0") -> 0.16373805 | P180: =IFERROR(P207/P$205,"0") -> 0.19045503 | R180: Fuente: Estimaciones IFT, a partir de datos AEP
C181: =E181&F181 -> Paquete 249Residencial | D181: =1+D180 -> 3 | E181: Paquete 249 | F181: =VLOOKUP(E181,$E$67:$G$105,2,) -> Residencial | G181: =VLOOKUP(E181,$E$67:$G$105,3,) -> Telefonía fija + Internet fijo | H181: % | O181: =IFERROR(O208/O$205,"0") -> 0.015359796 | P181: =IFERROR(P208/P$205,"0") -> 0.019879003 | R181: Fuente: Estimaciones IFT, a partir de datos AEP
C182: =E182&F182 -> Paquete 289Residencial | D182: =1+D181 -> 4 | E182: Paquete 289 | F182: =VLOOKUP(E182,$E$67:$G$105,2,) -> Residencial | G182: =VLOOKUP(E182,$E$67:$G$105,3,) -> Telefonía fija + Internet fijo | H182: % | O182: =IFERROR(O209/O$205,"0") -> 0.0045376251 | P182: =IFERROR(P209/P$205,"0") -> 0.0048656533 | R182: Fuente: Estimaciones IFT, a partir de datos AEP
C183: =E183&F183 -> Paquete 333Residencial | D183: =1+D182 -> 5 | E183: Paquete 333 | F183: =VLOOKUP(E183,$E$67:$G$105,2,) -> Residencial | G183: =VLOOKUP(E183,$E$67:$G$105,3,) -> Telefonía fija + Internet fijo | H183: % | O183: =IFERROR(O210/O$205,"0") -> 0.0065870832 | P183: =IFERROR(P210/P$205,"0") -> 0.0065694829 | R183: Fuente: Estimaciones IFT, a partir de datos AEP
C184: =E184&F184 -> Paquete 389Residencial | D184: =1+D183 -> 6 | E184: Paquete 389 | F184: =VLOOKUP(E184,$E$67:$G$105,2,) -> Residencial | G184: =VLOOKUP(E184,$E$67:$G$105,3,) -> Telefonía fija + Internet fijo | H184: % | O184: =IFERROR(O211/O$205,"0") -> 0.49198247 | P184: =IFERROR(P211/P$205,"0") -> 0.48581323 | R184: Fuente: Estimaciones IFT, a partir de datos AEP
C185: =E185&F185 -> Paquete 435Residencial | D185: =1+D184 -> 7 | E185: Paquete 435 | F185: =VLOOKUP(E185,$E$67:$G$105,2,) -> Residencial | G185: =VLOOKUP(E185,$E$67:$G$105,3,) -> Telefonía fija + Internet fijo | H185: % | O185: =IFERROR(O212/O$205,"0") -> 0.019327014 | P185: =IFERROR(P212/P$205,"0") -> 0.026405172 | R185: Fuente: Estimaciones IFT, a partir de datos AEP
C186: =E186&F186 -> Paquete 499Residencial | D186: =1+D185 -> 8 | E186: Paquete 499 | F186: =VLOOKUP(E186,$E$67:$G$105,2,) -> Residencial | G186: =VLOOKUP(E186,$E$67:$G$105,3,) -> Telefonía fija + Internet fijo | H186: % | O186: =IFERROR(O213/O$205,"0") -> 0.040265035 | P186: =IFERROR(P213/P$205,"0") -> 0.039886146 | R186: Fuente: Estimaciones IFT, a partir de datos AEP
C187: =E187&F187 -> Paquete 599Residencial | D187: =1+D186 -> 9 | E187: Paquete 599 | F187: =VLOOKUP(E187,$E$67:$G$105,2,) -> Residencial | G187: =VLOOKUP(E187,$E$67:$G$105,3,) -> Telefonía fija + Internet fijo | H187: % | O187: =IFERROR(O214/O$205,"0") -> 0.039081812 | P187: =IFERROR(P214/P$205,"0") -> 0.030776543 | R187: Fuente: Estimaciones IFT, a partir de datos AEP
C188: =E188&F188 -> Paquete 649Residencial | D188: =1+D187 -> 10 | E188: Paquete 649 | F188: =VLOOKUP(E188,$E$67:$G$105,2,) -> Residencial | G188: =VLOOKUP(E188,$E$67:$G$105,3,) -> Telefonía fija + Internet fijo | H188: % | O188: =IFERROR(O215/O$205,"0") -> 0.017909382 | P188: =IFERROR(P215/P$205,"0") -> 0.023632813 | R188: Fuente: Estimaciones IFT, a partir de datos AEP
C189: =E189&F189 -> Paquetre 725Residencial | D189: =1+D188 -> 11 | E189: Paquetre 725 | F189: =VLOOKUP(E189,$E$67:$G$105,2,) -> Residencial | G189: =VLOOKUP(E189,$E$67:$G$105,3,) -> Telefonía fija + Internet fijo | H189: % | O189: =IFERROR(O216/O$205,"0") -> 0.00081668649 | P189: =IFERROR(P216/P$205,"0") -> 0.0023611921 | R189: Fuente: Estimaciones IFT, a partir de datos AEP
C190: =E190&F190 -> Paquete Infinitum 999Residencial | D190: =1+D189 -> 12 | E190: Paquete Infinitum 999 | F190: =VLOOKUP(E190,$E$67:$G$105,2,) -> Residencial | G190: =VLOOKUP(E190,$E$67:$G$105,3,) -> Telefonía fija + Internet fijo | H190: % | O190: =IFERROR(O217/O$205,"0") -> 0.0049942263 | P190: =IFERROR(P217/P$205,"0") -> 0.0057044659 | R190: Fuente: Estimaciones IFT, a partir de datos AEP
C191: =E191&F191 -> Paquete 1399Residencial | D191: =1+D190 -> 13 | E191: Paquete 1399 | F191: =VLOOKUP(E191,$E$67:$G$105,2,) -> Residencial | G191: =VLOOKUP(E191,$E$67:$G$105,3,) -> Telefonía fija + Internet fijo | H191: % | O191: =IFERROR(O218/O$205,"0") -> 0.0016143623 | P191: =IFERROR(P218/P$205,"0") -> 0.0015635323 | R191: Fuente: Estimaciones IFT, a partir de datos AEP
C192: =E192&F192 -> Paquete Conectes NegocioNo residencial | D192: =1+D191 -> 14 | E192: Paquete Conectes Negocio | F192: =VLOOKUP(E192,$E$67:$G$105,2,) -> No residencial | G192: =VLOOKUP(E192,$E$67:$G$105,3,) -> Telefonía fija + Internet fijo | H192: % | O192: =IFERROR(O219/O$205,"0") -> 0.064477975 | P192: =IFERROR(P219/P$205,"0") -> 0.049168555 | R192: Fuente: Estimaciones IFT, a partir de datos AEP
...

Sheet Cálculos auxiliares
C1: Cálculos auxiliares
A2: 1 | B2: Información asociada a servicios digitales
C5: # | D5: Concepto | F5: Unidad | G5: Valor | H5: # Servicios digitales | I5: Estimación MXN / Mes / Servicio digital | J5: Nombre | K5: Fuente | L5: Notas
C6: 1 | D6: Tarifa por Activación por SD o en Paquete | F6: MXN / Servicio | G6: 20 | K6: https://downloads.telmex.com/pdf/ServiciosMercadoMasivo.pdf | L6: En la contratación adicional de un SD o Paquete, ya no aplica este cargo.
C7: =1+C6 -> 2 | D7: Renta Mensual por Servicio Digital | F7: MXN / Mes / Servicio | G7: 25 | H7: 1 | I7: =G7/H7 -> 25 | J7: unit.cost.digital.service.1 | K7: https://downloads.telmex.com/pdf/ServiciosMercadoMasivo.pdf | L7: • Paquete de SD incluyen como base: Identificador de llamadas + los otros SD, según paquete contratado. • *Por promoción 3 meses de renta gratis, al momento de contratar una línea nueva. El 4º mes, inicia el cobro de esta. • Identificador de llamadas requiere aparato telefónico c/Caller ID. 3) Identificador de llamadas requiere aparato. telefónico c/ Caller ID.
C8: =1+C7 -> 3 | D8: Renta Mensual por 3 Servicios Digitales | F8: MXN / Mes / Servicio | G8: 50 | H8: 3 | I8: =G8/H8 -> 16.666667 | J8: unit.cost.digital.service.3 | K8: https://downloads.telmex.com/pdf/ServiciosMercadoMasivo.pdf | L8: • Paquete de SD incluyen como base: Identificador de llamadas + los otros SD, según paquete contratado. • *Por promoción 3 meses de renta gratis, al momento de contratar una línea nueva. El 4º mes, inicia el cobro de esta. • Identificador de llamadas requiere aparato telefónico c/Caller ID. 3) Identificador de llamadas requiere aparato. telefónico c/ Caller ID.
C9: =1+C8 -> 4 | D9: Renta Mensual por 4 Servicios Digitales | F9: MXN / Mes / Servicio | G9: 65 | H9: 4 | I9: =G9/H9 -> 16.25 | J9: unit.cost.digital.service.4 | K9: https://downloads.telmex.com/pdf/ServiciosMercadoMasivo.pdf | L9: • Paquete de SD incluyen como base: Identificador de llamadas + los otros SD, según paquete contratado. • *Por promoción 3 meses de renta gratis, al momento de contratar una línea nueva. El 4º mes, inicia el cobro de esta. • Identificador de llamadas requiere aparato telefónico c/Caller ID. 3) Identificador de llamadas requiere aparato. telefónico c/ Caller ID.
C10: =1+C9 -> 5 | D10: Renta Mensual por 5 Servicios Digitales | F10: MXN / Mes / Servicio | G10: 80 | H10: 5 | I10: =G10/H10 -> 16 | J10: unit.cost.digital.service.5 | K10: https://downloads.telmex.com/pdf/ServiciosMercadoMasivo.pdf | L10: • Paquete de SD incluyen como base: Identificador de llamadas + los otros SD, según paquete contratado. • *Por promoción 3 meses de renta gratis, al momento de contratar una línea nueva. El 4º mes, inicia el cobro de esta. • Identificador de llamadas requiere aparato telefónico c/Caller ID. 3) Identificador de llamadas requiere aparato. telefónico c/ Caller ID.
A12: 2 | B12: Representación del costo mensual promedio ponderado del bucle, por plan/paquete con banda ancha fija y por perfil de velocidad
C14: Distriibución porcentual de los suscriptores por medio de transmissión | H14: 7 | I14: 8 | J14: 0
H15: ="Distribución "&Year.selected&" de suscriptores por medio de transmisión" -> Distribución 2025 de suscriptores por medio de transmisión
C16: # | D16: Nombre de plan o paquete | E16: Velocidad de bajada ofertada (Mbps) | F16: Modalidad | G16: Tipo de Servicio | H16: Cobre | I16: Fibra óptica | J16: Total | M16: Notas
C17: 1 | D17: {=vector.broadband.plans.names} -> Paquete 249 | E17: =H63 -> 15 | F17: =VLOOKUP($D17,'Planes y paquetes'!$C$661:$L$699,2,FALSE) -> Residencial | G17: =VLOOKUP($D17,'Planes y paquetes'!$C$661:$L$699,3,FALSE) -> Telefonía fija + Internet fijo | H17: =IFERROR(VLOOKUP($D17,$D$63:$K$101,H$14,FALSE)/SUM(VLOOKUP($D17,$D$63:$K101,H$14,FALSE),VLOOKUP($D17,$D$63:$K$101,I$14,FALSE)),"") -> 0.18686324 | I17: =IFERROR(VLOOKUP($D17,$D$63:$K$101,I$14,FALSE)/SUM(VLOOKUP($D17,$D$63:$K$101,H$14,FALSE),VLOOKUP($D17,$D$63:$K$101,I$14,FALSE)),"") -> 0.81313676 | J17: =SUM(H17:I17) -> 1
C18: =1+C17 -> 2 | D18: Paquete 289 | E18: =H64 -> 15 | F18: =VLOOKUP($D18,'Planes y paquetes'!$C$661:$L$699,2,FALSE) -> Residencial | G18: =VLOOKUP($D18,'Planes y paquetes'!$C$661:$L$699,3,FALSE) -> Telefonía fija + Internet fijo | H18: =IFERROR(VLOOKUP($D18,$D$63:$K$101,H$14,FALSE)/SUM(VLOOKUP($D18,$D$63:$K102,H$14,FALSE),VLOOKUP($D18,$D$63:$K$101,I$14,FALSE)),"") -> 0.24851774 | I18: =IFERROR(VLOOKUP($D18,$D$63:$K$101,I$14,FALSE)/SUM(VLOOKUP($D18,$D$63:$K$101,H$14,FALSE),VLOOKUP($D18,$D$63:$K$101,I$14,FALSE)),"") -> 0.75148226 | J18: =SUM(H18:I18) -> 1
C19: =1+C18 -> 3 | D19: Paquete 333 | E19: =H65 -> 15 | F19: =VLOOKUP($D19,'Planes y paquetes'!$C$661:$L$699,2,FALSE) -> Residencial | G19: =VLOOKUP($D19,'Planes y paquetes'!$C$661:$L$699,3,FALSE) -> Telefonía fija + Internet fijo | H19: =IFERROR(VLOOKUP($D19,$D$63:$K$101,H$14,FALSE)/SUM(VLOOKUP($D19,$D$63:$K103,H$14,FALSE),VLOOKUP($D19,$D$63:$K$101,I$14,FALSE)),"") -> 0.18309362 | I19: =IFERROR(VLOOKUP($D19,$D$63:$K$101,I$14,FALSE)/SUM(VLOOKUP($D19,$D$63:$K$101,H$14,FALSE),VLOOKUP($D19,$D$63:$K$101,I$14,FALSE)),"") -> 0.81690638 | J19: =SUM(H19:I19) -> 1
C20: =1+C19 -> 4 | D20: Paquete 389 | E20: =H66 -> 80 | F20: =VLOOKUP($D20,'Planes y paquetes'!$C$661:$L$699,2,FALSE) -> Residencial | G20: =VLOOKUP($D20,'Planes y paquetes'!$C$661:$L$699,3,FALSE) -> Telefonía fija + Internet fijo | H20: =IFERROR(VLOOKUP($D20,$D$63:$K$101,H$14,FALSE)/SUM(VLOOKUP($D20,$D$63:$K104,H$14,FALSE),VLOOKUP($D20,$D$63:$K$101,I$14,FALSE)),"") -> 0.19162053 | I20: =IFERROR(VLOOKUP($D20,$D$63:$K$101,I$14,FALSE)/SUM(VLOOKUP($D20,$D$63:$K$101,H$14,FALSE),VLOOKUP($D20,$D$63:$K$101,I$14,FALSE)),"") -> 0.80837947 | J20: =SUM(H20:I20) -> 1
C21: =1+C20 -> 5 | D21: Paquete 435 | E21: =H67 -> 100 | F21: =VLOOKUP($D21,'Planes y paquetes'!$C$661:$L$699,2,FALSE) -> Residencial | G21: =VLOOKUP($D21,'Planes y paquetes'!$C$661:$L$699,3,FALSE) -> Telefonía fija + Internet fijo | H21: =IFERROR(VLOOKUP($D21,$D$63:$K$101,H$14,FALSE)/SUM(VLOOKUP($D21,$D$63:$K105,H$14,FALSE),VLOOKUP($D21,$D$63:$K$101,I$14,FALSE)),"") -> 0.047792957 | I21: =IFERROR(VLOOKUP($D21,$D$63:$K$101,I$14,FALSE)/SUM(VLOOKUP($D21,$D$63:$K$101,H$14,FALSE),VLOOKUP($D21,$D$63:$K$101,I$14,FALSE)),"") -> 0.95220704 | J21: =SUM(H21:I21) -> 1
C22: =1+C21 -> 6 | D22: Paquete 499 | E22: =H68 -> 150 | F22: =VLOOKUP($D22,'Planes y paquetes'!$C$661:$L$699,2,FALSE) -> Residencial | G22: =VLOOKUP($D22,'Planes y paquetes'!$C$661:$L$699,3,FALSE) -> Telefonía fija + Internet fijo | H22: =IFERROR(VLOOKUP($D22,$D$63:$K$101,H$14,FALSE)/SUM(VLOOKUP($D22,$D$63:$K106,H$14,FALSE),VLOOKUP($D22,$D$63:$K$101,I$14,FALSE)),"") -> 0.017012956 | I22: =IFERROR(VLOOKUP($D22,$D$63:$K$101,I$14,FALSE)/SUM(VLOOKUP($D22,$D$63:$K$101,H$14,FALSE),VLOOKUP($D22,$D$63:$K$101,I$14,FALSE)),"") -> 0.98298704 | J22: =SUM(H22:I22) -> 1
C23: =1+C22 -> 7 | D23: Paquete 599 | E23: =H69 -> 250 | F23: =VLOOKUP($D23,'Planes y paquetes'!$C$661:$L$699,2,FALSE) -> Residencial | G23: =VLOOKUP($D23,'Planes y paquetes'!$C$661:$L$699,3,FALSE) -> Telefonía fija + Internet fijo | H23: =IFERROR(VLOOKUP($D23,$D$63:$K$101,H$14,FALSE)/SUM(VLOOKUP($D23,$D$63:$K107,H$14,FALSE),VLOOKUP($D23,$D$63:$K$101,I$14,FALSE)),"") -> 0.082228278 | I23: =IFERROR(VLOOKUP($D23,$D$63:$K$101,I$14,FALSE)/SUM(VLOOKUP($D23,$D$63:$K$101,H$14,FALSE),VLOOKUP($D23,$D$63:$K$101,I$14,FALSE)),"") -> 0.91777172 | J23: =SUM(H23:I23) -> 1
C24: =1+C23 -> 8 | D24: Paquete 649 | E24: =H70 -> 350 | F24: =VLOOKUP($D24,'Planes y paquetes'!$C$661:$L$699,2,FALSE) -> Residencial | G24: =VLOOKUP($D24,'Planes y paquetes'!$C$661:$L$699,3,FALSE) -> Telefonía fija + Internet fijo | H24: =IFERROR(VLOOKUP($D24,$D$63:$K$101,H$14,FALSE)/SUM(VLOOKUP($D24,$D$63:$K108,H$14,FALSE),VLOOKUP($D24,$D$63:$K$101,I$14,FALSE)),"") -> 0.00026398574 | I24: =IFERROR(VLOOKUP($D24,$D$63:$K$101,I$14,FALSE)/SUM(VLOOKUP($D24,$D$63:$K$101,H$14,FALSE),VLOOKUP($D24,$D$63:$K$101,I$14,FALSE)),"") -> 0.99973601 | J24: =SUM(H24:I24) -> 1
C25: =1+C24 -> 9 | D25: Paquetre 725 | E25: =H71 -> 500 | F25: =VLOOKUP($D25,'Planes y paquetes'!$C$661:$L$699,2,FALSE) -> Residencial | G25: =VLOOKUP($D25,'Planes y paquetes'!$C$661:$L$699,3,FALSE) -> Telefonía fija + Internet fijo | H25: =IFERROR(VLOOKUP($D25,$D$63:$K$101,H$14,FALSE)/SUM(VLOOKUP($D25,$D$63:$K109,H$14,FALSE),VLOOKUP($D25,$D$63:$K$101,I$14,FALSE)),"") -> 0.0028905144 | I25: =IFERROR(VLOOKUP($D25,$D$63:$K$101,I$14,FALSE)/SUM(VLOOKUP($D25,$D$63:$K$101,H$14,FALSE),VLOOKUP($D25,$D$63:$K$101,I$14,FALSE)),"") -> 0.99710949 | J25: =SUM(H25:I25) -> 1
C26: =1+C25 -> 10 | D26: Paquete Infinitum 999 | E26: =H72 -> 750 | F26: =VLOOKUP($D26,'Planes y paquetes'!$C$661:$L$699,2,FALSE) -> Residencial | G26: =VLOOKUP($D26,'Planes y paquetes'!$C$661:$L$699,3,FALSE) -> Telefonía fija + Internet fijo | H26: =IFERROR(VLOOKUP($D26,$D$63:$K$101,H$14,FALSE)/SUM(VLOOKUP($D26,$D$63:$K110,H$14,FALSE),VLOOKUP($D26,$D$63:$K$101,I$14,FALSE)),"") -> 0.016498895 | I26: =IFERROR(VLOOKUP($D26,$D$63:$K$101,I$14,FALSE)/SUM(VLOOKUP($D26,$D$63:$K$101,H$14,FALSE),VLOOKUP($D26,$D$63:$K$101,I$14,FALSE)),"") -> 0.9835011 | J26: =SUM(H26:I26) -> 1
C27: =1+C26 -> 11 | D27: Paquete 1399 | E27: =H73 -> 1000 | F27: =VLOOKUP($D27,'Planes y paquetes'!$C$661:$L$699,2,FALSE) -> Residencial | G27: =VLOOKUP($D27,'Planes y paquetes'!$C$661:$L$699,3,FALSE) -> Telefonía fija + Internet fijo | H27: =IFERROR(VLOOKUP($D27,$D$63:$K$101,H$14,FALSE)/SUM(VLOOKUP($D27,$D$63:$K111,H$14,FALSE),VLOOKUP($D27,$D$63:$K$101,I$14,FALSE)),"") -> 0.0011711712 | I27: =IFERROR(VLOOKUP($D27,$D$63:$K$101,I$14,FALSE)/SUM(VLOOKUP($D27,$D$63:$K$101,H$14,FALSE),VLOOKUP($D27,$D$63:$K$101,I$14,FALSE)),"") -> 0.99882883 | J27: =SUM(H27:I27) -> 1
C28: =1+C27 -> 12 | D28: Infinitum 279 | E28: =H74 -> 30 | F28: =VLOOKUP($D28,'Planes y paquetes'!$C$661:$L$699,2,FALSE) -> Residencial | G28: =VLOOKUP($D28,'Planes y paquetes'!$C$661:$L$699,3,FALSE) -> Internet fijo | H28: =IFERROR(VLOOKUP($D28,$D$63:$K$101,H$14,FALSE)/SUM(VLOOKUP($D28,$D$63:$K112,H$14,FALSE),VLOOKUP($D28,$D$63:$K$101,I$14,FALSE)),"") -> 0.20548016 | I28: =IFERROR(VLOOKUP($D28,$D$63:$K$101,I$14,FALSE)/SUM(VLOOKUP($D28,$D$63:$K$101,H$14,FALSE),VLOOKUP($D28,$D$63:$K$101,I$14,FALSE)),"") -> 0.79451984 | J28: =SUM(H28:I28) -> 1
C29: =1+C28 -> 13 | D29: Infinitum 299 R | E29: =H75 -> 40 | F29: =VLOOKUP($D29,'Planes y paquetes'!$C$661:$L$699,2,FALSE) -> Residencial | G29: =VLOOKUP($D29,'Planes y paquetes'!$C$661:$L$699,3,FALSE) -> Internet fijo | H29: =IFERROR(VLOOKUP($D29,$D$63:$K$101,H$14,FALSE)/SUM(VLOOKUP($D29,$D$63:$K113,H$14,FALSE),VLOOKUP($D29,$D$63:$K$101,I$14,FALSE)),"") -> 0.14102564 | I29: =IFERROR(VLOOKUP($D29,$D$63:$K$101,I$14,FALSE)/SUM(VLOOKUP($D29,$D$63:$K$101,H$14,FALSE),VLOOKUP($D29,$D$63:$K$101,I$14,FALSE)),"") -> 0.85897436 | J29: =SUM(H29:I29) -> 1
... C55: =1+C54 -> 39 | D55: Infinitum Negocio Premium | E55: =H101 -> 100 | F55: =VLOOKUP($D55,'Planes y paquetes'!$C$661:$L$699,2,FALSE) -> No Residencial | G55: =VLOOKUP($D55,'Planes y paquetes'!$C$661:$L$699,3,FALSE) -> Internet fijo | H55: =IFERROR(VLOOKUP($D55,$D$63:$K$101,H$14,FALSE)/SUM(VLOOKUP($D55,$D$63:$K139,H$14,FALSE),VLOOKUP($D55,$D$63:$K$101,I$14,FALSE)),"") -> 0.16208004 | I55: =IFERROR(VLOOKUP($D55,$D$63:$K$101,I$14,FALSE)/SUM(VLOOKUP($D55,$D$63:$K$101,H$14,FALSE),VLOOKUP($D55,$D$63:$K$101,I$14,FALSE)),"") -> 0.83791996 | J55: =SUM(H55:I55) -> 1
L56: weighted.average.local.loop.by.plan
C59: Distriibución de los suscriptores por medio de transmissión
J60: 8 | K60: 9 | L60: 10
J61: ="Distribución "&Year.selected&" de suscriptores por medio de transmisión" -> Distribución 2025 de suscriptores por medio de transmisión
D62: Nombre de plan o paquete | E62: h | F62: Modalidad | G62: Tipo de Servicio | H62: Velocidad de bajada ofertada (Mbps) | I62: Velocidad de subida ofertada (Mbps) | J62: Cobre + FTTC. Fibra hasta un punto intermedio entre el edificio del AEP y el usuario y despues cobre hasta el usuario. | K62: Fibra óptica
C63: 1 | D63: {=vector.broadband.plans.names} -> Paquete 249 | F63: =VLOOKUP($D63,'Planes y paquetes'!$C$661:$L$699,2,FALSE) -> Residencial | G63: =VLOOKUP($D63,'Planes y paquetes'!$C$661:$L$699,3,FALSE) -> Telefonía fija + Internet fijo | H63: =IFERROR(VLOOKUP($D63,'Planes y paquetes'!$C$391:$BW$429,69,FALSE),"") -> 15 | I63: =IFERROR(VLOOKUP($D63,'Planes y paquetes'!$C$391:$BW$429,70,FALSE),"") -> 0.64 | J63: =IFERROR(SUM(VLOOKUP($D63,'Planes y paquetes'!$C$661:$L$699,'Cálculos auxiliares'!L$60,FALSE),VLOOKUP($D63,'Planes y paquetes'!$C$661:$L$699,'Cálculos auxiliares'!J$60,FALSE)),"") -> 33638 | K63: =IFERROR(VLOOKUP($D63,'Planes y paquetes'!$C$661:$L$699,'Cálculos auxiliares'!K$60,FALSE),"") -> 146376
C64: =1+C63 -> 2 | D64: Paquete 289 | F64: =VLOOKUP($D64,'Planes y paquetes'!$C$661:$L$699,2,FALSE) -> Residencial | G64: =VLOOKUP($D64,'Planes y paquetes'!$C$661:$L$699,3,FALSE) -> Telefonía fija + Internet fijo | H64: =IFERROR(VLOOKUP($D64,'Planes y paquetes'!$C$391:$BW$429,69,FALSE),"") -> 15 | I64: =IFERROR(VLOOKUP($D64,'Planes y paquetes'!$C$391:$BW$429,70,FALSE),"") -> 0.64 | J64: =IFERROR(SUM(VLOOKUP($D64,'Planes y paquetes'!$C$661:$L$699,'Cálculos auxiliares'!L$60,FALSE),VLOOKUP($D64,'Planes y paquetes'!$C$661:$L$699,'Cálculos auxiliares'!J$60,FALSE)),"") -> 14838 | K64: =IFERROR(VLOOKUP($D64,'Planes y paquetes'!$C$661:$L$699,'Cálculos auxiliares'!K$60,FALSE),"") -> 44868
C65: =1+C64 -> 3 | D65: Paquete 333 | F65: =VLOOKUP($D65,'Planes y paquetes'!$C$661:$L$699,2,FALSE) -> Residencial | G65: =VLOOKUP($D65,'Planes y paquetes'!$C$661:$L$699,3,FALSE) -> Telefonía fija + Internet fijo | H65: =IFERROR(VLOOKUP($D65,'Planes y paquetes'!$C$391:$BW$429,69,FALSE),"") -> 15 | I65: =IFERROR(VLOOKUP($D65,'Planes y paquetes'!$C$391:$BW$429,70,FALSE),"") -> 0.64 | J65: =IFERROR(SUM(VLOOKUP($D65,'Planes y paquetes'!$C$661:$L$699,'Cálculos auxiliares'!L$60,FALSE),VLOOKUP($D65,'Planes y paquetes'!$C$661:$L$699,'Cálculos auxiliares'!J$60,FALSE)),"") -> 13481 | K65: =IFERROR(VLOOKUP($D65,'Planes y paquetes'!$C$661:$L$699,'Cálculos auxiliares'!K$60,FALSE),"") -> 60148
C66: =1+C65 -> 4 | D66: Paquete 389 | F66: =VLOOKUP($D66,'Planes y paquetes'!$C$661:$L$699,2,FALSE) -> Residencial | G66: =VLOOKUP($D66,'Planes y paquetes'!$C$661:$L$699,3,FALSE) -> Telefonía fija + Internet fijo | H66: =IFERROR(VLOOKUP($D66,'Planes y paquetes'!$C$391:$BW$429,69,FALSE),"") -> 80 | I66: =IFERROR(VLOOKUP($D66,'Planes y paquetes'!$C$391:$BW$429,70,FALSE),"") -> 80 | J66: =IFERROR(SUM(VLOOKUP($D66,'Planes y paquetes'!$C$661:$L$699,'Cálculos auxiliares'!L$60,FALSE),VLOOKUP($D66,'Planes y paquetes'!$C$661:$L$699,'Cálculos auxiliares'!J$60,FALSE)),"") -> 1046968 | K66: =IFERROR(VLOOKUP($D66,'Planes y paquetes'!$C$661:$L$699,'Cálculos auxiliares'!K$60,FALSE),"") -> 4416789
C67: =1+C66 -> 5 | D67: Paquete 435 | F67: =VLOOKUP($D67,'Planes y paquetes'!$C$661:$L$699,2,FALSE) -> Residencial | G67: =VLOOKUP($D67,'Planes y paquetes'!$C$661:$L$699,3,FALSE) -> Telefonía fija + Internet fijo | H67: =IFERROR(VLOOKUP($D67,'Planes y paquetes'!$C$391:$BW$429,69,FALSE),"") -> 100 | I67: =IFERROR(VLOOKUP($D67,'Planes y paquetes'!$C$391:$BW$429,70,FALSE),"") -> 100 | J67: =IFERROR(SUM(VLOOKUP($D67,'Planes y paquetes'!$C$661:$L$699,'Cálculos auxiliares'!L$60,FALSE),VLOOKUP($D67,'Planes y paquetes'!$C$661:$L$699,'Cálculos auxiliares'!J$60,FALSE)),"") -> 14683 | K67: =IFERROR(VLOOKUP($D67,'Planes y paquetes'!$C$661:$L$699,'Cálculos auxiliares'!K$60,FALSE),"") -> 292538
C68: =1+C67 -> 6 | D68: Paquete 499 | F68: =VLOOKUP($D68,'Planes y paquetes'!$C$661:$L$699,2,FALSE) -> Residencial | G68: =VLOOKUP($D68,'Planes y paquetes'!$C$661:$L$699,3,FALSE) -> Telefonía fija + Internet fijo | H68: =IFERROR(VLOOKUP($D68,'Planes y paquetes'!$C$391:$BW$429,69,FALSE),"") -> 150 | I68: =IFERROR(VLOOKUP($D68,'Planes y paquetes'!$C$391:$BW$429,70,FALSE),"") -> 150 | J68: =IFERROR(SUM(VLOOKUP($D68,'Planes y paquetes'!$C$661:$L$699,'Cálculos auxiliares'!L$60,FALSE),VLOOKUP($D68,'Planes y paquetes'!$C$661:$L$699,'Cálculos auxiliares'!J$60,FALSE)),"") -> 6874 | K68: =IFERROR(VLOOKUP($D68,'Planes y paquetes'!$C$661:$L$699,'Cálculos auxiliares'!K$60,FALSE),"") -> 397171
C69: =1+C68 -> 7 | D69: Paquete 599 | F69: =VLOOKUP($D69,'Planes y paquetes'!$C$661:$L$699,2,FALSE) -> Residencial | G69: =VLOOKUP($D69,'Planes y paquetes'!$C$661:$L$699,3,FALSE) -> Telefonía fija + Internet fijo | H69: =IFERROR(VLOOKUP($D69,'Planes y paquetes'!$C$391:$BW$429,69,FALSE),"") -> 250 | I69: =IFERROR(VLOOKUP($D69,'Planes y paquetes'!$C$391:$BW$429,70,FALSE),"") -> 250 | J69: =IFERROR(SUM(VLOOKUP($D69,'Planes y paquetes'!$C$661:$L$699,'Cálculos auxiliares'!L$60,FALSE),VLOOKUP($D69,'Planes y paquetes'!$C$661:$L$699,'Cálculos auxiliares'!J$60,FALSE)),"") -> 29814 | K69: =IFERROR(VLOOKUP($D69,'Planes y paquetes'!$C$661:$L$699,'Cálculos auxiliares'!K$60,FALSE),"") -> 332762
C70: =1+C69 -> 8 | D70: Paquete 649 | F70: =VLOOKUP($D70,'Planes y paquetes'!$C$661:$L$699,2,FALSE) -> Residencial | G70: =VLOOKUP($D70,'Planes y paquetes'!$C$661:$L$699,3,FALSE) -> Telefonía fija + Internet fijo | H70: =IFERROR(VLOOKUP($D70,'Planes y paquetes'!$C$391:$BW$429,69,FALSE),"") -> 350 | I70: =IFERROR(VLOOKUP($D70,'Planes y paquetes'!$C$391:$BW$429,70,FALSE),"") -> 350 | J70: =IFERROR(SUM(VLOOKUP($D70,'Planes y paquetes'!$C$661:$L$699,'Cálculos auxiliares'!L$60,FALSE),VLOOKUP($D70,'Planes y paquetes'!$C$661:$L$699,'Cálculos auxiliares'!J$60,FALSE)),"") -> 72 | K70: =IFERROR(VLOOKUP($D70,'Planes y paquetes'!$C$661:$L$699,'Cálculos auxiliares'!K$60,FALSE),"") -> 272670
C71: =1+C70 -> 9 | D71: Paquetre 725 | F71: =VLOOKUP($D71,'Planes y paquetes'!$C$661:$L$699,2,FALSE) -> Residencial | G71: =VLOOKUP($D71,'Planes y paquetes'!$C$661:$L$699,3,FALSE) -> Telefonía fija + Internet fijo | H71: =IFERROR(VLOOKUP($D71,'Planes y paquetes'!$C$391:$BW$429,69,FALSE),"") -> 500 | I71: =IFERROR(VLOOKUP($D71,'Planes y paquetes'!$C$391:$BW$429,70,FALSE),"") -> 350 | J71: =IFERROR(SUM(VLOOKUP($D71,'Planes y paquetes'!$C$661:$L$699,'Cálculos auxiliares'!L$60,FALSE),VLOOKUP($D71,'Planes y paquetes'!$C$661:$L$699,'Cálculos auxiliares'!J$60,FALSE)),"") -> 49 | K71: =IFERROR(VLOOKUP($D71,'Planes y paquetes'!$C$661:$L$699,'Cálculos auxiliares'!K$60,FALSE),"") -> 16903
C72: =1+C71 -> 10 | D72: Paquete Infinitum 999 | F72: =VLOOKUP($D72,'Planes y paquetes'!$C$661:$L$699,2,FALSE) -> Residencial | G72: =VLOOKUP($D72,'Planes y paquetes'!$C$661:$L$699,3,FALSE) -> Telefonía fija + Internet fijo | H72: =IFERROR(VLOOKUP($D72,'Planes y paquetes'!$C$391:$BW$429,69,FALSE),"") -> 750 | I72: =IFERROR(VLOOKUP($D72,'Planes y paquetes'!$C$391:$BW$429,70,FALSE),"") -> 300 | J72: =IFERROR(SUM(VLOOKUP($D72,'Planes y paquetes'!$C$661:$L$699,'Cálculos auxiliares'!L$60,FALSE),VLOOKUP($D72,'Planes y paquetes'!$C$661:$L$699,'Cálculos auxiliares'!J$60,FALSE)),"") -> 1008 | K72: =IFERROR(VLOOKUP($D72,'Planes y paquetes'!$C$661:$L$699,'Cálculos auxiliares'!K$60,FALSE),"") -> 60087
C73: =1+C72 -> 11 | D73: Paquete 1399 | F73: =VLOOKUP($D73,'Planes y paquetes'!$C$661:$L$699,2,FALSE) -> Residencial | G73: =VLOOKUP($D73,'Planes y paquetes'!$C$661:$L$699,3,FALSE) -> Telefonía fija + Internet fijo | H73: =IFERROR(VLOOKUP($D73,'Planes y paquetes'!$C$391:$BW$429,69,FALSE),"") -> 1000 | I73: =IFERROR(VLOOKUP($D73,'Planes y paquetes'!$C$391:$BW$429,70,FALSE),"") -> 350 | J73: =IFERROR(SUM(VLOOKUP($D73,'Planes y paquetes'!$C$661:$L$699,'Cálculos auxiliares'!L$60,FALSE),VLOOKUP($D73,'Planes y paquetes'!$C$661:$L$699,'Cálculos auxiliares'!J$60,FALSE)),"") -> 26 | K73: =IFERROR(VLOOKUP($D73,'Planes y paquetes'!$C$661:$L$699,'Cálculos auxiliares'!K$60,FALSE),"") -> 22174
C74: =1+C73 -> 12 | D74: Infinitum 279 | F74: =VLOOKUP($D74,'Planes y paquetes'!$C$661:$L$699,2,FALSE) -> Residencial | G74: =VLOOKUP($D74,'Planes y paquetes'!$C$661:$L$699,3,FALSE) -> Internet fijo | H74: =IFERROR(VLOOKUP($D74,'Planes y paquetes'!$C$391:$BW$429,69,FALSE),"") -> 30 | I74: =IFERROR(VLOOKUP($D74,'Planes y paquetes'!$C$391:$BW$429,70,FALSE),"") -> 5 | J74: =IFERROR(SUM(VLOOKUP($D74,'Planes y paquetes'!$C$661:$L$699,'Cálculos auxiliares'!L$60,FALSE),VLOOKUP($D74,'Planes y paquetes'!$C$661:$L$699,'Cálculos auxiliares'!J$60,FALSE)),"") -> 3952 | K74: =IFERROR(VLOOKUP($D74,'Planes y paquetes'!$C$661:$L$699,'Cálculos auxiliares'!K$60,FALSE),"") -> 15281
C75: =1+C74 -> 13 | D75: Infinitum 299 R | F75: =VLOOKUP($D75,'Planes y paquetes'!$C$661:$L$699,2,FALSE) -> Residencial | G75: =VLOOKUP($D75,'Planes y paquetes'!$C$661:$L$699,3,FALSE) -> Internet fijo | H75: =IFERROR(VLOOKUP($D75,'Planes y paquetes'!$C$391:$BW$429,69,FALSE),"") -> 40 | I75: =IFERROR(VLOOKUP($D75,'Planes y paquetes'!$C$391:$BW$429,70,FALSE),"") -> 5 | J75: =IFERROR(SUM(VLOOKUP($D75,'Planes y paquetes'!$C$661:$L$699,'Cálculos auxiliares'!L$60,FALSE),VLOOKUP($D75,'Planes y paquetes'!$C$661:$L$699,'Cálculos auxiliares'!J$60,FALSE)),"") -> 33 | K75: =IFERROR(VLOOKUP($D75,'Planes y paquetes'!$C$661:$L$699,'Cálculos auxiliares'!K$60,FALSE),"") -> 201
... C101: =1+C100 -> 39 | D101: Infinitum Negocio Premium | F101: =VLOOKUP($D101,'Planes y paquetes'!$C$661:$L$699,2,FALSE) -> No Residencial | G101: =VLOOKUP($D101,'Planes y paquetes'!$C$661:$L$699,3,FALSE) -> Internet fijo | H101: =IFERROR(VLOOKUP($D101,'Planes y paquetes'!$C$391:$BW$429,69,FALSE),"") -> 100 | I101: =IFERROR(VLOOKUP($D101,'Planes y paquetes'!$C$391:$BW$429,70,FALSE),"") -> 0.768 | J101: =IFERROR(SUM(VLOOKUP($D101,'Planes y paquetes'!$C$661:$L$699,'Cálculos auxiliares'!L$60,FALSE),VLOOKUP($D101,'Planes y paquetes'!$C$661:$L$699,'Cálculos auxiliares'!J$60,FALSE)),"") -> 1867 | K101: =IFERROR(VLOOKUP($D101,'Planes y paquetes'!$C$661:$L$699,'Cálculos auxiliares'!K$60,FALSE),"") -> 9652
C102: Estimación de la distribución del precio promedio ponderado del bucle por perfil, de acuerdo al medio de transmisión por el que se proveen servicios
H104: 8 | I104: =1+H104 -> 9
E105: ="Cantidad "&Year.selected&" de suscriptores por medio de transmisión" -> Cantidad 2025 de suscriptores por medio de transmisión | H105: ="Distribución "&Year.selected&" de suscriptores por medio de transmisión" -> Distribución 2025 de suscriptores por medio de transmisión
C106: # | D106: Velocidad de bajada ofertada (Mbps) | E106: Total | F106: Cobre | G106: Fibra óptica | H106: Cobre + FTTC. Fibra hasta un punto intermedio entre el edificio del AEP y el usuario y despues cobre hasta el usuario. | I106: Fibra óptica | J106: Valor promedio ponderado del bucle local | L106: Nombre | M106: Notas
C107: 1 | D107: 15 | E107: =SUM(F107:G107) -> 313349 | F107: =SUMIFS($J$63:$J$101,$H$63:$H$101,D107) -> 61957 | G107: =SUMIFS($K$63:$K$101,$H$63:$H$101,D107) -> 251392 | H107: =IFERROR(F107/$E107,"") -> 0.19772522 | I107: =IFERROR(G107/$E107,"") -> 0.80227478 | J107: =IFERROR(H107*local.loop.cooper+I107*local.loop.optical.fiber,"") -> 100.52664 | K107: Mbps
C108: =C107+1 -> 2 | D108: 30 | E108: =SUM(F108:G108) -> 60442 | F108: =SUMIFS($J$63:$J$101,$H$63:$H$101,D108) -> 14355 | G108: =SUMIFS($K$63:$K$101,$H$63:$H$101,D108) -> 46087 | H108: =IFERROR(F108/$E108,"") -> 0.23750041 | I108: =IFERROR(G108/$E108,"") -> 0.76249959 | J108: =IFERROR(H108*local.loop.cooper+I108*local.loop.optical.fiber,"") -> 100.12832 | K108: Mbps
C109: =C108+1 -> 3 | D109: 40 | E109: =SUM(F109:G109) -> 491 | F109: =SUMIFS($J$63:$J$101,$H$63:$H$101,D109) -> 63 | G109: =SUMIFS($K$63:$K$101,$H$63:$H$101,D109) -> 428 | H109: =IFERROR(F109/$E109,"") -> 0.12830957 | I109: =IFERROR(G109/$E109,"") -> 0.87169043 | J109: =IFERROR(H109*local.loop.cooper+I109*local.loop.optical.fiber,"") -> 101.22177 | K109: Mbps
C110: =C109+1 -> 4 | D110: 50 | E110: =SUM(F110:G110) -> 8868 | F110: =SUMIFS($J$63:$J$101,$H$63:$H$101,D110) -> 2575 | G110: =SUMIFS($K$63:$K$101,$H$63:$H$101,D110) -> 6293 | H110: =IFERROR(F110/$E110,"") -> 0.29036987 | I110: =IFERROR(G110/$E110,"") -> 0.70963013 | J110: =IFERROR(H110*local.loop.cooper+I110*local.loop.optical.fiber,"") -> 99.598887 | K110: Mbps
C111: =C110+1 -> 5 | D111: 80 | E111: =SUM(F111:G111) -> 7859780 | F111: =SUMIFS($J$63:$J$101,$H$63:$H$101,D111) -> 1377233 | G111: =SUMIFS($K$63:$K$101,$H$63:$H$101,D111) -> 6482547 | H111: =IFERROR(F111/$E111,"") -> 0.17522539 | I111: =IFERROR(G111/$E111,"") -> 0.82477461 | J111: =IFERROR(H111*local.loop.cooper+I111*local.loop.optical.fiber,"") -> 100.75195 | K111: Mbps
C112: =C111+1 -> 6 | D112: 100 | E112: =SUM(F112:G112) -> 704645 | F112: =SUMIFS($J$63:$J$101,$H$63:$H$101,D112) -> 26836 | G112: =SUMIFS($K$63:$K$101,$H$63:$H$101,D112) -> 677809 | H112: =IFERROR(F112/$E112,"") -> 0.038084425 | I112: =IFERROR(G112/$E112,"") -> 0.96191557 | J112: =IFERROR(H112*local.loop.cooper+I112*local.loop.optical.fiber,"") -> 102.12529 | K112: Mbps
C113: =C112+1 -> 7 | D113: 150 | E113: =SUM(F113:G113) -> 947510 | F113: =SUMIFS($J$63:$J$101,$H$63:$H$101,D113) -> 49664 | G113: =SUMIFS($K$63:$K$101,$H$63:$H$101,D113) -> 897846 | H113: =IFERROR(F113/$E113,"") -> 0.052415278 | I113: =IFERROR(G113/$E113,"") -> 0.94758472 | J113: =IFERROR(H113*local.loop.cooper+I113*local.loop.optical.fiber,"") -> 101.98178 | K113: Mbps
C114: =C113+1 -> 8 | D114: 250 | E114: =SUM(F114:G114) -> 426764 | F114: =SUMIFS($J$63:$J$101,$H$63:$H$101,D114) -> 30285 | G114: =SUMIFS($K$63:$K$101,$H$63:$H$101,D114) -> 396479 | H114: =IFERROR(F114/$E114,"") -> 0.07096428 | I114: =IFERROR(G114/$E114,"") -> 0.92903572 | J114: =IFERROR(H114*local.loop.cooper+I114*local.loop.optical.fiber,"") -> 101.79603 | K114: Mbps
C115: =C114+1 -> 9 | D115: 350 | E115: =SUM(F115:G115) -> 767556 | F115: =SUMIFS($J$63:$J$101,$H$63:$H$101,D115) -> 17850 | G115: =SUMIFS($K$63:$K$101,$H$63:$H$101,D115) -> 749706 | H115: =IFERROR(F115/$E115,"") -> 0.023255632 | I115: =IFERROR(G115/$E115,"") -> 0.97674437 | J115: =IFERROR(H115*local.loop.cooper+I115*local.loop.optical.fiber,"") -> 102.27378 | K115: Mbps
C116: =C115+1 -> 10 | D116: 500 | E116: =SUM(F116:G116) -> 52921 | F116: =SUMIFS($J$63:$J$101,$H$63:$H$101,D116) -> 200 | G116: =SUMIFS($K$63:$K$101,$H$63:$H$101,D116) -> 52721 | H116: =IFERROR(F116/$E116,"") -> 0.0037792181 | I116: =IFERROR(G116/$E116,"") -> 0.99622078 | J116: =IFERROR(H116*local.loop.cooper+I116*local.loop.optical.fiber,"") -> 102.46882 | K116: Mbps
C117: =C116+1 -> 11 | D117: 750 | E117: =SUM(F117:G117) -> 142426 | F117: =SUMIFS($J$63:$J$101,$H$63:$H$101,D117) -> 5568 | G117: =SUMIFS($K$63:$K$101,$H$63:$H$101,D117) -> 136858 | H117: =IFERROR(F117/$E117,"") -> 0.039093986 | I117: =IFERROR(G117/$E117,"") -> 0.96090601 | J117: =IFERROR(H117*local.loop.cooper+I117*local.loop.optical.fiber,"") -> 102.11518 | K117: Mbps
C118: =C117+1 -> 12 | D118: 1000 | E118: =SUM(F118:G118) -> 47693 | F118: =SUMIFS($J$63:$J$101,$H$63:$H$101,D118) -> 1062 | G118: =SUMIFS($K$63:$K$101,$H$63:$H$101,D118) -> 46631 | H118: =IFERROR(F118/$E118,"") -> 0.022267419 | I118: =IFERROR(G118/$E118,"") -> 0.97773258 | J118: =IFERROR(H118*local.loop.cooper+I118*local.loop.optical.fiber,"") -> 102.28368 | K118: Mbps
C121: Estimación de la distribución del precio promedio ponderado del bucle por perfil, de acuerdo al medio de transmisión por el que se proveen servicios
C124: # | D124: Velocidad de bajada ofertada | J124: Valor promedio ponderado del bucle local | L124: Nombre | M124: Notas
C125: 1 | D125: =D107&" "&K107 -> 15 Mbps | H125: =local.loop.cooper -> 92.492616 | J125: =H125 -> 92.492616
C126: =C125+1 -> 2 | D126: =D108&" "&K108 -> 30 Mbps | H126: =local.loop.optical.fiber -> 102.50667 | J126: =H126 -> 102.50667
C127: =C126+1 -> 3 | D127: =D109&" "&K109 -> 40 Mbps | H127: =H126 -> 102.50667 | J127: =H127 -> 102.50667
C128: =C127+1 -> 4 | D128: =D110&" "&K110 -> 50 Mbps | H128: =H126 -> 102.50667 | J128: =H128 -> 102.50667
C129: =C128+1 -> 5 | D129: =D111&" "&K111 -> 80 Mbps | H129: =H128 -> 102.50667 | J129: =H129 -> 102.50667
C130: =C129+1 -> 6 | D130: =D112&" "&K112 -> 100 Mbps | H130: =H129 -> 102.50667 | J130: =H130 -> 102.50667
C131: =C130+1 -> 7 | D131: =D113&" "&K113 -> 150 Mbps | H131: =H130 -> 102.50667 | J131: =H131 -> 102.50667
C132: =C131+1 -> 8 | D132: =D114&" "&K114 -> 250 Mbps | H132: =H131 -> 102.50667 | J132: =H132 -> 102.50667
C133: =C132+1 -> 9 | D133: =D115&" "&K115 -> 350 Mbps | H133: =H132 -> 102.50667 | J133: =H133 -> 102.50667
C134: =C133+1 -> 10 | D134: =D116&" "&K116 -> 500 Mbps | H134: =H133 -> 102.50667 | J134: =H134 -> 102.50667
C135: =C134+1 -> 11 | D135: =D117&" "&K117 -> 750 Mbps | H135: =H134 -> 102.50667 | J135: =H135 -> 102.50667
C136: =C135+1 -> 12 | D136: =D118&" "&K118 -> 1000 Mbps | H136: =H135 -> 102.50667 | J136: =H136 -> 102.50667
L137: weighted.average.local.loop.by.plan.by.tx.media
A139: 3 | B139: Representación del precio implícito por perfil del Mbps
Q142: Matriz función indicadora de si el plan/paquete cuenta con determinado perfil en Mbps
C143: # | D143: Nombre de plan o paquete | F143: Modalidad | G143: Tipo de Servicio | H143: Velocidad de bajada ofertada (Mbps) | I143: Precio implícito estimado para perfil de Mbps incluidos en renta mensual | J143: Precio implícito estimado ajustado para perfil de Mbps incluidos en renta mensual | K143: ="Suscriptores por el plan/paquete en el año "&Year.selected -> Suscriptores por el plan/paquete en el año 2025 | L143: Nombre | M143: Notas | Q143: 3 | R143: 5 | S143: 10 | T143: 15 | U143: 20 | V143: 30 | W143: 40 | X143: 50 | Y143: 60 | Z143: 70 | AA143: 80 | AB143: 100 | AC143: 120 | AD143: 150 | AE143: 200 | AF143: 250 | AG143: 300 | AH143: 350 | AI143: 400 | AJ143: 500 | AK143: 750 | AL143: 1000
B144: =D144&F144 -> Paquete 249Residencial | C144: 1 | D144: {=vector.broadband.plans.names} -> Paquete 249 | F144: =IFERROR(VLOOKUP($D144,'Planes y paquetes'!$C$661:$E$699,2,FALSE),"") -> Residencial | G144: =IFERROR(VLOOKUP($D144,'Planes y paquetes'!$C$661:$E$699,3,FALSE),"") -> Telefonía fija + Internet fijo | H144: =IFERROR(VLOOKUP($D144,'Planes y paquetes'!$C$391:$BW$429,13,FALSE),"") -> 15 Mbps | I144: =INDEX(vector.implicit.prices.broadband.after.discount,MATCH('Cálculos auxiliares'!D144,vector.plans.names,0)) -> 68 | J144: =IF(G144="Internet fijo",I144-VLOOKUP(H144,weighted.average.local.loop.by.plan.by.tx.media,5,FALSE),I144) -> 68 | K144: =VLOOKUP(B144,AEP.broadband.distribution.by.plan,6+MATCH(Year.selected,Years,0),FALSE) -> 0.018212856 | M144: =LEFT(H144,FIND(" ",H144))*1 -> 15 | Q144: =IF(Q$143=$M144,1,0) -> 0 | R144: =IF(R$143=$M144,1,0) -> 0 | S144: =IF(S$143=$M144,1,0) -> 0 | T144: =IF(T$143=$M144,1,0) -> 1 | U144: =IF(U$143=$M144,1,0) -> 0 | V144: =IF(V$143=$M144,1,0) -> 0 | W144: =IF(W$143=$M144,1,0) -> 0 | X144: =IF(X$143=$M144,1,0) -> 0 | ... AL144: =IF(AL$143=$M144,1,0) -> 0
B145: =D145&F145 -> Paquete 289Residencial | C145: =1+C144 -> 2 | D145: Paquete 289 | F145: =IFERROR(VLOOKUP($D145,'Planes y paquetes'!$C$661:$E$699,2,FALSE),"") -> Residencial | G145: =IFERROR(VLOOKUP($D145,'Planes y paquetes'!$C$661:$E$699,3,FALSE),"") -> Telefonía fija + Internet fijo | H145: =IFERROR(VLOOKUP($D145,'Planes y paquetes'!$C$391:$BW$429,13,FALSE),"") -> 15 Mbps | I145: =INDEX(vector.implicit.prices.broadband.after.discount,MATCH('Cálculos auxiliares'!D145,vector.plans.names,0)) -> 107 | J145: =IF(G145="Internet fijo",I145-VLOOKUP(H145,weighted.average.local.loop.by.plan.by.tx.media,5,FALSE),I145) -> 107 | K145: =VLOOKUP(B145,AEP.broadband.distribution.by.plan,6+MATCH(Year.selected,Years,0),FALSE) -> 0.0044578413 | M145: =LEFT(H145,FIND(" ",H145))*1 -> 15 | Q145: =IF(Q$143=$M145,1,0) -> 0 | R145: =IF(R$143=$M145,1,0) -> 0 | S145: =IF(S$143=$M145,1,0) -> 0 | T145: =IF(T$143=$M145,1,0) -> 1 | U145: =IF(U$143=$M145,1,0) -> 0 | V145: =IF(V$143=$M145,1,0) -> 0 | W145: =IF(W$143=$M145,1,0) -> 0 | X145: =IF(X$143=$M145,1,0) -> 0 | ... AL145: =IF(AL$143=$M145,1,0) -> 0
B146: =D146&F146 -> Paquete 333Residencial | C146: =1+C145 -> 3 | D146: Paquete 333 | F146: =IFERROR(VLOOKUP($D146,'Planes y paquetes'!$C$661:$E$699,2,FALSE),"") -> Residencial | G146: =IFERROR(VLOOKUP($D146,'Planes y paquetes'!$C$661:$E$699,3,FALSE),"") -> Telefonía fija + Internet fijo | H146: =IFERROR(VLOOKUP($D146,'Planes y paquetes'!$C$391:$BW$429,13,FALSE),"") -> 15 Mbps | I146: =INDEX(vector.implicit.prices.broadband.after.discount,MATCH('Cálculos auxiliares'!D146,vector.plans.names,0)) -> 103 | J146: =IF(G146="Internet fijo",I146-VLOOKUP(H146,weighted.average.local.loop.by.plan.by.tx.media,5,FALSE),I146) -> 103 | K146: =VLOOKUP(B146,AEP.broadband.distribution.by.plan,6+MATCH(Year.selected,Years,0),FALSE) -> 0.0060188654 | M146: =LEFT(H146,FIND(" ",H146))*1 -> 15 | Q146: =IF(Q$143=$M146,1,0) -> 0 | R146: =IF(R$143=$M146,1,0) -> 0 | S146: =IF(S$143=$M146,1,0) -> 0 | T146: =IF(T$143=$M146,1,0) -> 1 | U146: =IF(U$143=$M146,1,0) -> 0 | V146: =IF(V$143=$M146,1,0) -> 0 | W146: =IF(W$143=$M146,1,0) -> 0 | X146: =IF(X$143=$M146,1,0) -> 0 | ... AL146: =IF(AL$143=$M146,1,0) -> 0
B147: =D147&F147 -> Paquete 389Residencial | C147: =1+C146 -> 4 | D147: Paquete 389 | F147: =IFERROR(VLOOKUP($D147,'Planes y paquetes'!$C$661:$E$699,2,FALSE),"") -> Residencial | G147: =IFERROR(VLOOKUP($D147,'Planes y paquetes'!$C$661:$E$699,3,FALSE),"") -> Telefonía fija + Internet fijo | H147: =IFERROR(VLOOKUP($D147,'Planes y paquetes'!$C$391:$BW$429,13,FALSE),"") -> 80 Mbps | I147: =INDEX(vector.implicit.prices.broadband.after.discount,MATCH('Cálculos auxiliares'!D147,vector.plans.names,0)) -> 149.00119 | J147: =IF(G147="Internet fijo",I147-VLOOKUP(H147,weighted.average.local.loop.by.plan.by.tx.media,5,FALSE),I147) -> 149.00119 | K147: =VLOOKUP(B147,AEP.broadband.distribution.by.plan,6+MATCH(Year.selected,Years,0),FALSE) -> 0.44509508 | M147: =LEFT(H147,FIND(" ",H147))*1 -> 80 | Q147: =IF(Q$143=$M147,1,0) -> 0 | R147: =IF(R$143=$M147,1,0) -> 0 | S147: =IF(S$143=$M147,1,0) -> 0 | T147: =IF(T$143=$M147,1,0) -> 0 | U147: =IF(U$143=$M147,1,0) -> 0 | V147: =IF(V$143=$M147,1,0) -> 0 | W147: =IF(W$143=$M147,1,0) -> 0 | X147: =IF(X$143=$M147,1,0) -> 0 | ... AL147: =IF(AL$143=$M147,1,0) -> 0
B148: =D148&F148 -> Paquete 435Residencial | C148: =1+C147 -> 5 | D148: Paquete 435 | F148: =IFERROR(VLOOKUP($D148,'Planes y paquetes'!$C$661:$E$699,2,FALSE),"") -> Residencial | G148: =IFERROR(VLOOKUP($D148,'Planes y paquetes'!$C$661:$E$699,3,FALSE),"") -> Telefonía fija + Internet fijo | H148: =IFERROR(VLOOKUP($D148,'Planes y paquetes'!$C$391:$BW$429,13,FALSE),"") -> 100 Mbps | I148: =INDEX(vector.implicit.prices.broadband.after.discount,MATCH('Cálculos auxiliares'!D148,vector.plans.names,0)) -> 145.03541 | J148: =IF(G148="Internet fijo",I148-VLOOKUP(H148,weighted.average.local.loop.by.plan.by.tx.media,5,FALSE),I148) -> 145.03541 | K148: =VLOOKUP(B148,AEP.broadband.distribution.by.plan,6+MATCH(Year.selected,Years,0),FALSE) -> 0.024192037 | M148: =LEFT(H148,FIND(" ",H148))*1 -> 100 | Q148: =IF(Q$143=$M148,1,0) -> 0 | R148: =IF(R$143=$M148,1,0) -> 0 | S148: =IF(S$143=$M148,1,0) -> 0 | T148: =IF(T$143=$M148,1,0) -> 0 | U148: =IF(U$143=$M148,1,0) -> 0 | V148: =IF(V$143=$M148,1,0) -> 0 | W148: =IF(W$143=$M148,1,0) -> 0 | X148: =IF(X$143=$M148,1,0) -> 0 | ... AL148: =IF(AL$143=$M148,1,0) -> 0
B149: =D149&F149 -> Paquete 499Residencial | C149: =1+C148 -> 6 | D149: Paquete 499 | F149: =IFERROR(VLOOKUP($D149,'Planes y paquetes'!$C$661:$E$699,2,FALSE),"") -> Residencial | G149: =IFERROR(VLOOKUP($D149,'Planes y paquetes'!$C$661:$E$699,3,FALSE),"") -> Telefonía fija + Internet fijo | H149: =IFERROR(VLOOKUP($D149,'Planes y paquetes'!$C$391:$BW$429,13,FALSE),"") -> 150 Mbps | I149: =INDEX(vector.implicit.prices.broadband.after.discount,MATCH('Cálculos auxiliares'!D149,vector.plans.names,0)) -> 208.62454 | J149: =IF(G149="Internet fijo",I149-VLOOKUP(H149,weighted.average.local.loop.by.plan.by.tx.media,5,FALSE),I149) -> 208.62454 | K149: =VLOOKUP(B149,AEP.broadband.distribution.by.plan,6+MATCH(Year.selected,Years,0),FALSE) -> 0.036543112 | M149: =LEFT(H149,FIND(" ",H149))*1 -> 150 | Q149: =IF(Q$143=$M149,1,0) -> 0 | R149: =IF(R$143=$M149,1,0) -> 0 | S149: =IF(S$143=$M149,1,0) -> 0 | T149: =IF(T$143=$M149,1,0) -> 0 | U149: =IF(U$143=$M149,1,0) -> 0 | V149: =IF(V$143=$M149,1,0) -> 0 | W149: =IF(W$143=$M149,1,0) -> 0 | X149: =IF(X$143=$M149,1,0) -> 0 | ... AL149: =IF(AL$143=$M149,1,0) -> 0
B150: =D150&F150 -> Paquete 599Residencial | C150: =1+C149 -> 7 | D150: Paquete 599 | F150: =IFERROR(VLOOKUP($D150,'Planes y paquetes'!$C$661:$E$699,2,FALSE),"") -> Residencial | G150: =IFERROR(VLOOKUP($D150,'Planes y paquetes'!$C$661:$E$699,3,FALSE),"") -> Telefonía fija + Internet fijo | H150: =IFERROR(VLOOKUP($D150,'Planes y paquetes'!$C$391:$BW$429,13,FALSE),"") -> 250 Mbps | I150: =INDEX(vector.implicit.prices.broadband.after.discount,MATCH('Cálculos auxiliares'!D150,vector.plans.names,0)) -> 318.26892 | J150: =IF(G150="Internet fijo",I150-VLOOKUP(H150,weighted.average.local.loop.by.plan.by.tx.media,5,FALSE),I150) -> 318.26892 | K150: =VLOOKUP(B150,AEP.broadband.distribution.by.plan,6+MATCH(Year.selected,Years,0),FALSE) -> 0.028197024 | M150: =LEFT(H150,FIND(" ",H150))*1 -> 250 | Q150: =IF(Q$143=$M150,1,0) -> 0 | R150: =IF(R$143=$M150,1,0) -> 0 | S150: =IF(S$143=$M150,1,0) -> 0 | T150: =IF(T$143=$M150,1,0) -> 0 | U150: =IF(U$143=$M150,1,0) -> 0 | V150: =IF(V$143=$M150,1,0) -> 0 | W150: =IF(W$143=$M150,1,0) -> 0 | X150: =IF(X$143=$M150,1,0) -> 0 | ... AL150: =IF(AL$143=$M150,1,0) -> 0
B151: =D151&F151 -> Paquete 649Residencial | C151: =1+C150 -> 8 | D151: Paquete 649 | F151: =IFERROR(VLOOKUP($D151,'Planes y paquetes'!$C$661:$E$699,2,FALSE),"") -> Residencial | G151: =IFERROR(VLOOKUP($D151,'Planes y paquetes'!$C$661:$E$699,3,FALSE),"") -> Telefonía fija + Internet fijo | H151: =IFERROR(VLOOKUP($D151,'Planes y paquetes'!$C$391:$BW$429,13,FALSE),"") -> 350 Mbps | I151: =INDEX(vector.implicit.prices.broadband.after.discount,MATCH('Cálculos auxiliares'!D151,vector.plans.names,0)) -> 345.21331 | J151: =IF(G151="Internet fijo",I151-VLOOKUP(H151,weighted.average.local.loop.by.plan.by.tx.media,5,FALSE),I151) -> 345.21331 | K151: =VLOOKUP(B151,AEP.broadband.distribution.by.plan,6+MATCH(Year.selected,Years,0),FALSE) -> 0.021652042 | M151: =LEFT(H151,FIND(" ",H151))*1 -> 350 | Q151: =IF(Q$143=$M151,1,0) -> 0 | R151: =IF(R$143=$M151,1,0) -> 0 | S151: =IF(S$143=$M151,1,0) -> 0 | T151: =IF(T$143=$M151,1,0) -> 0 | U151: =IF(U$143=$M151,1,0) -> 0 | V151: =IF(V$143=$M151,1,0) -> 0 | W151: =IF(W$143=$M151,1,0) -> 0 | X151: =IF(X$143=$M151,1,0) -> 0 | ... AL151: =IF(AL$143=$M151,1,0) -> 0
B152: =D152&F152 -> Paquetre 725Residencial | C152: =1+C151 -> 9 | D152: Paquetre 725 | F152: =IFERROR(VLOOKUP($D152,'Planes y paquetes'!$C$661:$E$699,2,FALSE),"") -> Residencial | G152: =IFERROR(VLOOKUP($D152,'Planes y paquetes'!$C$661:$E$699,3,FALSE),"") -> Telefonía fija + Internet fijo | H152: =IFERROR(VLOOKUP($D152,'Planes y paquetes'!$C$391:$BW$429,13,FALSE),"") -> 500 Mbps | I152: =INDEX(vector.implicit.prices.broadband.after.discount,MATCH('Cálculos auxiliares'!D152,vector.plans.names,0)) -> 464.04028 | J152: =IF(G152="Internet fijo",I152-VLOOKUP(H152,weighted.average.local.loop.by.plan.by.tx.media,5,FALSE),I152) -> 464.04028 | K152: =VLOOKUP(B152,AEP.broadband.distribution.by.plan,6+MATCH(Year.selected,Years,0),FALSE) -> 0.0021632902 | M152: =LEFT(H152,FIND(" ",H152))*1 -> 500 | Q152: =IF(Q$143=$M152,1,0) -> 0 | R152: =IF(R$143=$M152,1,0) -> 0 | S152: =IF(S$143=$M152,1,0) -> 0 | T152: =IF(T$143=$M152,1,0) -> 0 | U152: =IF(U$143=$M152,1,0) -> 0 | V152: =IF(V$143=$M152,1,0) -> 0 | W152: =IF(W$143=$M152,1,0) -> 0 | X152: =IF(X$143=$M152,1,0) -> 0 | ... AL152: =IF(AL$143=$M152,1,0) -> 0
B153: =D153&F153 -> Paquete Infinitum 999Residencial | C153: =1+C152 -> 10 | D153: Paquete Infinitum 999 | F153: =IFERROR(VLOOKUP($D153,'Planes y paquetes'!$C$661:$E$699,2,FALSE),"") -> Residencial | G153: =IFERROR(VLOOKUP($D153,'Planes y paquetes'!$C$661:$E$699,3,FALSE),"") -> Telefonía fija + Internet fijo | H153: =IFERROR(VLOOKUP($D153,'Planes y paquetes'!$C$391:$BW$429,13,FALSE),"") -> 750 Mbps | I153: =INDEX(vector.implicit.prices.broadband.after.discount,MATCH('Cálculos auxiliares'!D153,vector.plans.names,0)) -> 457.04813 | J153: =IF(G153="Internet fijo",I153-VLOOKUP(H153,weighted.average.local.loop.by.plan.by.tx.media,5,FALSE),I153) -> 457.04813 | K153: =VLOOKUP(B153,AEP.broadband.distribution.by.plan,6+MATCH(Year.selected,Years,0),FALSE) -> 0.0052263493 | M153: =LEFT(H153,FIND(" ",H153))*1 -> 750 | Q153: =IF(Q$143=$M153,1,0) -> 0 | R153: =IF(R$143=$M153,1,0) -> 0 | S153: =IF(S$143=$M153,1,0) -> 0 | T153: =IF(T$143=$M153,1,0) -> 0 | U153: =IF(U$143=$M153,1,0) -> 0 | V153: =IF(V$143=$M153,1,0) -> 0 | W153: =IF(W$143=$M153,1,0) -> 0 | X153: =IF(X$143=$M153,1,0) -> 0 | ... AL153: =IF(AL$143=$M153,1,0) -> 0
B154: =D154&F154 -> Paquete 1399Residencial | C154: =1+C153 -> 11 | D154: Paquete 1399 | F154: =IFERROR(VLOOKUP($D154,'Planes y paquetes'!$C$661:$E$699,2,FALSE),"") -> Residencial | G154: =IFERROR(VLOOKUP($D154,'Planes y paquetes'!$C$661:$E$699,3,FALSE),"") -> Telefonía fija + Internet fijo | H154: =IFERROR(VLOOKUP($D154,'Planes y paquetes'!$C$391:$BW$429,13,FALSE),"") -> 1000 Mbps | I154: =INDEX(vector.implicit.prices.broadband.after.discount,MATCH('Cálculos auxiliares'!D154,vector.plans.names,0)) -> 970.76296 | J154: =IF(G154="Internet fijo",I154-VLOOKUP(H154,weighted.average.local.loop.by.plan.by.tx.media,5,FALSE),I154) -> 970.76296 | K154: =VLOOKUP(B154,AEP.broadband.distribution.by.plan,6+MATCH(Year.selected,Years,0),FALSE) -> 0.0014324857 | M154: =LEFT(H154,FIND(" ",H154))*1 -> 1000 | Q154: =IF(Q$143=$M154,1,0) -> 0 | R154: =IF(R$143=$M154,1,0) -> 0 | S154: =IF(S$143=$M154,1,0) -> 0 | T154: =IF(T$143=$M154,1,0) -> 0 | U154: =IF(U$143=$M154,1,0) -> 0 | V154: =IF(V$143=$M154,1,0) -> 0 | W154: =IF(W$143=$M154,1,0) -> 0 | X154: =IF(X$143=$M154,1,0) -> 0 | ... AL154: =IF(AL$143=$M154,1,0) -> 1
B155: =D155&F155 -> Infinitum 279Residencial | C155: =1+C154 -> 12 | D155: Infinitum 279 | F155: =IFERROR(VLOOKUP($D155,'Planes y paquetes'!$C$661:$E$699,2,FALSE),"") -> Residencial | G155: =IFERROR(VLOOKUP($D155,'Planes y paquetes'!$C$661:$E$699,3,FALSE),"") -> Internet fijo | H155: =IFERROR(VLOOKUP($D155,'Planes y paquetes'!$C$391:$BW$429,13,FALSE),"") -> 30 Mbps | I155: =INDEX(vector.implicit.prices.broadband.after.discount,MATCH('Cálculos auxiliares'!D155,vector.plans.names,0)) -> 237 | J155: =IF(G155="Internet fijo",I155-VLOOKUP(H155,weighted.average.local.loop.by.plan.by.tx.media,5,FALSE),I155) -> 134.49333 | K155: =VLOOKUP(B155,AEP.broadband.distribution.by.plan,6+MATCH(Year.selected,Years,0),FALSE) -> 0.0014240705 | M155: =LEFT(H155,FIND(" ",H155))*1 -> 30 | Q155: =IF(Q$143=$M155,1,0) -> 0 | R155: =IF(R$143=$M155,1,0) -> 0 | S155: =IF(S$143=$M155,1,0) -> 0 | T155: =IF(T$143=$M155,1,0) -> 0 | U155: =IF(U$143=$M155,1,0) -> 0 | V155: =IF(V$143=$M155,1,0) -> 1 | W155: =IF(W$143=$M155,1,0) -> 0 | X155: =IF(X$143=$M155,1,0) -> 0 | ... AL155: =IF(AL$143=$M155,1,0) -> 0
B156: =D156&F156 -> Infinitum 299 RResidencial | C156: =1+C155 -> 13 | D156: Infinitum 299 R | F156: =IFERROR(VLOOKUP($D156,'Planes y paquetes'!$C$661:$E$699,2,FALSE),"") -> Residencial | G156: =IFERROR(VLOOKUP($D156,'Planes y paquetes'!$C$661:$E$699,3,FALSE),"") -> Internet fijo | H156: =IFERROR(VLOOKUP($D156,'Planes y paquetes'!$C$391:$BW$429,13,FALSE),"") -> 40 Mbps | I156: =INDEX(vector.implicit.prices.broadband.after.discount,MATCH('Cálculos auxiliares'!D156,vector.plans.names,0)) -> 232 | J156: =IF(G156="Internet fijo",I156-VLOOKUP(H156,weighted.average.local.loop.by.plan.by.tx.media,5,FALSE),I156) -> 129.49333 | K156: =VLOOKUP(B156,AEP.broadband.distribution.by.plan,6+MATCH(Year.selected,Years,0),FALSE) -> 1.3365356e-05 | M156: =LEFT(H156,FIND(" ",H156))*1 -> 40 | Q156: =IF(Q$143=$M156,1,0) -> 0 | R156: =IF(R$143=$M156,1,0) -> 0 | S156: =IF(S$143=$M156,1,0) -> 0 | T156: =IF(T$143=$M156,1,0) -> 0 | U156: =IF(U$143=$M156,1,0) -> 0 | V156: =IF(V$143=$M156,1,0) -> 0 | W156: =IF(W$143=$M156,1,0) -> 1 | X156: =IF(X$143=$M156,1,0) -> 0 | ... AL156: =IF(AL$143=$M156,1,0) -> 0
... B182: =D182&F182 -> Infinitum Negocio PremiumNo Residencial | C182: =1+C181 -> 39 | D182: Infinitum Negocio Premium | F182: =IFERROR(VLOOKUP($D182,'Planes y paquetes'!$C$661:$E$699,2,FALSE),"") -> No Residencial | G182: =IFERROR(VLOOKUP($D182,'Planes y paquetes'!$C$661:$E$699,3,FALSE),"") -> Internet fijo | H182: =IFERROR(VLOOKUP($D182,'Planes y paquetes'!$C$391:$BW$429,13,FALSE),"") -> 100 Mbps | I182: =INDEX(vector.implicit.prices.broadband.after.discount,MATCH('Cálculos auxiliares'!D182,vector.plans.names,0)) -> 911 | J182: =IF(G182="Internet fijo",I182-VLOOKUP(H182,weighted.average.local.loop.by.plan.by.tx.media,5,FALSE),I182) -> 808.49333 | K182: =VLOOKUP(B182,AEP.broadband.distribution.by.plan,6+MATCH(Year.selected,Years,0),FALSE) -> 0.0007689205 | M182: =LEFT(H182,FIND(" ",H182))*1 -> 100 | Q182: =IF(Q$143=$M182,1,0) -> 0 | R182: =IF(R$143=$M182,1,0) -> 0 | S182: =IF(S$143=$M182,1,0) -> 0 | T182: =IF(T$143=$M182,1,0) -> 0 | U182: =IF(U$143=$M182,1,0) -> 0 | V182: =IF(V$143=$M182,1,0) -> 0 | W182: =IF(W$143=$M182,1,0) -> 0 | X182: =IF(X$143=$M182,1,0) -> 0 | ... AL182: =IF(AL$143=$M182,1,0) -> 0
L183: weighted.average.local.loop.by.plan | Q183: 1=Si, 0=No | R183: 1=Si, 0=No | S183: 1=Si, 0=No | U183: 1=Si, 0=No | V183: 1=Si, 0=No | W183: 1=Si, 0=No | X183: 1=Si, 0=No | Y183: 1=Si, 0=No | Z183: 1=Si, 0=No | AA183: 1=Si, 0=No | AB183: 1=Si, 0=No | AC183: 1=Si, 0=No | AD183: 1=Si, 0=No | AE183: 1=Si, 0=No | AF183: 1=Si, 0=No | AG183: 1=Si, 0=No | AH183: 1=Si, 0=No | AI183: 1=Si, 0=No | AJ183: 1=Si, 0=No | AK183: 1=Si, 0=No | AL183: 1=Si, 0=No
C185: Estimación del precio promedio por Mbps por perfil | Q185: =Q143 -> 3 | R185: =R143 -> 5 | S185: =S143 -> 10 | T185: =T143 -> 15 | U185: =U143 -> 20 | V185: =V143 -> 30 | W185: =W143 -> 40 | X185: =X143 -> 50 | ... AL185: =AL143 -> 1000
H186: ="MXN/ Mbps "&Year.selected -> MXN/ Mbps 2025 | M186: Modelo anterior 2019 | N186: Modelo 2020 | O186: Modelo 2021 | P186: Modelo 2022 | Q186: Modelo 2023 | R186: Modelo 2024
D187: Perfil de velocidad de bajada (Mbps) | E187: ="Suscriptores en el perfil en el año "&Year.selected -> Suscriptores en el perfil en el año 2025 | F187: Precio implícito promedio (simple) | G187: Precio implícito promedio ponderado | H187: A partir de promedio simple | I187: A partir de promedio ponderado | J187: Datos para la estimación* | M187: A partir de promedio ponderado | N187: Estimado | O187: Estimado | P187: Estimado | Q187: Estimado | R187: Estimado
C188: 1 | D188: 5 | E188: =SUMIFS($K$144:$K$177,$M$144:$M$177,D188) -> 0 | F188: =IFERROR(AVERAGEIFS($J$144:$J$177,$M$144:$M$177,$D188),"") | G188: =IFERROR(SUMPRODUCT($J$144:$J$177,R$144:R$177,$K$144:$K$177)/E188,"") | H188: =IFERROR(F188/$D188,"") | I188: =IFERROR(G188/$D188,"") | J188: =H188 | L188: 5 | M188: 24.640728 | N188: 14.970655 | O188: 14.457698 | P188: 10.738
C189: =C188+1 -> 2 | D189: 15 | E189: =SUMIFS($K$144:$K$182,$M$144:$M$182,D189) -> 0.028689562 | F189: =IFERROR(AVERAGEIFS($J$144:$J$182,$M$144:$M$182,$D189),"") -> 92.666667 | G189: =IFERROR(SUMPRODUCT($J$144:$J$182,T$144:T$182,$K$144:$K$182)/E189,"") -> 81.402648 | H189: =IFERROR(F189/$D189,"") -> 6.1777778 | I189: =IFERROR(G189/$D189,"") -> 5.4268432 | J189: =AVERAGE(H189,R189) -> 5.3930556 | L189: 15 | Q189: 3.5793333 | R189: 4.6083333
C190: =C189+1 -> 3 | D190: 20 | E190: =SUMIFS($K$144:$K$182,$M$144:$M$182,D190) -> 0 | F190: =IFERROR(AVERAGEIFS($J$144:$J$182,$M$144:$M$182,$D190),"") | G190: =IFERROR(SUMPRODUCT($J$144:$J$177,U$144:U$177,$K$144:$K$177)/E190,"") | H190: =IFERROR(F190/$D190,"") | I190: =IFERROR(G190/$D190,"") | J190: =AVERAGE(H190,R190) -> 6.0609547 | L190: 20 | M190: 5.8372338 | N190: 8.2825146 | O190: 5.147593 | P190: 5.6204845 | Q190: 6.0609547 | R190: 6.0609547
...

Sheet Cálculos principales
D1: Cálculos principales
I2: 1 | J2: =I2+1 -> 2 | K2: =J2+1 -> 3 | L2: =K2+1 -> 4 | M2: =L2+1 -> 5 | N2: =M2+1 -> 6 | O2: =N2+1 -> 7 | P2: =O2+1 -> 8 | Q2: =P2+1 -> 9 | ... AW2: =AV2+1 -> 41
C3: Concepto | G3: Unidad | I3: {=TRANSPOSE(vector.plans.names)} -> Renta Mensual de la Línea Residencial | J3: Renta Mensual de la Línea Comercial | K3: Paquete 249 | L3: Paquete 289 | M3: Paquete 333 | N3: Paquete 389 | O3: Paquete 435 | P3: Paquete 499 | Q3: Paquete 599 | R3: Paquete 649 | S3: Paquetre 725 | T3: Paquete Infinitum 999 | U3: Paquete 1399 | V3: Infinitum 279 | W3: Infinitum 299 R | X3: Infinitum 349 | Y3: Infinitum 399 | Z3: Infinitum 449 | AA3: Infinitum 499 | AB3: Infinitum 549 | AC3: Infinitum 649 | AD3: Infinitum 899 | AE3: Paquete Conectes Negocio | AF3: Paquete Mi Negocio | AG3: Paquete Negocio 649 | AH3: Paquete Supernegocio | AI3: Paquete Negocio 999 | AJ3: Paquete Telmex Negocio Ilimitado 1 | AK3: Paquete Telmex Negocio Ilimitado 2 | AL3: Paquete Telmex Negocio Ilimitado 3 | AM3: Infinitum 299 N | AN3: Infinitum Negocio 349 | AO3: Infinitum Negocio 399 | AP3: Infinitum Negocio 449 | AQ3: Infinitum Negocio 499 | AR3: Infinitum Negocio 549 | AS3: Infinitum Negocio 649 | AT3: Infinitum Negocio 899 | AU3: Infinitum Negocio | AV3: Infinitum Negocio Red | AW3: Infinitum Negocio Premium | BA3: Check | BB3: Notas
A4: 1 | B4: Información general de planes y paquetes | G4: Unidad
C5: Tipo de servicio | G5: Telefonía Fija, Internet Fijo, Telefonía Fija+ Internet Fijo | H5: Fuente: AEP | I5: =IFERROR(VLOOKUP(I$3,'Planes y paquetes'!$C$197:$J$198,3,FALSE),"") -> Telefonía fija | J5: =IFERROR(VLOOKUP(J$3,'Planes y paquetes'!$C$197:$J$198,3,FALSE),"") -> Telefonía fija | K5: =IFERROR(VLOOKUP(K$3,'Planes y paquetes'!$C$391:$BW$429,3,FALSE),"") -> Telefonía fija + Internet fijo | L5: =IFERROR(VLOOKUP(L$3,'Planes y paquetes'!$C$391:$BW$429,3,FALSE),"") -> Telefonía fija + Internet fijo | M5: =IFERROR(VLOOKUP(M$3,'Planes y paquetes'!$C$391:$BW$429,3,FALSE),"") -> Telefonía fija + Internet fijo | N5: =IFERROR(VLOOKUP(N$3,'Planes y paquetes'!$C$391:$BW$429,3,FALSE),"") -> Telefonía fija + Internet fijo | O5: =IFERROR(VLOOKUP(O$3,'Planes y paquetes'!$C$391:$BW$429,3,FALSE),"") -> Telefonía fija + Internet fijo | P5: =IFERROR(VLOOKUP(P$3,'Planes y paquetes'!$C$391:$BW$429,3,FALSE),"") -> Telefonía fija + Internet fijo | Q5: =IFERROR(VLOOKUP(Q$3,'Planes y paquetes'!$C$391:$BW$429,3,FALSE),"") -> Telefonía fija + Internet fijo | R5: =IFERROR(VLOOKUP(R$3,'Planes y paquetes'!$C$391:$BW$429,3,FALSE),"") -> Telefonía fija + Internet fijo | ... AW5: =IFERROR(VLOOKUP(AW$3,'Planes y paquetes'!$C$391:$BW$429,3,FALSE),"") -> Internet fijo
C7: Modalidad del servicio | G7: Residencial/No Residencial | H7: Fuente: AEP | I7: =IFERROR(VLOOKUP(I$3,'Planes y paquetes'!$C$197:$J$198,2,FALSE),"") -> Residencial | J7: =IFERROR(VLOOKUP(J$3,'Planes y paquetes'!$C$197:$J$198,2,FALSE),"") -> No Residencial | K7: =IFERROR(VLOOKUP(K$3,'Planes y paquetes'!$C$391:$BW$429,2,FALSE),"") -> Residencial | L7: =IFERROR(VLOOKUP(L$3,'Planes y paquetes'!$C$391:$BW$429,2,FALSE),"") -> Residencial | M7: =IFERROR(VLOOKUP(M$3,'Planes y paquetes'!$C$391:$BW$429,2,FALSE),"") -> Residencial | N7: =IFERROR(VLOOKUP(N$3,'Planes y paquetes'!$C$391:$BW$429,2,FALSE),"") -> Residencial | O7: =IFERROR(VLOOKUP(O$3,'Planes y paquetes'!$C$391:$BW$429,2,FALSE),"") -> Residencial | P7: =IFERROR(VLOOKUP(P$3,'Planes y paquetes'!$C$391:$BW$429,2,FALSE),"") -> Residencial | Q7: =IFERROR(VLOOKUP(Q$3,'Planes y paquetes'!$C$391:$BW$429,2,FALSE),"") -> Residencial | R7: =IFERROR(VLOOKUP(R$3,'Planes y paquetes'!$C$391:$BW$429,2,FALSE),"") -> Residencial | ... AW7: =IFERROR(VLOOKUP(AW$3,'Planes y paquetes'!$C$391:$BW$429,2,FALSE),"") -> No Residencial
I8: =I3&I7 -> Renta Mensual de la Línea ResidencialResidencial | J8: =J3&J7 -> Renta Mensual de la Línea ComercialNo Residencial | K8: =K3&K7 -> Paquete 249Residencial | L8: =L3&L7 -> Paquete 289Residencial | M8: =M3&M7 -> Paquete 333Residencial | N8: =N3&N7 -> Paquete 389Residencial | O8: =O3&O7 -> Paquete 435Residencial | P8: =P3&P7 -> Paquete 499Residencial | ... AW8: =AW3&AW7 -> Infinitum Negocio PremiumNo Residencial
C9: Suscripciones de banda ancha fija por plan/paquete en el año de referencia | G9: # Suscripciones | H9: =SUM(vector.users.broadband) -> 11077440 | I9: =IFERROR(VLOOKUP(I$8,AEP.broadband.subs.by.plan,6+MATCH(Year.selected,Years),FALSE),0) -> 0 | J9: =IFERROR(VLOOKUP(J$8,AEP.broadband.subs.by.plan,6+MATCH(Year.selected,Years),FALSE),0) -> 0 | K9: =IFERROR(VLOOKUP(K$8,AEP.broadband.subs.by.plan,6+MATCH(Year.selected,Years),FALSE),0) -> 201751.81 | L9: =IFERROR(VLOOKUP(L$8,AEP.broadband.subs.by.plan,6+MATCH(Year.selected,Years),FALSE),0) -> 49381.47 | M9: =IFERROR(VLOOKUP(M$8,AEP.broadband.subs.by.plan,6+MATCH(Year.selected,Years),FALSE),0) -> 66673.621 | N9: =IFERROR(VLOOKUP(N$8,AEP.broadband.subs.by.plan,6+MATCH(Year.selected,Years),FALSE),0) -> 4930514 | O9: =IFERROR(VLOOKUP(O$8,AEP.broadband.subs.by.plan,6+MATCH(Year.selected,Years),FALSE),0) -> 267985.84 | P9: =IFERROR(VLOOKUP(P$8,AEP.broadband.subs.by.plan,6+MATCH(Year.selected,Years),FALSE),0) -> 404804.13 | ... AW9: =IFERROR(VLOOKUP(AW$8,AEP.broadband.subs.by.plan,6+MATCH(Year.selected,Years),FALSE),0) -> 8517.6707 | AX9: vector.users.broadband | BA9: =INDEX(Broadbad.suscriptions.AEP,MATCH(Year.selected,Years))=H9 -> TRUE | BB9: Verifica consistencia con la cantidad de suscripciones de banda ancha fija del operador
C10: Porcentaje respecto al total | G10: % | H10: =SUM(vector.distribution.users.broadband) -> 1 | I10: =IFERROR(VLOOKUP(I$8,AEP.broadband.distribution.by.plan,6+MATCH(Year.selected,Years),FALSE),0) -> 0 | J10: =IFERROR(VLOOKUP(J$8,AEP.broadband.distribution.by.plan,6+MATCH(Year.selected,Years),FALSE),0) -> 0 | K10: =IFERROR(VLOOKUP(K$8,AEP.broadband.distribution.by.plan,6+MATCH(Year.selected,Years),FALSE),0) -> 0.018212856 | L10: =IFERROR(VLOOKUP(L$8,AEP.broadband.distribution.by.plan,6+MATCH(Year.selected,Years),FALSE),0) -> 0.0044578413 | M10: =IFERROR(VLOOKUP(M$8,AEP.broadband.distribution.by.plan,6+MATCH(Year.selected,Years),FALSE),0) -> 0.0060188654 | N10: =IFERROR(VLOOKUP(N$8,AEP.broadband.distribution.by.plan,6+MATCH(Year.selected,Years),FALSE),0) -> 0.44509508 | O10: =IFERROR(VLOOKUP(O$8,AEP.broadband.distribution.by.plan,6+MATCH(Year.selected,Years),FALSE),0) -> 0.024192037 | P10: =IFERROR(VLOOKUP(P$8,AEP.broadband.distribution.by.plan,6+MATCH(Year.selected,Years),FALSE),0) -> 0.036543112 | ... AW10: =IFERROR(VLOOKUP(AW$8,AEP.broadband.distribution.by.plan,6+MATCH(Year.selected,Years),FALSE),0) -> 0.0007689205 | AX10: vector.distribution.users.broadband
C12: Líneas de telefonía fija por plan/paquete en el año de referencia | G12: # Líneas telefónicas | H12: =SUM(vector.users.telephone) -> 10170846 | I12: =IFERROR(VLOOKUP(I$8,AEP.telephony.subs.by.plan,6+MATCH(Year.selected,Years),FALSE),0) -> 523358.45 | J12: =IFERROR(VLOOKUP(J$8,AEP.telephony.subs.by.plan,6+MATCH(Year.selected,Years),FALSE),0) -> 1932926.3 | K12: =IFERROR(VLOOKUP(K$8,AEP.telephony.subs.by.plan,6+MATCH(Year.selected,Years),FALSE),0) -> 201751.81 | L12: =IFERROR(VLOOKUP(L$8,AEP.telephony.subs.by.plan,6+MATCH(Year.selected,Years),FALSE),0) -> 49381.47 | M12: =IFERROR(VLOOKUP(M$8,AEP.telephony.subs.by.plan,6+MATCH(Year.selected,Years),FALSE),0) -> 66673.621 | N12: =IFERROR(VLOOKUP(N$8,AEP.telephony.subs.by.plan,6+MATCH(Year.selected,Years),FALSE),0) -> 4930514 | O12: =IFERROR(VLOOKUP(O$8,AEP.telephony.subs.by.plan,6+MATCH(Year.selected,Years),FALSE),0) -> 267985.84 | P12: =IFERROR(VLOOKUP(P$8,AEP.telephony.subs.by.plan,6+MATCH(Year.selected,Years),FALSE),0) -> 404804.13 | ... AW12: =IFERROR(VLOOKUP(AW$8,AEP.telephony.subs.by.plan,6+MATCH(Year.selected,Years),FALSE),0) -> 0 | AX12: vector.users.telephone | BA12: =INDEX(AEP.telephone.lines,MATCH(Year.selected,Years))=H12 -> TRUE | BB12: Verifica consistencia con la cantidad de suscripciones de banda ancha fija del operador
C13: Porcentaje respecto al total | G13: % | H13: =SUM(vector.users.distribution.telephone) -> 1 | I13: =IFERROR(VLOOKUP(I$8,AEP.telephony.distribution.by.plan,6+MATCH(Year.selected,Years),FALSE),0) -> 0.051567537 | J13: =IFERROR(VLOOKUP(J$8,AEP.telephony.distribution.by.plan,6+MATCH(Year.selected,Years),FALSE),0) -> 0.19045503 | K13: =IFERROR(VLOOKUP(K$8,AEP.telephony.distribution.by.plan,6+MATCH(Year.selected,Years),FALSE),0) -> 0.019879003 | L13: =IFERROR(VLOOKUP(L$8,AEP.telephony.distribution.by.plan,6+MATCH(Year.selected,Years),FALSE),0) -> 0.0048656533 | M13: =IFERROR(VLOOKUP(M$8,AEP.telephony.distribution.by.plan,6+MATCH(Year.selected,Years),FALSE),0) -> 0.0065694829 | N13: =IFERROR(VLOOKUP(N$8,AEP.telephony.distribution.by.plan,6+MATCH(Year.selected,Years),FALSE),0) -> 0.48581323 | O13: =IFERROR(VLOOKUP(O$8,AEP.telephony.distribution.by.plan,6+MATCH(Year.selected,Years),FALSE),0) -> 0.026405172 | P13: =IFERROR(VLOOKUP(P$8,AEP.telephony.distribution.by.plan,6+MATCH(Year.selected,Years),FALSE),0) -> 0.039886146 | ... AW13: =IFERROR(VLOOKUP(AW$8,AEP.telephony.distribution.by.plan,6+MATCH(Year.selected,Years),FALSE),0) -> 0 | AX13: vector.users.distribution.telephone
C15: Periodicidad asumida para estimación de ingresos
C16: Periodicidad | G16: Meses | I16: 12 | J16: 12 | K16: 12 | L16: 12 | M16: 12 | N16: 12 | O16: 12 | P16: 12 | Q16: 12 | R16: 12 | S16: 12 | T16: 12 | U16: 12 | V16: 12 | W16: 12 | X16: 12 | Y16: 12 | Z16: 12 | AA16: 12 | AB16: 12 | AC16: 12 | AD16: 12 | AE16: 12 | AF16: 12 | AG16: 12 | AH16: 12 | AI16: 12 | AJ16: 12 | AK16: 12 | AL16: 12 | AM16: 12 | AN16: 12 | AO16: 12 | AP16: 12 | AQ16: 12 | AR16: 12 | AS16: 12 | AT16: 12 | AU16: 12 | AV16: 12 | AW16: 12 | AX16: vector.periodicity
C18: Otros vectores auxiliares
C19: Se encuentra vigente el plan/paquete? | G19: Binario (1=Si, 0=No) | I19: =IF(I16=12,1,0) -> 1 | J19: =IF(J16=12,1,0) -> 1 | K19: =IF(K16=12,1,0) -> 1 | L19: =IF(L16=12,1,0) -> 1 | M19: =IF(M16=12,1,0) -> 1 | N19: =IF(N16=12,1,0) -> 1 | O19: =IF(O16=12,1,0) -> 1 | P19: =IF(P16=12,1,0) -> 1 | ... AW19: =IF(AW16=12,1,0) -> 1 | AX19: vector.plans.available
C20: Se trata de un plan/paquete residencial que incluye telefonía fija? | G20: Binario (1=Si, 0=No) | I20: =IF(I5<>"Internet fijo",IF(I7="Residencial",1,0),0) -> 1 | J20: =IF(J5<>"Internet fijo",IF(J7="Residencial",1,0),0) -> 0 | K20: =IF(K5<>"Internet fijo",IF(K7="Residencial",1,0),0) -> 1 | L20: =IF(L5<>"Internet fijo",IF(L7="Residencial",1,0),0) -> 1 | M20: =IF(M5<>"Internet fijo",IF(M7="Residencial",1,0),0) -> 1 | N20: =IF(N5<>"Internet fijo",IF(N7="Residencial",1,0),0) -> 1 | O20: =IF(O5<>"Internet fijo",IF(O7="Residencial",1,0),0) -> 1 | P20: =IF(P5<>"Internet fijo",IF(P7="Residencial",1,0),0) -> 1 | ... AW20: =IF(AW5<>"Internet fijo",IF(AW7="Residencial",1,0),0) -> 0 | AX20: vector.plans.with.line.rental.residential
C21: Se trata de un plan/paquete no residencial que incluye telefonía fija? | G21: Binario (1=Si, 0=No) | I21: =IF(I5<>"Internet fijo",IF(I7="No Residencial",1,0),0) -> 0 | J21: =IF(J5<>"Internet fijo",IF(J7="No Residencial",1,0),0) -> 1 | K21: =IF(K5<>"Internet fijo",IF(K7="No Residencial",1,0),0) -> 0 | L21: =IF(L5<>"Internet fijo",IF(L7="No Residencial",1,0),0) -> 0 | M21: =IF(M5<>"Internet fijo",IF(M7="No Residencial",1,0),0) -> 0 | N21: =IF(N5<>"Internet fijo",IF(N7="No Residencial",1,0),0) -> 0 | O21: =IF(O5<>"Internet fijo",IF(O7="No Residencial",1,0),0) -> 0 | P21: =IF(P5<>"Internet fijo",IF(P7="No Residencial",1,0),0) -> 0 | ... AW21: =IF(AW5<>"Internet fijo",IF(AW7="No Residencial",1,0),0) -> 0 | AX21: vector.plans.with.line.rental.noresidential
A23: 2 | B23: Estimación del precio implícito de los servicios asociados a voz que integran los plaques y paquetes
C25: Cantidad de líneas telefónicas incluidas en plan o paquete | G25: # líneas incluidas | H25: Fuente: AEP | I25: 1 | J25: 1 | K25: =IFERROR(VLOOKUP(K$8,'Planes y paquetes'!$A$391:$BW$429,8,FALSE),0) -> 1 | L25: =IFERROR(VLOOKUP(L$8,'Planes y paquetes'!$A$391:$BW$429,8,FALSE),0) -> 1 | M25: =IFERROR(VLOOKUP(M$8,'Planes y paquetes'!$A$391:$BW$429,8,FALSE),0) -> 1 | N25: =IFERROR(VLOOKUP(N$8,'Planes y paquetes'!$A$391:$BW$429,8,FALSE),0) -> 1 | O25: =IFERROR(VLOOKUP(O$8,'Planes y paquetes'!$A$391:$BW$429,8,FALSE),0) -> 1 | P25: =IFERROR(VLOOKUP(P$8,'Planes y paquetes'!$A$391:$BW$429,8,FALSE),0) -> 1 | Q25: =IFERROR(VLOOKUP(Q$8,'Planes y paquetes'!$A$391:$BW$429,8,FALSE),0) -> 2 | R25: =IFERROR(VLOOKUP(R$8,'Planes y paquetes'!$A$391:$BW$429,8,FALSE),0) -> 2 | ... AW25: =IFERROR(VLOOKUP(AW$8,'Planes y paquetes'!$A$391:$BW$429,8,FALSE),0) -> 0 | AX25: vector.lines.publicited
B27: 2.1 | C27: Renta de línea | I27: =I28 -> 156.55 | J27: =J28 -> 198 | K27: =K28 -> 156.55 | L27: =L28 -> 156.55 | M27: =M28 -> 156.55 | N27: =N28 -> 156.55 | O27: =O28 -> 156.55 | P27: =P28 -> 156.55 | ... AW27: =AW28 -> 0 | AX27: vector.implicit.prices.line.rental.before.discount
C28: Valor de la renta de línea (considerando todas las líneas telefónicas que incluye el plan/paquete) | G28: MXN/ Mes | H28: Fuente: Estimación IFT | I28: 156.55 | J28: 198 | K28: =IF(K5<>"Internet fijo", IF(K7="Residencial",$I$28,$J$28),0) -> 156.55 | L28: =IF(L5<>"Internet fijo", IF(L7="Residencial",$I$28,$J$28),0) -> 156.55 | M28: =IF(M5<>"Internet fijo", IF(M7="Residencial",$I$28,$J$28),0) -> 156.55 | N28: =IF(N5<>"Internet fijo", IF(N7="Residencial",$I$28,$J$28),0) -> 156.55 | O28: =IF(O5<>"Internet fijo", IF(O7="Residencial",$I$28,$J$28),0) -> 156.55 | P28: =IF(P5<>"Internet fijo", IF(P7="Residencial",$I$28,$J$28),0) -> 156.55 | Q28: =IF(Q5<>"Internet fijo", IF(Q7="Residencial",$I$28,$J$28),0) -> 156.55 | R28: =IF(R5<>"Internet fijo", IF(R7="Residencial",$I$28,$J$28),0) -> 156.55 | ... AW28: =IF(AW5<>"Internet fijo", IF(AW7="Residencial",$I$28,$J$28),0) -> 0
AD29: =AD25*AD28 -> 0
B30: 2.2 | C30: Servicios de voz, no incluidos en la renta de la línea | G30: MXN/ Mes | H30: Fuente: AEP | I30: 0 | J30: 0 | K30: =IFERROR(VLOOKUP(K$3,Precios!$C$366:$Z$404,23,FALSE),0) -> 0 | L30: =IFERROR(VLOOKUP(L$3,Precios!$C$366:$Z$404,23,FALSE),0) -> 5 | M30: =IFERROR(VLOOKUP(M$3,Precios!$C$366:$Z$404,23,FALSE),0) -> 7 | N30: =IFERROR(VLOOKUP(N$3,Precios!$C$366:$Z$404,23,FALSE),0) -> 42 | O30: =IFERROR(VLOOKUP(O$3,Precios!$C$366:$Z$404,23,FALSE),0) -> 37 | P30: =IFERROR(VLOOKUP(P$3,Precios!$C$366:$Z$404,23,FALSE),0) -> 32 | Q30: =IFERROR(VLOOKUP(Q$3,Precios!$C$366:$Z$404,23,FALSE),0) -> 46 | R30: =IFERROR(VLOOKUP(R$3,Precios!$C$366:$Z$404,23,FALSE),0) -> 51 | ... AW30: =IFERROR(VLOOKUP(AW$3,Precios!$C$366:$Z$404,23,FALSE),0) -> 0 | AX30: vector.implicit.prices.voice.before.discount
B34: 2.3 | C34: Servicios digitales, que no se encuentran considerados en la renta de la línea | I34: =I40 -> 2.5 | J34: =J40 -> 0 | K34: =K40 -> 0 | L34: =L40 -> 0 | M34: =M40 -> 0 | N34: =N40 -> 77.5 | O34: =O40 -> 77.5 | P34: =P40 -> 77.5 | ... AW34: =AW40 -> 0 | AX34: vector.implicit.prices.digitalservices.before.discount
C36: Cantidad de servicios digitales incluidos en plan/paquete | G36: # | H36: Fuente: AEP | I36: 3 | J36: =IFERROR(VLOOKUP(J$3,#REF!,11,FALSE),0) -> 0 | K36: =IFERROR(VLOOKUP(K$8,'Planes y paquetes'!$A$391:$BW$429,13,FALSE),0) -> 0 | L36: =IFERROR(VLOOKUP(L$8,'Planes y paquetes'!$A$391:$BW$429,13,FALSE),0) -> 0 | M36: =IFERROR(VLOOKUP(M$8,'Planes y paquetes'!$A$391:$BW$429,13,FALSE),0) -> 0 | N36: =IFERROR(VLOOKUP(N$8,'Planes y paquetes'!$A$391:$BW$429,13,FALSE),0) -> 5 | O36: =IFERROR(VLOOKUP(O$8,'Planes y paquetes'!$A$391:$BW$429,13,FALSE),0) -> 5 | P36: =IFERROR(VLOOKUP(P$8,'Planes y paquetes'!$A$391:$BW$429,13,FALSE),0) -> 5 | Q36: =IFERROR(VLOOKUP(Q$8,'Planes y paquetes'!$A$391:$BW$429,13,FALSE),0) -> 5 | R36: =IFERROR(VLOOKUP(R$8,'Planes y paquetes'!$A$391:$BW$429,13,FALSE),0) -> 5 | ... AW36: =IFERROR(VLOOKUP(AW$8,'Planes y paquetes'!$A$391:$BW$429,13,FALSE),0) -> 0
C38: Valor de servicios digitales | G38: MXN/ Mes | H38: Fuente: Estimación IFT | I38: =I36*3*unit.cost.digital.service.3/(12*years.client.retention) -> 2.5 | J38: =J36*unit.cost.digital.service.5 -> 0 | K38: =IF(K36>0,IF(K7="Residencial",5*unit.cost.digital.service.5-3*3*unit.cost.digital.service.3/(12*years.client.retention),K36*unit.cost.digital.service.5),0) -> 0 | L38: =IF(L36>0,IF(L7="Residencial",5*unit.cost.digital.service.5-3*3*unit.cost.digital.service.3/(12*years.client.retention),L36*unit.cost.digital.service.5),0) -> 0 | M38: =IF(M36>0,IF(M7="Residencial",5*unit.cost.digital.service.5-3*3*unit.cost.digital.service.3/(12*years.client.retention),M36*unit.cost.digital.service.5),0) -> 0 | N38: =IF(N36>0,IF(N7="Residencial",5*unit.cost.digital.service.5-3*3*unit.cost.digital.service.3/(12*years.client.retention),N36*unit.cost.digital.service.5),0) -> 77.5 | O38: =IF(O36>0,IF(O7="Residencial",5*unit.cost.digital.service.5-3*3*unit.cost.digital.service.3/(12*years.client.retention),O36*unit.cost.digital.service.5),0) -> 77.5 | P38: =IF(P36>0,IF(P7="Residencial",5*unit.cost.digital.service.5-3*3*unit.cost.digital.service.3/(12*years.client.retention),P36*unit.cost.digital.service.5),0) -> 77.5 | Q38: =IF(Q36>0,IF(Q7="Residencial",5*unit.cost.digital.service.5-3*3*unit.cost.digital.service.3/(12*years.client.retention),Q36*unit.cost.digital.service.5),0) -> 77.5 | R38: =IF(R36>0,IF(R7="Residencial",5*unit.cost.digital.service.5-3*3*unit.cost.digital.service.3/(12*years.client.retention),R36*unit.cost.digital.service.5),0) -> 77.5 | ... AW38: =IF(AW36>0,IF(AW7="Residencial",5*unit.cost.digital.service.5-3*3*unit.cost.digital.service.3/(12*years.client.retention),AW36*unit.cost.digital.service.5),0) -> 0
C40: Valor de servicios digitales en la renta de todas las líneas del plan/paquete | G40: MXN/ Mes | H40: Fuente: Estimación IFT | I40: =I38 -> 2.5 | J40: =J38 -> 0 | K40: =K38 -> 0 | L40: =L38 -> 0 | M40: =M38 -> 0 | N40: =N38 -> 77.5 | O40: =O38 -> 77.5 | P40: =P38 -> 77.5 | ... AW40: =AW38 -> 0
B42: 2.4 | C42: Precios implícitos estimados para los servicios asociados a voz
C44: Proporción de valor de los servicios digitales incluidos en la renta mensual de los servicios (voz y línea). | G44: % | I44: =IFERROR(1-SUM(I27,I30)/SUM(I27,I30,I34),0) -> 0.015718328 | J44: =IFERROR(1-SUM(J27,J30)/SUM(J27,J30,J34),0) -> 0 | K44: =IFERROR(1-SUM(K27,K30)/SUM(K27,K30,K34),0) -> 0 | L44: =IFERROR(1-SUM(L27,L30)/SUM(L27,L30,L34),0) -> 0 | M44: =IFERROR(1-SUM(M27,M30)/SUM(M27,M30,M34),0) -> 0 | N44: =IFERROR(1-SUM(N27,N30)/SUM(N27,N30,N34),0) -> 0.28074624 | O44: =IFERROR(1-SUM(O27,O30)/SUM(O27,O30,O34),0) -> 0.28592511 | P44: =IFERROR(1-SUM(P27,P30)/SUM(P27,P30,P34),0) -> 0.29129863 | ... AW44: =IFERROR(1-SUM(AW27,AW30)/SUM(AW27,AW30,AW34),0) -> 0
G45: % | H45: =SUMPRODUCT(I44:AW44,vector.users.distribution.telephone) -> 0.20220333
B48: 2.5 | C48: Estimación del valor dentro del plan/paquetes de los conceptos que integran el servicio | I48: =SUM(I49:I51) -> 156.55 | J48: =SUM(J49:J51) -> 198 | K48: =SUM(K49:K51) -> 156.55 | L48: =SUM(L49:L51) -> 161.55 | M48: =SUM(M49:M51) -> 163.55 | N48: =SUM(N49:N51) -> 198.55 | O48: =SUM(O49:O51) -> 193.55 | P48: =SUM(P49:P51) -> 188.55 | ... AR48: =SUM(AR49:AR51) -> 0
C49: Renta de línea | G49: MXN/Mes | H49: Fuente: Estimación IFT | I49: =I27*(1-I$44) -> 154.0893 | J49: =J27*(1-J$44) -> 198 | K49: =K27*(1-K$44) -> 156.55 | L49: =L27*(1-L$44) -> 156.55 | M49: =M27*(1-M$44) -> 156.55 | N49: =N27*(1-N$44) -> 112.59918 | O49: =O27*(1-O$44) -> 111.78842 | P49: =P27*(1-P$44) -> 110.9472 | ... AW49: =AW27*(1-AW$44) -> 0 | AX49: vector.implicit.prices.line.rental.after.discount
C50: Servicios de voz | G50: MXN/Mes | H50: Fuente: Estimación IFT | I50: =I30*(1-I$44) -> 0 | J50: =J30*(1-J$44) -> 0 | K50: =K30*(1-K$44) -> 0 | L50: =L30*(1-L$44) -> 5 | M50: =M30*(1-M$44) -> 7 | N50: =N30*(1-N$44) -> 30.208658 | O50: =O30*(1-O$44) -> 26.420771 | P50: =P30*(1-P$44) -> 22.678444 | ... AW50: =AW30*(1-AW$44) -> 0 | AX50: vector.implicit.prices.voice.after.discount
C51: Servicios Digitales | G51: MXN/Mes | H51: Fuente: Estimación IFT | I51: =I34*(1-I$44) -> 2.4607042 | J51: =J34*(1-J$44) -> 0 | K51: =K34*(1-K$44) -> 0 | L51: =L34*(1-L$44) -> 0 | M51: =M34*(1-M$44) -> 0 | N51: =N34*(1-N$44) -> 55.742166 | O51: =O34*(1-O$44) -> 55.340804 | P51: =P34*(1-P$44) -> 54.924356 | ... AW51: =AW34*(1-AW$44) -> 0 | AX51: vector.implicit.prices.digitalservices.after.discount
A54: 3 | B54: Estimación del precio implícito de los servicios asociados a banda ancha que integran los plaques y paquetes
C57: Precio implícito de los conceptos que integran el servicio | G57: MXN | H57: Total | K57: =SUM(K58:K59) -> 68 | L57: =SUM(L58:L59) -> 107 | M57: =SUM(M58:M59) -> 103 | N57: =SUM(N58:N59) -> 180.50862 | O57: =SUM(O58:O59) -> 176.50862 | P57: =SUM(P58:P59) -> 240.50862 | Q57: =SUM(Q58:Q59) -> 350.50862 | R57: =SUM(R58:R59) -> 377.50862 | ... AW57: =SUM(AW58:AW59) -> 911
C58: Banda ancha | G58: MXN | H58: Fuente: AEP | K58: =IFERROR(VLOOKUP(K$3,Precios!$C$366:$Z$404,24,FALSE),0) -> 68 | L58: =IFERROR(VLOOKUP(L$3,Precios!$C$366:$Z$404,24,FALSE),0) -> 107 | M58: =IFERROR(VLOOKUP(M$3,Precios!$C$366:$Z$404,24,FALSE),0) -> 103 | N58: =IFERROR(VLOOKUP(N$3,Precios!$C$366:$Z$404,24,FALSE),0) -> 164 | O58: =IFERROR(VLOOKUP(O$3,Precios!$C$366:$Z$404,24,FALSE),0) -> 160 | P58: =IFERROR(VLOOKUP(P$3,Precios!$C$366:$Z$404,24,FALSE),0) -> 224 | Q58: =IFERROR(VLOOKUP(Q$3,Precios!$C$366:$Z$404,24,FALSE),0) -> 334 | R58: =IFERROR(VLOOKUP(R$3,Precios!$C$366:$Z$404,24,FALSE),0) -> 361 | ... AW58: =IFERROR(VLOOKUP(AW$3,Precios!$C$366:$Z$404,24,FALSE),0) -> 911 | AX58: vector.implicit.prices.broadband.before.discount
C59: Claro video | G59: MXN | H59: Fuente: Estimación IFT | K59: =IF(K63>0,clarovideo.rental.without.taxes*K64/(years.client.retention*12),0) -> 0 | L59: =IF(L63>0,clarovideo.rental.without.taxes*L64/(years.client.retention*12),0) -> 0 | M59: =IF(M63>0,clarovideo.rental.without.taxes*M64/(years.client.retention*12),0) -> 0 | N59: =IF(N63>0,clarovideo.rental.without.taxes*N64/(years.client.retention*12),0) -> 16.508621 | O59: =IF(O63>0,clarovideo.rental.without.taxes*O64/(years.client.retention*12),0) -> 16.508621 | P59: =IF(P63>0,clarovideo.rental.without.taxes*P64/(years.client.retention*12),0) -> 16.508621 | Q59: =IF(Q63>0,clarovideo.rental.without.taxes*Q64/(years.client.retention*12),0) -> 16.508621 | R59: =IF(R63>0,clarovideo.rental.without.taxes*R64/(years.client.retention*12),0) -> 16.508621 | ... AW59: =IF(AW63>0,clarovideo.rental.without.taxes*AW64/(years.client.retention*12),0) -> 0
C62: Información sobre Claro video
C63: Se ofrece Claro video sin costo para a los usuarios finales durante un periodo de tiempo? | G63: Binario (1=Si, 0=No) | H63: Fuente: Estimación IFT | K63: =IF(K64>0,1,0) -> 0 | L63: =IF(L64>0,1,0) -> 0 | M63: =IF(M64>0,1,0) -> 0 | N63: =IF(N64>0,1,0) -> 1 | O63: =IF(O64>0,1,0) -> 1 | P63: =IF(P64>0,1,0) -> 1 | Q63: =IF(Q64>0,1,0) -> 1 | R63: =IF(R64>0,1,0) -> 1 | ... AW63: =IF(AW64>0,1,0) -> 0
C64: Duración del periodo de tiempo (en meses) en que ofrece a los usuarios finales el servicio de Claro video sin costo | G64: Meses | H64: Fuente: AEP | K64: =IFERROR(MID(VLOOKUP(K$8,'Planes y paquetes'!$A$391:$BW$429,29,FALSE),1,FIND("m",VLOOKUP(K$8,'Planes y paquetes'!$A$391:$BW$429,29,FALSE),1)-1),0) -> 0 | L64: =IFERROR(MID(VLOOKUP(L$8,'Planes y paquetes'!$A$391:$BW$429,29,FALSE),1,FIND("m",VLOOKUP(L$8,'Planes y paquetes'!$A$391:$BW$429,29,FALSE),1)-1),0) -> 0 | M64: =IFERROR(MID(VLOOKUP(M$8,'Planes y paquetes'!$A$391:$BW$429,29,FALSE),1,FIND("m",VLOOKUP(M$8,'Planes y paquetes'!$A$391:$BW$429,29,FALSE),1)-1),0) -> 0 | N64: =IFERROR(MID(VLOOKUP(N$8,'Planes y paquetes'!$A$391:$BW$429,29,FALSE),1,FIND("m",VLOOKUP(N$8,'Planes y paquetes'!$A$391:$BW$429,29,FALSE),1)-1),0) -> 12 | O64: =IFERROR(MID(VLOOKUP(O$8,'Planes y paquetes'!$A$391:$BW$429,29,FALSE),1,FIND("m",VLOOKUP(O$8,'Planes y paquetes'!$A$391:$BW$429,29,FALSE),1)-1),0) -> 12 | P64: =IFERROR(MID(VLOOKUP(P$8,'Planes y paquetes'!$A$391:$BW$429,29,FALSE),1,FIND("m",VLOOKUP(P$8,'Planes y paquetes'!$A$391:$BW$429,29,FALSE),1)-1),0) -> 12 | Q64: =IFERROR(MID(VLOOKUP(Q$8,'Planes y paquetes'!$A$391:$BW$429,29,FALSE),1,FIND("m",VLOOKUP(Q$8,'Planes y paquetes'!$A$391:$BW$429,29,FALSE),1)-1),0) -> 12 | R64: =IFERROR(MID(VLOOKUP(R$8,'Planes y paquetes'!$A$391:$BW$429,29,FALSE),1,FIND("m",VLOOKUP(R$8,'Planes y paquetes'!$A$391:$BW$429,29,FALSE),1)-1),0) -> 12 | ... AW64: =IFERROR(MID(VLOOKUP(AW$8,'Planes y paquetes'!$A$391:$BW$429,29,FALSE),1,FIND("m",VLOOKUP(AW$8,'Planes y paquetes'!$A$391:$BW$429,29,FALSE),1)-1),0) -> 0
H66: =SUMPRODUCT(K67:AW67,vector.distribution.users.broadband) -> 0.064162782
C67: Nivel de descuento sobre los precios implícitos de los conceptos que integran el servicio | G67: % | K67: =IFERROR(1-K58/SUM(K58:K59),0) -> 0 | L67: =IFERROR(1-L58/SUM(L58:L59),0) -> 0 | M67: =IFERROR(1-M58/SUM(M58:M59),0) -> 0 | N67: =IFERROR(1-N58/SUM(N58:N59),0) -> 0.091456134 | O67: =IFERROR(1-O58/SUM(O58:O59),0) -> 0.093528694 | P67: =IFERROR(1-P58/SUM(P58:P59),0) -> 0.068640453 | Q67: =IFERROR(1-Q58/SUM(Q58:Q59),0) -> 0.047099043 | R67: =IFERROR(1-R58/SUM(R58:R59),0) -> 0.043730447 | ... AW67: =IFERROR(1-AW58/SUM(AW58:AW59),0) -> 0
C69: Estimación del precio dentro del plan/paquetes de los Conceptos que integran el servicio | G69: MXN | H69: Total | K69: =K70+K72 -> 68 | L69: =L70+L72 -> 107 | M69: =M70+M72 -> 103 | N69: =N70+N72 -> 164 | O69: =O70+O72 -> 160 | P69: =P70+P72 -> 224 | Q69: =Q70+Q72 -> 334 | R69: =R70+R72 -> 361 | ... AW69: =AW70+AW72 -> 911
C70: Banda ancha dentro de plan/paquete | G70: MXN | K70: =IF($BA$70="Banda ancha",K$71,"") -> 68 | L70: =IF($BA$70="Banda ancha",L$71,"") -> 107 | M70: =IF($BA$70="Banda ancha",M$71,"") -> 103 | N70: =IF($BA$70="Banda ancha",N$71,"") -> 149.00119 | O70: =IF($BA$70="Banda ancha",O$71,"") -> 145.03541 | P70: =IF($BA$70="Banda ancha",P$71,"") -> 208.62454 | Q70: =IF($BA$70="Banda ancha",Q$71,"") -> 318.26892 | R70: =IF($BA$70="Banda ancha",R$71,"") -> 345.21331 | ... AW70: =IF($BA$70="Banda ancha",AW$71,"") -> 911 | AX70: vector.implicit.prices.broadband.after.discount | BA70: Banda ancha | BB70: lista despegable para seleccionar los vectores de precios.
C71: Banda ancha | K71: =K58*(1-K$67) -> 68 | L71: =L58*(1-L$67) -> 107 | M71: =M58*(1-M$67) -> 103 | N71: =N58*(1-N$67) -> 149.00119 | O71: =O58*(1-O$67) -> 145.03541 | P71: =P58*(1-P$67) -> 208.62454 | Q71: =Q58*(1-Q$67) -> 318.26892 | R71: =R58*(1-R$67) -> 345.21331 | ... AW71: =AW58*(1-AW$67) -> 911
C72: Claro video dentro de plan/paquete | G72: MXN | K72: =K59*(1-K$67) -> 0 | L72: =L59*(1-L$67) -> 0 | M72: =M59*(1-M$67) -> 0 | N72: =N59*(1-N$67) -> 14.998806 | O72: =O59*(1-O$67) -> 14.964591 | P72: =P59*(1-P$67) -> 15.375461 | Q72: =Q59*(1-Q$67) -> 15.73108 | R72: =R59*(1-R$67) -> 15.786691 | ... AW72: =AW59*(1-AW$67) -> 0
A76: * | B76: Fin

Sheet Calculos Renta de Linea y Voz
C1: Descuentos asociados a renta de línea y servicios de voz
D2: Concepto | H2: Unidad | J2: Renta de Línea | M2: Servicios de voz | P2: Notas
A3: 1 | B3: Estimaciones
B5: 1.1 | C5: Número de líneas telefónicas del AEP
C7: Información de líneas residenciales y no residenciales
D8: ="Número de líneas en "&Year.selected-1 -> Número de líneas en 2024 | H8: # líneas | J8: =INDEX(AEP.telephone.lines,MATCH(Year.selected-1,Years,0)) -> 10115240 | M8: =J8 -> 10115240
D9: ="Número de líneas en "&Year.selected -> Número de líneas en 2025 | H9: # líneas | J9: =INDEX(AEP.telephone.lines,MATCH(Year.selected,Years,0)) -> 10170846 | M9: =J9 -> 10170846
D10: Suscriptores adicionales netos | H10: # líneas | J10: =J9-J8 -> 55606 | M10: =J10 -> 55606
D12: Índice de rotación (Churn) | H12: % | J12: =Line.rental.churn -> 0.013326667 | M12: =J12 -> 0.013326667
D14: Suscriptores adicionales brutos | H14: # líneas | J14: =J8*J12+J10 -> 190408.43 | M14: =J14 -> 190408.43
C16: Información de líneas residenciales - que brindan servicios de voz en modalidad single play
D17: ="Número de líneas en "&Year.selected-1 -> Número de líneas en 2024 | H17: # líneas | J17: =INDEX(AEP.telephone.lines.voice.only.residential,MATCH(Year.selected-1,Years,0)) -> 1653253.7 | M17: =J17 -> 1653253.7
D18: ="Número de líneas en "&Year.selected -> Número de líneas en 2025 | H18: # líneas | J18: =INDEX(AEP.telephone.lines.voice.only.residential,MATCH(Year.selected,Years,0)) -> 1932926.3 | M18: =J18 -> 1932926.3
D19: Suscriptores adicionales netos | H19: # líneas | J19: =J18-J17 -> 279672.54 | M19: =J19 -> 279672.54
D21: Índice de rotación (Churn) | H21: % | J21: =Line.rental.churn -> 0.013326667 | M21: =J21 -> 0.013326667
D23: Suscriptores adicionales brutos | H23: # líneas | J23: =J17*J21+J19 -> 301704.91 | M23: =J23 -> 301704.91
C25: Información de líneas no residenciales - que brindan servicios de voz en modalidad single play
D26: ="Número de líneas en "&Year.selected-1 -> Número de líneas en 2024 | H26: # líneas | J26: =INDEX(AEP.telephone.lines.voice.only.noresidential,MATCH(Year.selected-1,Years,0)) -> 718154.11 | M26: =J26 -> 718154.11
D27: ="Número de líneas en "&Year.selected -> Número de líneas en 2025 | H27: # líneas | J27: =INDEX(AEP.telephone.lines.voice.only.noresidential,MATCH(Year.selected,Years,0)) -> 523358.45 | M27: =J27 -> 523358.45
D28: Suscriptores adicionales netos | H28: # líneas | J28: =J27-J26 -> -194795.66 | M28: =J28 -> -194795.66
D30: Índice de rotación (Churn) | H30: % | J30: =Line.rental.churn -> 0.013326667 | M30: =J30 -> 0.013326667
D32: Suscriptores adicionales brutos | H32: # líneas | J32: =J26*J30+J28 -> -185225.06 | M32: =J32 -> -185225.06
C34: Promedio anual de líneas que brindan servicios de voz en modalidad single play
D35: Residenciales | H35: # líneas | J35: =AVERAGE(J17:J18) -> 1793090 | M35: =J35 -> 1793090
D36: No residenciales | H36: # líneas | J36: =AVERAGE(J26:J27) -> 620756.28 | M36: =J36 -> 620756.28
C38: Suscriptores adicionales brutos de banda ancha
D39: Residenciales | H39: # líneas | J39: =Broadband.gross.adds.residential.with.line.rental -> 813602.47 | M39: =J39 -> 813602.47
D40: No residenciales | H40: # líneas | J40: =Broadband.gross.adds.non.residential -> -85345.515 | M40: =J40 -> -85345.515
C42: Número máximo de líneas adicionales brutas
D43: Residenciales | H43: # líneas | J43: =MAX(0,J39,J23) -> 813602.47 | M43: =J43 -> 813602.47
D44: No residenciales | H44: # líneas | J44: =MAX(0,J40,J24) -> 0 | M44: =J44 -> 0
B46: 1.2 | C46: Estimación de ingresos anuales
C48: 1 | D48: Ingresos por instalaciones de líneas | H48: MXN/año | J48: 2026271291 | M48: 0
C50: =1+C48 -> 2 | D50: Ingresos por renta mensual - antes desde considerar precios implícitos | H50: MXN/año | J50: =SUMPRODUCT(vector.users.telephone,vector.periodicity,vector.implicit.prices.line.rental.before.discount) -> 2.0637178e+10 | M50: =SUMPRODUCT(vector.users.telephone,vector.periodicity,vector.implicit.prices.voice.before.discount) -> 3.6346791e+09
C51: =1+C50 -> 3 | D51: Ingresos por renta mensual - considerando precios implícitos de los servicios | H51: MXN/año | J51: =SUMPRODUCT(vector.users.telephone,vector.periodicity,vector.implicit.prices.line.rental.after.discount) -> 1.6626891e+10 | M51: =SUMPRODUCT(vector.users.telephone,vector.periodicity,vector.implicit.prices.voice.after.discount) -> 2.6308992e+09
C53: 5 | D53: Total | H53: MXN/año | J53: =J48+J51 -> 1.8653162e+10 | K53: =J53/SUM($J$53,$M$53) -> 0.87639111 | M53: =M48+M51 -> 2.6308992e+09 | N53: =M53/SUM($J$53,$M$53) -> 0.12360889
B55: 1.2 | C55: Estimación de costos evitados
C57: Costos de facturación (incluyendo el sistema de facturación de clientes minoristas) | J57: =J59 -> 7.5635473e+08 | K57: =J57/J$98 -> 0.033373329 | M57: =M59 -> 1.0667859e+08 | N57: =M57/M$98 -> 0.029350208
C58: =1+C53 -> 6 | D58: =Control!D14 -> Costos de facturación (incluyendo el sistema de facturación a clientes minoristas) sobre el total de ingresos | H58: % | J58: =Billing.cost -> 0.040548338 | M58: =Billing.cost -> 0.040548338
C59: =1+C58 -> 7 | D59: Costos de facturación | H59: MXN/año | J59: =J58*J$53 -> 7.5635473e+08 | M59: =M58*M$53 -> 1.0667859e+08
C61: Deuda incobrable | J61: =J63 -> 3.6065096e+08 | K61: =J61/J$98 -> 0.015913331 | M61: =M63 -> 50867315 | N61: =M61/M$98 -> 0.013994995
C62: =1+C59 -> 8 | D62: Costo de la deuda incobrable sobre el total de ingresos | H62: % | J62: =Bad.debt.cost -> 0.019334574 | M62: =Bad.debt.cost -> 0.019334574
C63: =1+C62 -> 9 | D63: Costos de facturación | H63: MXN/año | J63: =J62*J$53 -> 3.6065096e+08 | M63: =M62*M$53 -> 50867315
C65: Marketing y publicidad | J65: =J68 -> 0 | K65: =J65/J$98 -> 0 | M65: =M68 -> 0 | N65: =M65/M$98 -> 0
C66: =1+C63 -> 10 | D66: Costos de marketing y ventas por suscriptor bruto adicional | J66: =Marketing.and.sales.per.gross.add.line.rental -> 0 | M66: =Marketing.and.sales.per.gross.add.line.rental -> 0
C67: =1+C66 -> 11 | D67: Gasto mínimo en marketing y ventas sobre el total de ingresos | J67: =Marketing.and.sales.minimum.proportion.line.rental -> 0 | M67: =Marketing.and.sales.minimum.proportion.line.rental -> 0
C68: =1+C67 -> 12 | D68: Costos de marketing y publicidad | J68: =MAX(J66*J23,J$53*J67) -> 0 | M68: =MAX(M66*M23,M$53*M67) -> 0
C70: Atención al cliente minorista (incluyendo asistencia técnica de primera línea) | J70: =J73 -> 4.0224441e+08 | K70: =J70/J$98 -> 0.017748596 | M70: =M73 -> 56733783 | N70: =M70/M$98 -> 0.015609021
C71: =1+C62 -> 9 | D71: Número de suscriptores por empleado | H71: # Suscriptor / empleado | J71: =Customer.care.line.rental.per.staff -> 4723.7325 | M71: =Customer.care.line.rental.per.staff -> 4723.7325
C72: =1+C71 -> 10 | D72: Costo mensual por empleado | H72: MXN / empleado | J72: =Monthly.cost.per.staff -> 17763.929 | M72: =Monthly.cost.per.staff -> 17763.929
C73: =1+C72 -> 11 | D73: Costos minoristas de atención al cliente | H73: MXN/año | J73: =J9/J71*J72*12*K53 -> 4.0224441e+08 | M73: =M9/M71*M72*12*N53 -> 56733783 | P73: Asignado proporcionalmente respecto al nivel de ingresos para renta de línea y servicios de voz
C75: Costos generales y administrativos | J75: =J87 -> 5.2870282e+08 | K75: =J75/J$98 -> 0.023328436 | M75: =M87 -> 74569866 | N75: =M75/M$98 -> 0.020516217
C76: =1+C73 -> 12 | D76: Personal de atención al cliente minorista | H76: # empleados | J76: =J9/Customer.care.line.rental.per.staff -> 2153.1376 | M76: =M9/Customer.care.line.rental.per.staff -> 2153.1376
C77: =1+C76 -> 13 | D77: Personal administrativo (incluyendo personal de marketing y ventas) por empleado de atención al cliente | H77: % | J77: =Admin.staff.per.customer.care.staff -> 0.1293 | M77: =Admin.staff.per.customer.care.staff -> 0.1293
C78: =1+C77 -> 14 | D78: Personal administrativo | H78: # empleados | J78: =J76*J77 -> 278.40069 | M78: =M76*M77 -> 278.40069
C79: =1+C78 -> 15 | D79: Total empleados | H79: # empleados | J79: =(J76+J78)*K53 -> 2130.9785 | M79: =(M76+M78)*N53 -> 300.55974 | P79: Asignado proporcionalmente respecto al nivel de ingresos para renta de línea y servicios de voz
C81: =1+C79 -> 16 | D81: Costos de alquiler de oficinas
C82: =1+C81 -> 17 | D82: Superficie de suelo por empleado | H82: m2 / empleado | J82: =Floorspace.per.staff -> 10 | M82: =Floorspace.per.staff -> 10
C83: =1+C82 -> 18 | D83: Costos por metro cuadrado | H83: MXN / Mes / m2 | J83: =Rent.per.sqm -> 791 | M83: =Rent.per.sqm -> 791
C84: =1+C83 -> 19 | D84: Costos de alquiler de oficinas | H84: MXN/año | J84: =J79*J83*J82*12 -> 2.0227248e+08 | M84: =M79*M83*M82*12 -> 28529130 | P84: Asignado proporcionalmente respecto al nivel de ingresos para renta de línea y servicios de voz
C86: =1+C84 -> 20 | D86: Costos administrativos sobre el total de ingresos | H86: % | J86: =Admin.costs -> 0.0175 | M86: =Admin.costs -> 0.0175
C87: =1+C86 -> 21 | D87: Costos generales y administrativos | H87: MXN/año | J87: =J84+J86*J$53 -> 5.2870282e+08 | M87: =M84+M86*M$53 -> 74569866 | P87: Asignado proporcionalmente respecto al nivel de ingresos para renta de línea y servicios de voz
C89: Beneficio minorista
C90: =1+C87 -> 22 | D90: Beneficio minorista | H90: % | J90: =Retail.profit -> 0.1097 | K90: =SUM(K57,K61,K70,K75)*J90 -> 0.0099128971 | M90: =Retail.profit -> 0.1097 | N90: =SUM(N57,N61,N70,N75)*M90 -> 0.0087179075
C92: Diferencial de ingresos y total de costos evitados
C93: =1+C90 -> 23 | D93: Diferencial de ingresos al considerar precios implícitos | H93: MXN/año | J93: =J50-J51 -> 4.0102864e+09 | K93: =J93/J98 -> 0.17694952 | M93: =M50-M51 -> 1.0037799e+09 | N93: =M93/M98 -> 0.27616741
C94: =1+C93 -> 24 | D94: Total costos retail minus | H94: MXN/año | J94: =SUM(J57,J61,J70,J75,J65)*(1+J90)+J93 -> 6.2828998e+09 | M94: =SUM(M57,M61,M70,M75,M65)*(1+M90)+M93 -> 1.3243163e+09
C97: Resumen
C98: =1+C94 -> 25 | D98: Total ingresos (antes de considerar precios implícitos) | H98: MXN/año | J98: =J48+J50 -> 2.2663449e+10 | M98: =M48+M50 -> 3.6346791e+09
C99: =1+C98 -> 26 | D99: Total costos retail minus | H99: MXN/año | J99: =J94 -> 6.2828998e+09 | M99: =M94 -> 1.3243163e+09
C100: =1+C99 -> 27 | D100: Otros costos (y ganancias) | H100: MXN/año | J100: =J98-J99 -> 1.6380549e+10 | M100: =M98-M99 -> 2.3103628e+09
C102: Nivel de descuento total | H102: % | J102: =J99/J98 -> 0.27722611 | K102: Retail.minus.line.rental | M102: =M99/M98 -> 0.36435576 | N102: Retail.minus.additional.calls
C103: =1+C99 -> 27 | D103: Factor de representación del precio implícito | H103: % | J103: =J93/J98 -> 0.17694952 | M103: =M93/M98 -> 0.27616741
C104: =1+C103 -> 28 | D104: Costos evitados asociados | H104: % | J104: =J102-J103 -> 0.10027659 | K104: Retail.minus.line.rental.retail.minus.items.only | M104: =M102-M103 -> 0.088188349 | N104: Retail.minus.additional.calls.retail.minus.items.only
A106: * | B106: Fin

Sheet Calculos Banda Ancha
C1: Descuentos asociados a banda ancha
D2: Concepto | H2: Unidad | P2: Notas
A3: 1 | B3: Estimaciones
B5: 1.1 | C5: Número de suscripciones de banda ancha fija del AEP
C7: Información de banda ancha fija residencial y no residencial
D8: ="Número de suscripciones en "&Year.selected-1 -> Número de suscripciones en 2024 | H8: # suscripciones | J8: =INDEX(Broadbad.suscriptions.AEP,MATCH(Year.selected-1,Years,0)) -> 10488966
D9: ="Número de suscripciones en "&Year.selected -> Número de suscripciones en 2025 | H9: # suscripciones | J9: =INDEX(Broadbad.suscriptions.AEP,MATCH(Year.selected,Years,0)) -> 11077440
D10: Suscriptores adicionales netos | H10: # suscripciones | J10: =J9-J8 -> 588474
D12: Índice de rotación (Churn) | H12: % | J12: =Line.rental.churn -> 0.013326667
D14: Suscriptores adicionales brutos | H14: # suscripciones | J14: =J8*J12+J10 -> 728256.95
C16: Información de suscripciones residenciales
D17: ="Número de líneas en "&Year.selected-1 -> Número de líneas en 2024 | H17: # suscripciones | J17: =INDEX(AEP.broadband.subs.residential,MATCH(Year.selected-1,Years,0)) -> 8960515.2
D18: ="Número de líneas en "&Year.selected -> Número de líneas en 2025 | H18: # suscripciones | J18: =INDEX(AEP.broadband.subs.residential,MATCH(Year.selected,Years,0)) -> 9654703.9
D19: Suscriptores adicionales netos | H19: # suscripciones | J19: =J18-J17 -> 694188.67
D21: Índice de rotación (Churn) | H21: % | J21: =Line.rental.churn -> 0.013326667
D23: Suscriptores adicionales brutos | H23: # suscripciones | J23: =J17*J21+J19 -> 813602.47 | K23: Broadband.gross.adds.residential.with.line.rental
C25: Información de suscripciones no residenciales
D26: ="Número de líneas en "&Year.selected-1 -> Número de líneas en 2024 | H26: # suscripciones | J26: =INDEX(AEP.broadband.subs.non.residential,MATCH(Year.selected-1,Years,0)) -> 1528450.8
D27: ="Número de líneas en "&Year.selected -> Número de líneas en 2025 | H27: # suscripciones | J27: =INDEX(AEP.broadband.subs.non.residential,MATCH(Year.selected,Years,0)) -> 1422736.1
D28: Suscriptores adicionales netos | H28: # suscripciones | J28: =J27-J26 -> -105714.67
D30: Índice de rotación (Churn) | H30: % | J30: =Line.rental.churn -> 0.013326667
D32: Suscriptores adicionales brutos | H32: # suscripciones | J32: =J26*J30+J28 -> -85345.515 | K32: Broadband.gross.adds.non.residential
C34: Promedio anual de suscripciones según modalidad
D35: Residenciales | H35: # suscripciones | J35: =AVERAGE(J17:J18) -> 9307609.5
D36: No residenciales | H36: # suscripciones | J36: =AVERAGE(J26:J27) -> 1475593.5
B38: 1.2 | C38: Estimación de ingresos anuales
C40: 1 | D40: Ingresos por instalaciones de líneas | H40: MXN/año | J40: 0 | P40: Los ingresos por renta de línea no se consideran para servicios de voz, y por tanto se excluyen de los de banda ancha fija.
C42: =1+C40 -> 2 | D42: Ingresos por renta mensual - antes desde considerar precios implícitos | H42: MXN/año | J42: =SUMPRODUCT(vector.users.broadband,vector.periodicity,vector.implicit.prices.broadband.before.discount) -> 3.0578697e+10
C43: =1+C42 -> 3 | D43: Ingresos por renta mensual - considerando precios implícitos de los servicios | H43: MXN/año | J43: =SUMPRODUCT(vector.users.broadband,vector.periodicity,vector.implicit.prices.broadband.after.discount) -> 2.8872984e+10
C45: 5 | D45: Total | H45: MXN/año | J45: =J40+J43 -> 2.8872984e+10 | P45: Ingresos por instalaciones y por renta mensual (considerando precios implícitos de los servicios)
B47: 1.3 | C47: Estimación de costos evitados
C49: Costos de facturación (incluyendo el sistema de facturación de clientes minoristas) | J49: =J51 -> 1.1707515e+09 | K49: =J49/J$90 -> 0.038286507
C50: =1+C45 -> 6 | D50: =Control!D14 -> Costos de facturación (incluyendo el sistema de facturación a clientes minoristas) sobre el total de ingresos | H50: % | J50: =Billing.cost -> 0.040548338
C51: =1+C50 -> 7 | D51: Costos de facturación | H51: MXN/año | J51: =J50*J$45 -> 1.1707515e+09
C53: Deuda incobrable | J53: =J55 -> 5.5824686e+08 | K53: =J53/J$90 -> 0.018256071
C54: =1+C51 -> 8 | D54: Costo de la deuda incobrable sobre el total de ingresos | H54: % | J54: =Bad.debt.cost -> 0.019334574
C55: =1+C54 -> 9 | D55: Costos de facturación | H55: MXN/año | J55: =J54*J$45 -> 5.5824686e+08
C57: Marketing y publicidad | J57: =J60 -> 1.8644016e+09 | K57: =J57/J$90 -> 0.060970601
C58: =1+C55 -> 10 | D58: Costos de marketing y ventas por suscriptor bruto adicional | H58: MXN / Suscriptor bruto adicional | J58: =Marketing.and.sales.per.gross.add.broadband -> 1800
C59: =1+C58 -> 11 | D59: Gasto mínimo en marketing y ventas sobre el total de ingresos | H59: % | J59: =Marketing.and.sales.minimum.proportion.broadband -> 0.064572527
C60: =1+C59 -> 12 | D60: Costos de marketing y publicidad | H60: MXN/año | J60: =MAX(J58*J14,J$45*J59) -> 1.8644016e+09
C62: Atención al cliente minorista (incluyendo asistencia técnica de primera línea) | J62: =J65 -> 2.4994496e+09 | K62: =J62/J$90 -> 0.081738263
C63: =1+C59 -> 12 | D63: Número de suscriptores por empleado | H63: # Suscriptor / empleado | J63: =Customer.care.broadbandsubscriber.per.staff -> 944.74651
C64: =1+C63 -> 13 | D64: Costo mensual por empleado | H64: MXN / empleado | J64: =Monthly.cost.per.staff -> 17763.929
C65: =1+C64 -> 14 | D65: Costos minoristas de atención al cliente | H65: MXN/año | J65: =J9/J63*J64*12 -> 2.4994496e+09
C67: Costos generales y administrativos | J67: =J79 -> 1.7621496e+09 | K67: =J67/J$90 -> 0.057626705
C68: =1+C65 -> 15 | D68: Personal de atención al cliente minorista | H68: # empleados | J68: =J9/Customer.care.broadbandsubscriber.per.staff -> 11725.304
C69: =1+C68 -> 16 | D69: Personal administrativo (incluyendo personal de marketing y ventas) por empleado de atención al cliente | H69: % | J69: =Admin.staff.per.customer.care.staff -> 0.1293
C70: =1+C69 -> 17 | D70: Personal administrativo | H70: # empleados | J70: =J68*J69 -> 1516.0818
C71: =1+C70 -> 18 | D71: Total empleados | H71: # empleados | J71: =J68+J70 -> 13241.386
C73: =1+C71 -> 19 | D73: Costos de alquiler de oficinas
C74: =1+C73 -> 20 | D74: Superficie de suelo por empleado | H74: m2 / empleado | J74: =Floorspace.per.staff -> 10
C75: =1+C74 -> 21 | D75: Costos por metro cuadrado | H75: MXN / Mes / m2 | J75: =Rent.per.sqm -> 791
C76: =1+C75 -> 22 | D76: Costos de alquiler de oficinas | H76: MXN/año | J76: =J71*J75*J74*12 -> 1.2568723e+09
C78: =1+C76 -> 23 | D78: Costos administrativos sobre el total de ingresos | H78: % | J78: =Admin.costs -> 0.0175
C79: =1+C78 -> 24 | D79: Costos generales y administrativos | H79: MXN/año | J79: =J76+J78*J$45 -> 1.7621496e+09
C81: Beneficio minorista
C82: =1+C79 -> 25 | D82: Beneficio minorista | H82: % | J82: =Retail.profit -> 0.1097 | K82: =SUM(K49,K53,K57,K62,K67)*J82 -> 0.028179533
C84: Diferencial de ingresos y total de costos evitados
C85: =1+C82 -> 26 | D85: Diferencial de ingresos al considerar precios implícitos | H85: MXN/año | J85: =J42-J43 -> 1.7057132e+09 | K85: =J85/J90 -> 0.055781093
C86: =1+C85 -> 27 | D86: Total costos retail minus | H86: MXN/año | J86: =SUM(J49,J53,J57,J62,J67)*(1+J82)+J85 -> 1.0422406e+10
C89: Resumen
C90: =1+C86 -> 28 | D90: Total ingresos (antes de considerar precios implícitos) | H90: MXN/año | J90: =J40+J42 -> 3.0578697e+10
C91: =1+C90 -> 29 | D91: Total costos retail minus | H91: MXN/año | J91: =J86 -> 1.0422406e+10
C92: =1+C91 -> 30 | D92: Otros costos (y ganancias) | H92: MXN/año | J92: =J90-J91 -> 2.0156292e+10
B94: 1.4 | C94: Estimación de costos evitados equipos terminales
C96: =C94 -> Estimación de costos evitados equipos terminales
C97: =1+C92 -> 31 | D97: Costos equipos asociados a cobre (ADSL/VDSL) | H97: MXN/año | J97: ='Cálculos auxiliares'!I241 -> 62759033 | K97: =J97/($J$42*'Cálculos auxiliares'!F241) -> 0.016876879
C98: =1+C97 -> 32 | D98: Costos equipos asociados a cobre (VDSL) | H98: MXN/año | J98: ='Cálculos auxiliares'!I242 -> 40319927 | K98: =J98/($J$42*'Cálculos auxiliares'!F242) -> 0.033774585
C99: =1+C98 -> 33 | D99: Costos equipos asociados a fibra (FTTH) | H99: MXN/año | J99: ='Cálculos auxiliares'!I243 -> 1.2084073e+09 | K99: =J99/($J$42*'Cálculos auxiliares'!F243) -> 0.047081544
B102: 1.4 | C102: Estimación de costos evitados
C104: Nivel de descuento total | H104: % | J104: =J91/J90 -> 0.34083877 | K104: Retail.minus.int
C105: =1+C99 -> 34 | D105: Factor de representación del precio implícito | H105: % | J105: =J85/J90 -> 0.055781093
C106: =1+C105 -> 35 | D106: Costos evitados asociados | H106: % | J106: =J104-J105 -> 0.28505768 | K106: Retail.minus.int.retail.minus.items.only
A108: * | B108: Fin

Sheet Tarifas SRL
C1: Tarifas SRLT, SRI y SRPI
A2: 1 | B2: Estimación de tarifas del Servicio de Reventa de Línea Telefónica (SRLT)
B3: Resultados del modelo con …
B4: Datos sin anonimizar | C4: Datos anonimizados
B5: 0.28514206 | C5: =INDIRECT(D5) -> 0.27722611 | D5: Retail.minus.line.rental
B7: 0.36604786 | C7: =INDIRECT(D7) -> 0.36435576 | D7: Retail.minus.additional.calls
E9: Planes y paquetes de telefonía fija en modalidad single play | L9: Resultados del modelo con …
F10: 4 | G10: 7 | L10: Datos sin anonimizar | M10: Datos anonimizados
E11: Nombre de plan/paquete | F11: Unidad | G11: ="Precio minorista "&Year.selected &" Sin impuestos" -> Precio minorista 2025 Sin impuestos | I11: Renta de Línea | J11: Servicios de voz | M11: Precio mayorista, excluyendo impuestos | N11: Notas
D12: 1 | E12: Renta Mensual de la Línea Residencial | F12: =VLOOKUP($E12,'Planes y paquetes'!$C$197:$J$198,F$10,FALSE) -> Renta Mensual | G12: =VLOOKUP($E12,'Planes y paquetes'!$C$197:$J$198,G$10,FALSE) -> 156.55 | I12: =INDEX(vector.implicit.prices.line.rental.before.discount,MATCH($E12,vector.plans.names,0)) -> 156.55 | J12: =INDEX(vector.implicit.prices.voice.before.discount,MATCH($E12,vector.plans.names,0)) -> 0 | L12: 111.91101 | M12: =I12*(1-Retail.minus.line.rental) -> 113.15025
D13: 2 | E13: Renta Mensual de la Línea Comercial | F13: =VLOOKUP($E13,'Planes y paquetes'!$C$197:$J$198,F$10,FALSE) -> Renta Mensual | G13: =VLOOKUP($E13,'Planes y paquetes'!$C$197:$J$198,G$10,FALSE) -> 198 | I13: =INDEX(vector.implicit.prices.line.rental.before.discount,MATCH($E13,vector.plans.names,0)) -> 198 | J13: =INDEX(vector.implicit.prices.voice.before.discount,MATCH($E13,vector.plans.names,0)) -> 0 | L13: 141.54187 | M13: =I13*(1-Retail.minus.line.rental) -> 143.10923
E15: Otros planes y paquetes adicionales relativos a telefonía fija en modalidad single play | L15: Resultados del modelo con …
F16: 4 | G16: 7 | L16: Datos sin anonimizar | M16: Datos anonimizados
E17: Nombre de plan/paquete | F17: Unidad | G17: ="Precio minorista "&Year.selected &" Sin impuestos" -> Precio minorista 2025 Sin impuestos | M17: Precio mayorista, excluyendo impuestos | N17: Notas
D18: =D13+1 -> 3 | E18: Llamada de Servicio Medido, 030, 040, 07X | F18: Cobro por llamada | G18: 1.48 | L18: 0.93824916 | M18: =G18*(1-Retail.minus.additional.calls) -> 0.94075347 | N18: Se toma la "Tarifa por llamada local excedente" del libro de tarifas de Telmex.
D19: =D18+1 -> 4 | E19: El Que Llama Paga | F19: =VLOOKUP($E19,'Planes y paquetes'!$C$191:$J$273,F$16,FALSE) -> Cobro por minuto | G19: =VLOOKUP($E19,'Planes y paquetes'!$C$191:$J$273,G$16,FALSE) -> 0.342 | L19: 0.21681163 | M19: =G19*(1-Retail.minus.additional.calls) -> 0.21739033
D20: =D19+1 -> 5 | E20: Llamada 020 - 090 | F20: Cobro por llamada | G20: Conforme a registro | L20: Conforme a registro | M20: Conforme a registro | N20: De acuerdo con la OREDA 2016
D21: =D20+1 -> 6 | E21: Llamada 031 | F21: Cobro por llamada | G21: 5.3 | L21: 3.3599463 | M21: =G21*(1-Retail.minus.additional.calls) -> 3.3689145 | N21: Se revisa el documento de Servicios de Mercado Masivo. Disponible en: https://downloads.telmex.com/pdf/ServiciosMercadoMasivo.pdf?_ga=2.182240679.1800780908.1543682738-468803987.1536425792
D22: =D21+1 -> 7 | E22: Llamada a números de emergencia 060, 061, 065, 066, 068, 080, 088, 089 | F22: Cobro por llamada | G22: 0 | L22: 0 | M22: 0 | N22: De acuerdo a la OREDA 2016
D23: =D22+1 -> 8 | E23: Llamada 800, 900 | F23: Cobro por llamada | G23: Conforme a registro | L23: Conforme a registro | M23: Conforme a registro | N23: De acuerdo a la OREDA 2016
D24: =D23+1 -> 9 | E24: Baja Temporal de la Línea Telefónica comercial | F24: =VLOOKUP($E24,'Planes y paquetes'!$C$191:$J$273,F$16,FALSE) -> Renta Mensual | G24: =VLOOKUP($E24,'Planes y paquetes'!$C$191:$J$273,G$16,FALSE) -> 82.86 | L24: 52.529274 | M24: =G24*(1-Retail.minus.additional.calls) -> 52.669481
D25: =D24+1 -> 10 | E25: Baja Temporal de la Línea Telefónica residencial | F25: =VLOOKUP($E25,'Planes y paquetes'!$C$191:$J$273,F$16,FALSE) -> Renta Mensual | G25: =VLOOKUP($E25,'Planes y paquetes'!$C$191:$J$273,G$16,FALSE) -> 82.86 | L25: 52.529274 | M25: =G25*(1-Retail.minus.additional.calls) -> 52.669481
D26: =D25+1 -> 11 | E26: Larga Distancia Internacional (Canadá) | F26: =VLOOKUP($E26,'Planes y paquetes'!$C$191:$J$273,F$16,FALSE) -> Cobro por minuto | G26: =VLOOKUP($E26,'Planes y paquetes'!$C$191:$J$273,G$16,FALSE) -> 9.42 | L26: 5.9718291 | M26: =G26*(1-Retail.minus.additional.calls) -> 5.9877687
D27: =D26+1 -> 12 | E27: Larga Distancia Internacional a EUA (Banda Norte) | F27: =VLOOKUP($E27,'Planes y paquetes'!$C$191:$J$273,F$16,FALSE) -> Cobro por minuto | G27: =VLOOKUP($E27,'Planes y paquetes'!$C$191:$J$273,G$16,FALSE) -> 6.93 | L27: 4.3932883 | M27: =G27*(1-Retail.minus.additional.calls) -> 4.4050146
D28: =D27+1 -> 13 | E28: Larga Distancia Internacional a EUA (Banda Sur) | F28: =VLOOKUP($E28,'Planes y paquetes'!$C$191:$J$273,F$16,FALSE) -> Cobro por minuto | G28: =VLOOKUP($E28,'Planes y paquetes'!$C$191:$J$273,G$16,FALSE) -> 8.34 | L28: 5.2871608 | M28: =G28*(1-Retail.minus.additional.calls) -> 5.3012729
D29: =D28+1 -> 14 | E29: Larga Distancia Mundial Centroamérica | F29: =VLOOKUP($E29,'Planes y paquetes'!$C$191:$J$273,F$16,FALSE) -> Cobro por minuto | G29: =VLOOKUP($E29,'Planes y paquetes'!$C$191:$J$273,G$16,FALSE) -> 6.29 | L29: 3.9875589 | M29: =G29*(1-Retail.minus.additional.calls) -> 3.9982023
D30: =D29+1 -> 15 | E30: Larga Distancia Mundial Europa | F30: =VLOOKUP($E30,'Planes y paquetes'!$C$191:$J$273,F$16,FALSE) -> Cobro por minuto | G30: =VLOOKUP($E30,'Planes y paquetes'!$C$191:$J$273,G$16,FALSE) -> 13.09 | L30: 8.2984335 | M30: =G30*(1-Retail.minus.additional.calls) -> 8.3205831
D31: =D30+1 -> 16 | E31: Larga Distancia Mundial Resto del Mundo | F31: =VLOOKUP($E31,'Planes y paquetes'!$C$191:$J$273,F$16,FALSE) -> Cobro por minuto | G31: =VLOOKUP($E31,'Planes y paquetes'!$C$191:$J$273,G$16,FALSE) -> 14.83 | L31: 9.4015102 | M31: =G31*(1-Retail.minus.additional.calls) -> 9.426604
D32: =D31+1 -> 17 | E32: Larga Distancia Mundial Sudamérica | F32: =VLOOKUP($E32,'Planes y paquetes'!$C$191:$J$273,F$16,FALSE) -> Cobro por minuto | G32: =VLOOKUP($E32,'Planes y paquetes'!$C$191:$J$273,G$16,FALSE) -> 13.64 | L32: 8.6471072 | M32: =G32*(1-Retail.minus.additional.calls) -> 8.6701874
D33: =D32+1 -> 18 | E33: Larga Distanicia Internacional a EUA (Frontera) | F33: =VLOOKUP($E33,'Planes y paquetes'!$C$191:$J$273,F$16,FALSE) -> Cobro por minuto | G33: =VLOOKUP($E33,'Planes y paquetes'!$C$191:$J$273,G$16,FALSE) -> 2 | L33: 1.2679043 | M33: =G33*(1-Retail.minus.additional.calls) -> 1.2712885
D34: =D33+1 -> 19 | E34: Plan Por Segundo ( Banda Norte) | F34: =VLOOKUP($E34,'Planes y paquetes'!$C$191:$J$273,F$16,FALSE) -> Cobro por segundo | G34: =VLOOKUP($E34,'Planes y paquetes'!$C$191:$J$273,G$16,FALSE) -> 0.14 | L34: 0.088753299 | M34: =G34*(1-Retail.minus.additional.calls) -> 0.088990193
D35: =D34+1 -> 20 | E35: Plan Por Segundo ( Banda Sur) | F35: =VLOOKUP($E35,'Planes y paquetes'!$C$191:$J$273,F$16,FALSE) -> Cobro por segundo | G35: =VLOOKUP($E35,'Planes y paquetes'!$C$191:$J$273,G$16,FALSE) -> 0.16 | L35: 0.10143234 | M35: =G35*(1-Retail.minus.additional.calls) -> 0.10170308
... D57: =D56+1 -> 42 | E57: Tarifa Unica (Sudamérica) | F57: =VLOOKUP($E57,'Planes y paquetes'!$C$191:$J$273,F$16,FALSE) -> Cobro por minuto | G57: =VLOOKUP($E57,'Planes y paquetes'!$C$191:$J$273,G$16,FALSE) -> 4 | L57: 2.5358086 | M57: =G57*(1-Retail.minus.additional.calls) -> 2.5425769
D58: =D57+1 -> 43 | E58: Tarifa por Activación por SD o en Paquete | F58: Pago único por activación | G58: 20 | L58: 12.679043 | M58: =G58*(1-Retail.minus.additional.calls) -> 12.712885
D59: =D58+1 -> 44 | E59: Renta mensual por Servicios Digitales (SD) | F59: Renta Mensual | G59: 25 | L59: 15.848803 | M59: =G59*(1-Retail.minus.additional.calls) -> 15.891106
D60: =D59+1 -> 45 | E60: Renta Mensual por 3 Servicios Digitales | F60: Renta Mensual | G60: 50 | L60: 31.697607 | M60: =G60*(1-Retail.minus.additional.calls) -> 31.782212
D61: =D60+1 -> 46 | E61: Renta Mensual por 4 Servicios Digitales | F61: Renta Mensual | G61: 65 | L61: 41.206889 | M61: =G61*(1-Retail.minus.additional.calls) -> 41.316875
D62: =D61+1 -> 47 | E62: Renta Mensual por 5 Servicios Digitales | F62: Renta Mensual | G62: 80 | L62: 50.716171 | M62: =G62*(1-Retail.minus.additional.calls) -> 50.851539
A66: 2 | B66: Estimación de tarifas del Servicio de Reventa de Internet (SRI)
B67: Resultados del modelo con …
B68: Datos sin anonimizar | C68: Datos anonimizados
B69: 0.27766167 | C69: =INDIRECT(D69) -> 0.28505768 | D69: Retail.minus.int.retail.minus.items.only
E71: Tarifas de planes y paquetes
L72: Resultados del modelo con …
F73: 4 | G73: 5 | L73: Datos sin anonimizar | M73: Datos anonimizados
E74: Nombre de plan/paquete | F74: Unidad | G74: ="Precio minorista "&Year.selected &" Sin impuestos" -> Precio minorista 2025 Sin impuestos | H74: Banda ancha | I74: Velocidad bajada | J74: Velocidad subida | M74: Precio mayorista, excluyendo impuestos | N74: Notas
D75: 1 | E75: Infinitum 279 | F75: =VLOOKUP($E75,'Planes y paquetes'!$C$102:$H$143,F$73,FALSE) -> Renta Mensual | G75: =VLOOKUP($E75,'Planes y paquetes'!$C$102:$H$143,G$73,FALSE) -> 240.52 | H75: =INDEX(vector.implicit.prices.broadband.after.discount,MATCH(E75,vector.plans.names,0)) -> 237 | I75: =IFERROR(VLOOKUP($E75,'Planes y paquetes'!$C$391:$P$432,13,FALSE),"") -> 30 Mbps | J75: =IFERROR(VLOOKUP($E75,'Planes y paquetes'!$C$391:$P$432,14,FALSE),"") -> 5 Mbps | L75: 173.73681 | M75: =H75*(1-Retail.minus.int.retail.minus.items.only) -> 169.44133
D76: 2 | E76: Infinitum 299 R | F76: =VLOOKUP($E76,'Planes y paquetes'!$C$102:$H$143,F$73,FALSE) -> Renta Mensual | G76: =VLOOKUP($E76,'Planes y paquetes'!$C$102:$H$143,G$73,FALSE) -> 257.76 | H76: =INDEX(vector.implicit.prices.broadband.after.discount,MATCH(E76,vector.plans.names,0)) -> 232 | I76: =IFERROR(VLOOKUP($E76,'Planes y paquetes'!$C$391:$P$432,13,FALSE),"") -> 40 Mbps | J76: =IFERROR(VLOOKUP($E76,'Planes y paquetes'!$C$391:$P$432,14,FALSE),"") -> 5 Mbps | L76: 186.18993 | M76: =H76*(1-Retail.minus.int.retail.minus.items.only) -> 165.86662
D77: 3 | E77: Infinitum 349 | F77: =VLOOKUP($E77,'Planes y paquetes'!$C$102:$H$143,F$73,FALSE) -> Renta Mensual | G77: =VLOOKUP($E77,'Planes y paquetes'!$C$102:$H$143,G$73,FALSE) -> 300.86 | H77: =INDEX(vector.implicit.prices.broadband.after.discount,MATCH(E77,vector.plans.names,0)) -> 228.53754 | I77: =IFERROR(VLOOKUP($E77,'Planes y paquetes'!$C$391:$P$432,13,FALSE),"") -> 80 Mbps | J77: =IFERROR(VLOOKUP($E77,'Planes y paquetes'!$C$391:$P$432,14,FALSE),"") -> 80 Mbps | L77: 206.01819 | M77: =H77*(1-Retail.minus.int.retail.minus.items.only) -> 163.39116
D78: 4 | E78: Infinitum 399 | F78: =VLOOKUP($E78,'Planes y paquetes'!$C$102:$H$143,F$73,FALSE) -> Renta Mensual | G78: =VLOOKUP($E78,'Planes y paquetes'!$C$102:$H$143,G$73,FALSE) -> 343.97 | H78: =INDEX(vector.implicit.prices.broadband.after.discount,MATCH(E78,vector.plans.names,0)) -> 406.11288 | I78: =IFERROR(VLOOKUP($E78,'Planes y paquetes'!$C$391:$P$432,13,FALSE),"") -> 100 Mbps | J78: =IFERROR(VLOOKUP($E78,'Planes y paquetes'!$C$391:$P$432,14,FALSE),"") -> 100 Mbps | L78: 237.08402 | M78: =H78*(1-Retail.minus.int.retail.minus.items.only) -> 290.34729
D79: 5 | E79: Infinitum 449 | F79: =VLOOKUP($E79,'Planes y paquetes'!$C$102:$H$143,F$73,FALSE) -> Renta Mensual | G79: =VLOOKUP($E79,'Planes y paquetes'!$C$102:$H$143,G$73,FALSE) -> 387.07 | H79: =INDEX(vector.implicit.prices.broadband.after.discount,MATCH(E79,vector.plans.names,0)) -> 336.23094 | I79: =IFERROR(VLOOKUP($E79,'Planes y paquetes'!$C$391:$P$432,13,FALSE),"") -> 150 Mbps | J79: =IFERROR(VLOOKUP($E79,'Planes y paquetes'!$C$391:$P$432,14,FALSE),"") -> 150 Mbps | L79: 268.15848 | M79: =H79*(1-Retail.minus.int.retail.minus.items.only) -> 240.38573
D80: 6 | E80: Infinitum 499 | F80: =VLOOKUP($E80,'Planes y paquetes'!$C$102:$H$143,F$73,FALSE) -> Renta Mensual | G80: =VLOOKUP($E80,'Planes y paquetes'!$C$102:$H$143,G$73,FALSE) -> 430.17 | H80: =INDEX(vector.implicit.prices.broadband.after.discount,MATCH(E80,vector.plans.names,0)) -> 516.98734 | I80: =IFERROR(VLOOKUP($E80,'Planes y paquetes'!$C$391:$P$432,13,FALSE),"") -> 250 Mbps | J80: =IFERROR(VLOOKUP($E80,'Planes y paquetes'!$C$391:$P$432,14,FALSE),"") -> 250 Mbps | L80: 299.24419 | M80: =H80*(1-Retail.minus.int.retail.minus.items.only) -> 369.61613
D81: 7 | E81: Infinitum 549 | F81: =VLOOKUP($E81,'Planes y paquetes'!$C$102:$H$143,F$73,FALSE) -> Renta Mensual | G81: =VLOOKUP($E81,'Planes y paquetes'!$C$102:$H$143,G$73,FALSE) -> 473.28 | H81: =INDEX(vector.implicit.prices.broadband.after.discount,MATCH(E81,vector.plans.names,0)) -> 363.18045 | I81: =IFERROR(VLOOKUP($E81,'Planes y paquetes'!$C$391:$P$432,13,FALSE),"") -> 350 Mbps | J81: =IFERROR(VLOOKUP($E81,'Planes y paquetes'!$C$391:$P$432,14,FALSE),"") -> 350 Mbps | L81: 330.34541 | M81: =H81*(1-Retail.minus.int.retail.minus.items.only) -> 259.65308
D82: 8 | E82: Infinitum 649 | F82: =VLOOKUP($E82,'Planes y paquetes'!$C$102:$H$143,F$73,FALSE) -> Renta Mensual | G82: =VLOOKUP($E82,'Planes y paquetes'!$C$102:$H$143,G$73,FALSE) -> 559.48 | H82: =INDEX(vector.implicit.prices.broadband.after.discount,MATCH(E82,vector.plans.names,0)) -> 389.13795 | I82: =IFERROR(VLOOKUP($E82,'Planes y paquetes'!$C$391:$P$432,13,FALSE),"") -> 500 Mbps | J82: =IFERROR(VLOOKUP($E82,'Planes y paquetes'!$C$391:$P$432,14,FALSE),"") -> 350 Mbps | L82: 392.55082 | M82: =H82*(1-Retail.minus.int.retail.minus.items.only) -> 278.21119
D83: 9 | E83: Infinitum 899 | F83: =VLOOKUP($E83,'Planes y paquetes'!$C$102:$H$143,F$73,FALSE) -> Renta Mensual | G83: =VLOOKUP($E83,'Planes y paquetes'!$C$102:$H$143,G$73,FALSE) -> 775 | H83: =INDEX(vector.implicit.prices.broadband.after.discount,MATCH(E83,vector.plans.names,0)) -> 655.88721 | I83: =IFERROR(VLOOKUP($E83,'Planes y paquetes'!$C$391:$P$432,13,FALSE),"") -> 750 Mbps | J83: =IFERROR(VLOOKUP($E83,'Planes y paquetes'!$C$391:$P$432,14,FALSE),"") -> 300 Mbps | L83: 548.13611 | M83: =H83*(1-Retail.minus.int.retail.minus.items.only) -> 468.92153
D84: 10 | E84: Infinitum 299 N | F84: =VLOOKUP($E84,'Planes y paquetes'!$C$102:$H$143,F$73,FALSE) -> Renta Mensual | G84: =VLOOKUP($E84,'Planes y paquetes'!$C$102:$H$143,G$73,FALSE) -> 257.76 | H84: =INDEX(vector.implicit.prices.broadband.after.discount,MATCH(E84,vector.plans.names,0)) -> 303 | I84: =IFERROR(VLOOKUP($E84,'Planes y paquetes'!$C$391:$P$432,13,FALSE),"") -> 40 Mbps | J84: =IFERROR(VLOOKUP($E84,'Planes y paquetes'!$C$391:$P$432,14,FALSE),"") -> 5 Mbps | L84: 186.18993 | M84: =H84*(1-Retail.minus.int.retail.minus.items.only) -> 216.62752
D85: 11 | E85: Infinitum Negocio 349 | F85: =VLOOKUP($E85,'Planes y paquetes'!$C$102:$H$143,F$73,FALSE) -> Renta Mensual | G85: =VLOOKUP($E85,'Planes y paquetes'!$C$102:$H$143,G$73,FALSE) -> 300.86 | H85: =INDEX(vector.implicit.prices.broadband.after.discount,MATCH(E85,vector.plans.names,0)) -> 342 | I85: =IFERROR(VLOOKUP($E85,'Planes y paquetes'!$C$391:$P$432,13,FALSE),"") -> 80 Mbps | J85: =IFERROR(VLOOKUP($E85,'Planes y paquetes'!$C$391:$P$432,14,FALSE),"") -> 80 Mbps | L85: 217.32271 | M85: =H85*(1-Retail.minus.int.retail.minus.items.only) -> 244.51027
D86: 12 | E86: Infinitum Negocio 399 | F86: =VLOOKUP($E86,'Planes y paquetes'!$C$102:$H$143,F$73,FALSE) -> Renta Mensual | G86: =VLOOKUP($E86,'Planes y paquetes'!$C$102:$H$143,G$73,FALSE) -> 343.97 | H86: =INDEX(vector.implicit.prices.broadband.after.discount,MATCH(E86,vector.plans.names,0)) -> 402 | I86: =IFERROR(VLOOKUP($E86,'Planes y paquetes'!$C$391:$P$432,13,FALSE),"") -> 100 Mbps | J86: =IFERROR(VLOOKUP($E86,'Planes y paquetes'!$C$391:$P$432,14,FALSE),"") -> 100 Mbps | L86: 248.46271 | M86: =H86*(1-Retail.minus.int.retail.minus.items.only) -> 287.40681
... D91: 17 | E91: Infinitum Negocio 899 | F91: =VLOOKUP($E91,'Planes y paquetes'!$C$102:$H$143,F$73,FALSE) -> Renta Mensual | G91: =VLOOKUP($E91,'Planes y paquetes'!$C$102:$H$143,G$73,FALSE) -> 775 | H91: =INDEX(vector.implicit.prices.broadband.after.discount,MATCH(E91,vector.plans.names,0)) -> 875 | I91: =IFERROR(VLOOKUP($E91,'Planes y paquetes'!$C$391:$P$432,13,FALSE),"") -> 750 Mbps | J91: =IFERROR(VLOOKUP($E91,'Planes y paquetes'!$C$391:$P$432,14,FALSE),"") -> 300 Mbps | L91: 559.8122 | M91: =H91*(1-Retail.minus.int.retail.minus.items.only) -> 625.57453
A94: 3 | B94: Estimación de tarifas del Servicio de Reventa de Paquetes (SRP)
B97: Resultados del modelo con …
B98: Datos sin anonimizar | C98: Datos anonimizados
B99: 0.27766167 | C99: =INDIRECT(D99) -> 0.28505768 | D99: Retail.minus.int.retail.minus.items.only
B101: 0.097200447 | C101: =INDIRECT(D101) -> 0.10027659 | D101: Retail.minus.line.rental.retail.minus.items.only
B103: 0.086199548 | C103: =INDIRECT(D103) -> 0.088188349 | D103: Retail.minus.additional.calls.retail.minus.items.only
E106: Tarifas de planes y paquetes | L106: Resultados del modelo con …
F107: 4 | G107: 4 | H107: Precios implícitos | L107: Datos sin anonimizar | M107: Datos anonimizados | R107: 13 | S107: 14
E108: Nombre de plan/paquete | F108: Unidad | G108: ="Precio minorista "&Year.selected &" Sin impuestos" -> Precio minorista 2025 Sin impuestos | H108: Banda ancha | I108: Renta de Línea | J108: Servicios de voz | K108: Servicios Digitales | L108: Precio mayorista, excluyendo impuestos | M108: Precio mayorista, excluyendo impuestos | N108: % | P108: Distribución de Usuarios | Q108: Usuarios | R108: Velocidad bajada | S108: Velocidad subida
D109: 1 | E109: Paquete 249 | F109: =VLOOKUP($E109,'Planes y paquetes'!$C$102:$H$143,F$73,FALSE) -> Renta Mensual | G109: =VLOOKUP($E109,'Planes y paquetes'!$C$102:$H$143,G$73,FALSE) -> 210.24 | H109: =INDEX(vector.implicit.prices.broadband.after.discount,MATCH(E109,vector.plans.names,0)) -> 68 | I109: =INDEX(vector.implicit.prices.line.rental.after.discount,MATCH($E109,vector.plans.names,0)) -> 156.55 | J109: =INDEX(vector.implicit.prices.voice.after.discount,MATCH($E109,vector.plans.names,0)) -> 0 | K109: =INDEX(vector.implicit.prices.digitalservices.after.discount,MATCH(E109,vector.plans.names,0)) -> 0 | L109: 180.11561 | M109: =H109*(1-Retail.minus.int.retail.minus.items.only)+I109*(1-Retail.minus.line.rental.retail.minus.items.only)+J109*(1-Retail.minus.additional.calls.retail.minus.items.only)+K109*(1-Retail.minus.additional.calls.retail.minus.items.only) -> 189.46778 | N109: =1-M109/G109 -> 0.098802427 | P109: =Q109/SUM($Q$109:$Q$127) -> 0.020027163 | Q109: =VLOOKUP(E109,Mercado!$E$67:$O$100,11,0) -> 155086.99 | R109: =IFERROR(VLOOKUP($E109,'Planes y paquetes'!$C$391:$P$432,R$107,FALSE),"") -> 15 Mbps | S109: =IFERROR(VLOOKUP($E109,'Planes y paquetes'!$C$391:$P$432,S$107,FALSE),"") -> .640 Mbps
D110: 2 | E110: Paquete 289 | F110: =VLOOKUP($E110,'Planes y paquetes'!$C$102:$H$143,F$73,FALSE) -> Renta Mensual | G110: =VLOOKUP($E110,'Planes y paquetes'!$C$102:$H$143,G$73,FALSE) -> 244.01 | H110: =INDEX(vector.implicit.prices.broadband.after.discount,MATCH(E110,vector.plans.names,0)) -> 107 | I110: =INDEX(vector.implicit.prices.line.rental.after.discount,MATCH($E110,vector.plans.names,0)) -> 156.55 | J110: =INDEX(vector.implicit.prices.voice.after.discount,MATCH($E110,vector.plans.names,0)) -> 5 | K110: =INDEX(vector.implicit.prices.digitalservices.after.discount,MATCH(E110,vector.plans.names,0)) -> 0 | L110: 205.42608 | M110: =H110*(1-Retail.minus.int.retail.minus.items.only)+I110*(1-Retail.minus.line.rental.retail.minus.items.only)+J110*(1-Retail.minus.additional.calls.retail.minus.items.only)+K110*(1-Retail.minus.additional.calls.retail.minus.items.only) -> 221.90959 | N110: =1-M110/G110 -> 0.090571753 | P110: =Q110/SUM($Q$109:$Q$127) -> 0.0059164689 | Q110: =VLOOKUP(E110,Mercado!$E$67:$O$100,11,0) -> 45816.142 | R110: =IFERROR(VLOOKUP($E110,'Planes y paquetes'!$C$391:$P$432,R$107,FALSE),"") -> 15 Mbps | S110: =IFERROR(VLOOKUP($E110,'Planes y paquetes'!$C$391:$P$432,S$107,FALSE),"") -> .640 Mbps
D111: 3 | E111: Paquete 333 | F111: =VLOOKUP($E111,'Planes y paquetes'!$C$102:$H$143,F$73,FALSE) -> Renta Mensual | G111: =VLOOKUP($E111,'Planes y paquetes'!$C$102:$H$143,G$73,FALSE) -> 281.16 | H111: =INDEX(vector.implicit.prices.broadband.after.discount,MATCH(E111,vector.plans.names,0)) -> 103 | I111: =INDEX(vector.implicit.prices.line.rental.after.discount,MATCH($E111,vector.plans.names,0)) -> 156.55 | J111: =INDEX(vector.implicit.prices.voice.after.discount,MATCH($E111,vector.plans.names,0)) -> 7 | K111: =INDEX(vector.implicit.prices.digitalservices.after.discount,MATCH(E111,vector.plans.names,0)) -> 0 | L111: 232.73961 | M111: =H111*(1-Retail.minus.int.retail.minus.items.only)+I111*(1-Retail.minus.line.rental.retail.minus.items.only)+J111*(1-Retail.minus.additional.calls.retail.minus.items.only)+K111*(1-Retail.minus.additional.calls.retail.minus.items.only) -> 220.87344 | N111: =1-M111/G111 -> 0.21442083 | P111: =Q111/SUM($Q$109:$Q$127) -> 0.0085886939 | Q111: =VLOOKUP(E111,Mercado!$E$67:$O$100,11,0) -> 66509.404 | R111: =IFERROR(VLOOKUP($E111,'Planes y paquetes'!$C$391:$P$432,R$107,FALSE),"") -> 15 Mbps | S111: =IFERROR(VLOOKUP($E111,'Planes y paquetes'!$C$391:$P$432,S$107,FALSE),"") -> .640 Mbps
D112: 4 | E112: Paquete 389 | F112: =VLOOKUP($E112,'Planes y paquetes'!$C$102:$H$143,F$73,FALSE) -> Renta Mensual | G112: =VLOOKUP($E112,'Planes y paquetes'!$C$102:$H$143,G$73,FALSE) -> 328.44 | H112: =INDEX(vector.implicit.prices.broadband.after.discount,MATCH(E112,vector.plans.names,0)) -> 149.00119 | I112: =INDEX(vector.implicit.prices.line.rental.after.discount,MATCH($E112,vector.plans.names,0)) -> 112.59918 | J112: =INDEX(vector.implicit.prices.voice.after.discount,MATCH($E112,vector.plans.names,0)) -> 30.208658 | K112: =INDEX(vector.implicit.prices.digitalservices.after.discount,MATCH(E112,vector.plans.names,0)) -> 55.742166 | L112: 262.23993 | M112: =H112*(1-Retail.minus.int.retail.minus.items.only)+I112*(1-Retail.minus.line.rental.retail.minus.items.only)+J112*(1-Retail.minus.additional.calls.retail.minus.items.only)+K112*(1-Retail.minus.additional.calls.retail.minus.items.only) -> 286.20634 | N112: =1-M112/G112 -> 0.12858867 | P112: =Q112/SUM($Q$109:$Q$127) -> 0.64148072 | Q112: =VLOOKUP(E112,Mercado!$E$67:$O$100,11,0) -> 4967519 | R112: =IFERROR(VLOOKUP($E112,'Planes y paquetes'!$C$391:$P$432,R$107,FALSE),"") -> 80 Mbps | S112: =IFERROR(VLOOKUP($E112,'Planes y paquetes'!$C$391:$P$432,S$107,FALSE),"") -> 80 Mbps
D113: 5 | E113: Paquete 435 | F113: =VLOOKUP($E113,'Planes y paquetes'!$C$102:$H$143,F$73,FALSE) -> Renta Mensual | G113: =VLOOKUP($E113,'Planes y paquetes'!$C$102:$H$143,G$73,FALSE) -> 367.29 | H113: =INDEX(vector.implicit.prices.broadband.after.discount,MATCH(E113,vector.plans.names,0)) -> 145.03541 | I113: =INDEX(vector.implicit.prices.line.rental.after.discount,MATCH($E113,vector.plans.names,0)) -> 111.78842 | J113: =INDEX(vector.implicit.prices.voice.after.discount,MATCH($E113,vector.plans.names,0)) -> 26.420771 | K113: =INDEX(vector.implicit.prices.digitalservices.after.discount,MATCH(E113,vector.plans.names,0)) -> 55.340804 | L113: 290.04052 | M113: =H113*(1-Retail.minus.int.retail.minus.items.only)+I113*(1-Retail.minus.line.rental.retail.minus.items.only)+J113*(1-Retail.minus.additional.calls.retail.minus.items.only)+K113*(1-Retail.minus.additional.calls.retail.minus.items.only) -> 278.82177 | N113: =1-M113/G113 -> 0.24086751 | P113: =Q113/SUM($Q$109:$Q$127) -> 0.025199895 | Q113: =VLOOKUP(E113,Mercado!$E$67:$O$100,11,0) -> 195143.76 | R113: =IFERROR(VLOOKUP($E113,'Planes y paquetes'!$C$391:$P$432,R$107,FALSE),"") -> 100 Mbps | S113: =IFERROR(VLOOKUP($E113,'Planes y paquetes'!$C$391:$P$432,S$107,FALSE),"") -> 100 Mbps
D114: 6 | E114: Paquete 499 | F114: =VLOOKUP($E114,'Planes y paquetes'!$C$102:$H$143,F$73,FALSE) -> Renta Mensual | G114: =VLOOKUP($E114,'Planes y paquetes'!$C$102:$H$143,G$73,FALSE) -> 421.32 | H114: =INDEX(vector.implicit.prices.broadband.after.discount,MATCH(E114,vector.plans.names,0)) -> 208.62454 | I114: =INDEX(vector.implicit.prices.line.rental.after.discount,MATCH($E114,vector.plans.names,0)) -> 110.9472 | J114: =INDEX(vector.implicit.prices.voice.after.discount,MATCH($E114,vector.plans.names,0)) -> 22.678444 | K114: =INDEX(vector.implicit.prices.digitalservices.after.discount,MATCH(E114,vector.plans.names,0)) -> 54.924356 | L114: 328.84182 | M114: =H114*(1-Retail.minus.int.retail.minus.items.only)+I114*(1-Retail.minus.line.rental.retail.minus.items.only)+J114*(1-Retail.minus.additional.calls.retail.minus.items.only)+K114*(1-Retail.minus.additional.calls.retail.minus.items.only) -> 319.73544 | N114: =1-M114/G114 -> 0.24111022 | P114: =Q114/SUM($Q$109:$Q$127) -> 0.052500333 | Q114: =VLOOKUP(E114,Mercado!$E$67:$O$100,11,0) -> 406553.77 | R114: =IFERROR(VLOOKUP($E114,'Planes y paquetes'!$C$391:$P$432,R$107,FALSE),"") -> 150 Mbps | S114: =IFERROR(VLOOKUP($E114,'Planes y paquetes'!$C$391:$P$432,S$107,FALSE),"") -> 150 Mbps
D115: 7 | E115: Paquete 599 | F115: =VLOOKUP($E115,'Planes y paquetes'!$C$102:$H$143,F$73,FALSE) -> Renta Mensual | G115: =VLOOKUP($E115,'Planes y paquetes'!$C$102:$H$143,G$73,FALSE) -> 505.76 | H115: =INDEX(vector.implicit.prices.broadband.after.discount,MATCH(E115,vector.plans.names,0)) -> 318.26892 | I115: =INDEX(vector.implicit.prices.line.rental.after.discount,MATCH($E115,vector.plans.names,0)) -> 113.22693 | J115: =INDEX(vector.implicit.prices.voice.after.discount,MATCH($E115,vector.plans.names,0)) -> 33.27013 | K115: =INDEX(vector.implicit.prices.digitalservices.after.discount,MATCH(E115,vector.plans.names,0)) -> 56.052937 | L115: 391.53473 | M115: =H115*(1-Retail.minus.int.retail.minus.items.only)+I115*(1-Retail.minus.line.rental.retail.minus.items.only)+J115*(1-Retail.minus.additional.calls.retail.minus.items.only)+K115*(1-Retail.minus.additional.calls.retail.minus.items.only) -> 410.86266 | N115: =1-M115/G115 -> 0.18763315 | P115: =Q115/SUM($Q$109:$Q$127) -> 0.050957565 | Q115: =VLOOKUP(E115,Mercado!$E$67:$O$100,11,0) -> 394606.83 | R115: =IFERROR(VLOOKUP($E115,'Planes y paquetes'!$C$391:$P$432,R$107,FALSE),"") -> 250 Mbps | S115: =IFERROR(VLOOKUP($E115,'Planes y paquetes'!$C$391:$P$432,S$107,FALSE),"") -> 250 Mbps
D116: 8 | E116: Paquete 649 | F116: =VLOOKUP($E116,'Planes y paquetes'!$C$102:$H$143,F$73,FALSE) -> Renta Mensual | G116: =VLOOKUP($E116,'Planes y paquetes'!$C$102:$H$143,G$73,FALSE) -> 547.98 | H116: =INDEX(vector.implicit.prices.broadband.after.discount,MATCH(E116,vector.plans.names,0)) -> 345.21331 | I116: =INDEX(vector.implicit.prices.line.rental.after.discount,MATCH($E116,vector.plans.names,0)) -> 113.98685 | J116: =INDEX(vector.implicit.prices.voice.after.discount,MATCH($E116,vector.plans.names,0)) -> 37.134012 | K116: =INDEX(vector.implicit.prices.digitalservices.after.discount,MATCH(E116,vector.plans.names,0)) -> 56.429135 | L116: 421.96007 | M116: =H116*(1-Retail.minus.int.retail.minus.items.only)+I116*(1-Retail.minus.line.rental.retail.minus.items.only)+J116*(1-Retail.minus.additional.calls.retail.minus.items.only)+K116*(1-Retail.minus.additional.calls.retail.minus.items.only) -> 434.67621 | N116: =1-M116/G116 -> 0.20676628 | P116: =Q116/SUM($Q$109:$Q$127) -> 0.02335149 | Q116: =VLOOKUP(E116,Mercado!$E$67:$O$100,11,0) -> 180830.02 | R116: =IFERROR(VLOOKUP($E116,'Planes y paquetes'!$C$391:$P$432,R$107,FALSE),"") -> 350 Mbps | S116: =IFERROR(VLOOKUP($E116,'Planes y paquetes'!$C$391:$P$432,S$107,FALSE),"") -> 350 Mbps
D117: 9 | E117: Paquetre 725 | F117: Renta Mensual | G117: ='Planes y paquetes'!G110 -> 612.14 | H117: =INDEX(vector.implicit.prices.broadband.after.discount,MATCH(E117,vector.plans.names,0)) -> 464.04028 | I117: =INDEX(vector.implicit.prices.line.rental.after.discount,MATCH($E117,vector.plans.names,0)) -> 113.53413 | J117: =INDEX(vector.implicit.prices.voice.after.discount,MATCH($E117,vector.plans.names,0)) -> 34.810849 | K117: =INDEX(vector.implicit.prices.digitalservices.after.discount,MATCH(E117,vector.plans.names,0)) -> 56.205017 | L117: 468.22345 | M117: =H117*(1-Retail.minus.int.retail.minus.items.only)+I117*(1-Retail.minus.line.rental.retail.minus.items.only)+J117*(1-Retail.minus.additional.calls.retail.minus.items.only)+K117*(1-Retail.minus.additional.calls.retail.minus.items.only) -> 516.90068 | N117: =1-M117/G117 -> 0.15558421 | P117: =Q117/SUM($Q$109:$Q$127) -> 0.0010648522 | Q117: =VLOOKUP(E117,Mercado!$E$67:$O$100,11,0) -> 8246.037 | R117: =IFERROR(VLOOKUP($E117,'Planes y paquetes'!$C$391:$P$432,R$107,FALSE),"") -> 500 Mbps | S117: =IFERROR(VLOOKUP($E117,'Planes y paquetes'!$C$391:$P$432,S$107,FALSE),"") -> 350 Mbps
D118: 10 | E118: Paquete Infinitum 999 | F118: =VLOOKUP($E118,'Planes y paquetes'!$C$102:$H$143,F$73,FALSE) -> Renta Mensual | G118: =VLOOKUP($E118,'Planes y paquetes'!$C$102:$H$143,G$73,FALSE) -> 843.5 | H118: =INDEX(vector.implicit.prices.broadband.after.discount,MATCH(E118,vector.plans.names,0)) -> 457.04813 | I118: =INDEX(vector.implicit.prices.line.rental.after.discount,MATCH($E118,vector.plans.names,0)) -> 112.27843 | J118: =INDEX(vector.implicit.prices.voice.after.discount,MATCH($E118,vector.plans.names,0)) -> 28.688196 | K118: =INDEX(vector.implicit.prices.digitalservices.after.discount,MATCH(E118,vector.plans.names,0)) -> 55.583379 | L118: 632.86156 | M118: =H118*(1-Retail.minus.int.retail.minus.items.only)+I118*(1-Retail.minus.line.rental.retail.minus.items.only)+J118*(1-Retail.minus.additional.calls.retail.minus.items.only)+K118*(1-Retail.minus.additional.calls.retail.minus.items.only) -> 504.62238 | N118: =1-M118/G118 -> 0.40175177 | P118: =Q118/SUM($Q$109:$Q$127) -> 0.0065118171 | Q118: =VLOOKUP(E118,Mercado!$E$67:$O$100,11,0) -> 50426.418 | R118: =IFERROR(VLOOKUP($E118,'Planes y paquetes'!$C$391:$P$432,R$107,FALSE),"") -> 750 Mbps | S118: =IFERROR(VLOOKUP($E118,'Planes y paquetes'!$C$391:$P$432,S$107,FALSE),"") -> 300 Mbps
D119: 11 | E119: Paquete 1399 | F119: =VLOOKUP($E119,'Planes y paquetes'!$C$102:$H$143,F$73,FALSE) -> Renta Mensual | G119: =VLOOKUP($E119,'Planes y paquetes'!$C$102:$H$143,G$73,FALSE) -> 1181.23 | H119: =INDEX(vector.implicit.prices.broadband.after.discount,MATCH(E119,vector.plans.names,0)) -> 970.76296 | I119: =INDEX(vector.implicit.prices.line.rental.after.discount,MATCH($E119,vector.plans.names,0)) -> 108.79316 | J119: =INDEX(vector.implicit.prices.voice.after.discount,MATCH($E119,vector.plans.names,0)) -> 13.898839 | K119: =INDEX(vector.implicit.prices.digitalservices.after.discount,MATCH(E119,vector.plans.names,0)) -> 53.858 | L119: 873.51112 | M119: =H119*(1-Retail.minus.int.retail.minus.items.only)+I119*(1-Retail.minus.line.rental.retail.minus.items.only)+J119*(1-Retail.minus.additional.calls.retail.minus.items.only)+K119*(1-Retail.minus.additional.calls.retail.minus.items.only) -> 853.70475 | N119: =1-M119/G119 -> 0.27727474 | P119: =Q119/SUM($Q$109:$Q$127) -> 0.002104917 | Q119: =VLOOKUP(E119,Mercado!$E$67:$O$100,11,0) -> 16300.124 | R119: =IFERROR(VLOOKUP($E119,'Planes y paquetes'!$C$391:$P$432,R$107,FALSE),"") -> 1000 Mbps | S119: =IFERROR(VLOOKUP($E119,'Planes y paquetes'!$C$391:$P$432,S$107,FALSE),"") -> 350 Mbps
D120: 12 | E120: Paquete Conectes Negocio | F120: =VLOOKUP($E120,'Planes y paquetes'!$C$102:$H$143,F$73,FALSE) -> Renta Mensual | G120: =VLOOKUP($E120,'Planes y paquetes'!$C$102:$H$143,G$73,FALSE) -> 336.9 | H120: =INDEX(vector.implicit.prices.broadband.after.discount,MATCH(E120,vector.plans.names,0)) -> 118 | I120: =INDEX(vector.implicit.prices.line.rental.after.discount,MATCH($E120,vector.plans.names,0)) -> 145.72277 | J120: =INDEX(vector.implicit.prices.voice.after.discount,MATCH($E120,vector.plans.names,0)) -> 18.39934 | K120: =INDEX(vector.implicit.prices.digitalservices.after.discount,MATCH(E120,vector.plans.names,0)) -> 58.877888 | L120: 285.25451 | M120: =H120*(1-Retail.minus.int.retail.minus.items.only)+I120*(1-Retail.minus.line.rental.retail.minus.items.only)+J120*(1-Retail.minus.additional.calls.retail.minus.items.only)+K120*(1-Retail.minus.additional.calls.retail.minus.items.only) -> 285.93566 | N120: =1-M120/G120 -> 0.15127438 | P120: =Q120/SUM($Q$109:$Q$127) -> 0.084070836 | Q120: =VLOOKUP(E120,Mercado!$E$67:$O$100,11,0) -> 651030.44 | R120: =IFERROR(VLOOKUP($E120,'Planes y paquetes'!$C$391:$P$432,R$107,FALSE),"") -> 80 Mbps | S120: =IFERROR(VLOOKUP($E120,'Planes y paquetes'!$C$391:$P$432,S$107,FALSE),"") -> 80 Mbps
D121: 13 | E121: Paquete Mi Negocio | F121: =VLOOKUP($E121,'Planes y paquetes'!$C$102:$H$143,F$73,FALSE) -> Renta Mensual | G121: =VLOOKUP($E121,'Planes y paquetes'!$C$102:$H$143,G$73,FALSE) -> 463.55 | H121: =INDEX(vector.implicit.prices.broadband.after.discount,MATCH(E121,vector.plans.names,0)) -> 296 | I121: =INDEX(vector.implicit.prices.line.rental.after.discount,MATCH($E121,vector.plans.names,0)) -> 148.03155 | J121: =INDEX(vector.implicit.prices.voice.after.discount,MATCH($E121,vector.plans.names,0)) -> 29.157729 | K121: =INDEX(vector.implicit.prices.digitalservices.after.discount,MATCH(E121,vector.plans.names,0)) -> 59.810726 | L121: 378.3641 | M121: =H121*(1-Retail.minus.int.retail.minus.items.only)+I121*(1-Retail.minus.line.rental.retail.minus.items.only)+J121*(1-Retail.minus.additional.calls.retail.minus.items.only)+K121*(1-Retail.minus.additional.calls.retail.minus.items.only) -> 425.93285 | N121: =1-M121/G121 -> 0.081150151 | P121: =Q121/SUM($Q$109:$Q$127) -> 0.039364314 | Q121: =VLOOKUP(E121,Mercado!$E$67:$O$100,11,0) -> 304830.64 | R121: =IFERROR(VLOOKUP($E121,'Planes y paquetes'!$C$391:$P$432,R$107,FALSE),"") -> 150 Mbps | S121: =IFERROR(VLOOKUP($E121,'Planes y paquetes'!$C$391:$P$432,S$107,FALSE),"") -> 150 Mbps
D122: 14 | E122: Paquete Negocio 649 | F122: =VLOOKUP($E122,'Planes y paquetes'!$C$102:$H$143,F$73,FALSE) -> Renta Mensual | G122: =VLOOKUP($E122,'Planes y paquetes'!$C$102:$H$143,G$73,FALSE) -> 547.98 | H122: =INDEX(vector.implicit.prices.broadband.after.discount,MATCH(E122,vector.plans.names,0)) -> 367 | I122: =INDEX(vector.implicit.prices.line.rental.after.discount,MATCH($E122,vector.plans.names,0)) -> 149.41104 | J122: =INDEX(vector.implicit.prices.voice.after.discount,MATCH($E122,vector.plans.names,0)) -> 36.220859 | K122: =INDEX(vector.implicit.prices.digitalservices.after.discount,MATCH(E122,vector.plans.names,0)) -> 60.368098 | L122: 440.88248 | M122: =H122*(1-Retail.minus.int.retail.minus.items.only)+I122*(1-Retail.minus.line.rental.retail.minus.items.only)+J122*(1-Retail.minus.additional.calls.retail.minus.items.only)+K122*(1-Retail.minus.additional.calls.retail.minus.items.only) -> 484.88338 | N122: =1-M122/G122 -> 0.11514402 | P122: =Q122/SUM($Q$109:$Q$127) -> 0.0022125911 | Q122: =VLOOKUP(E122,Mercado!$E$67:$O$100,11,0) -> 17133.934 | R122: =IFERROR(VLOOKUP($E122,'Planes y paquetes'!$C$391:$P$432,R$107,FALSE),"") -> 250 Mbps | S122: =IFERROR(VLOOKUP($E122,'Planes y paquetes'!$C$391:$P$432,S$107,FALSE),"") -> 250 Mbps
D123: 15 | E123: Paquete Supernegocio | F123: =VLOOKUP($E123,'Planes y paquetes'!$C$102:$H$143,F$73,FALSE) -> Renta Mensual | G123: =VLOOKUP($E123,'Planes y paquetes'!$C$102:$H$143,G$73,FALSE) -> 674.64 | H123: =INDEX(vector.implicit.prices.broadband.after.discount,MATCH(E123,vector.plans.names,0)) -> 449 | I123: =INDEX(vector.implicit.prices.line.rental.after.discount,MATCH($E123,vector.plans.names,0)) -> 149.70732 | J123: =INDEX(vector.implicit.prices.voice.after.discount,MATCH($E123,vector.plans.names,0)) -> 37.804878 | K123: =INDEX(vector.implicit.prices.digitalservices.after.discount,MATCH(E123,vector.plans.names,0)) -> 60.487805 | L123: 532.49343 | M123: =H123*(1-Retail.minus.int.retail.minus.items.only)+I123*(1-Retail.minus.line.rental.retail.minus.items.only)+J123*(1-Retail.minus.additional.calls.retail.minus.items.only)+K123*(1-Retail.minus.additional.calls.retail.minus.items.only) -> 545.32869 | N123: =1-M123/G123 -> 0.19167453 | P123: =Q123/SUM($Q$109:$Q$127) -> 0.025796477 | Q123: =VLOOKUP(E123,Mercado!$E$67:$O$100,11,0) -> 199763.59 | R123: =IFERROR(VLOOKUP($E123,'Planes y paquetes'!$C$391:$P$432,R$107,FALSE),"") -> 350 Mbps | S123: =IFERROR(VLOOKUP($E123,'Planes y paquetes'!$C$391:$P$432,S$107,FALSE),"") -> 350 Mbps
D124: 16 | E124: Paquete Negocio 999 | F124: =VLOOKUP($E124,'Planes y paquetes'!$C$102:$H$143,F$73,FALSE) -> Renta Mensual | G124: =VLOOKUP($E124,'Planes y paquetes'!$C$102:$H$143,G$73,FALSE) -> 843.5 | H124: =INDEX(vector.implicit.prices.broadband.after.discount,MATCH(E124,vector.plans.names,0)) -> 524 | I124: =INDEX(vector.implicit.prices.line.rental.after.discount,MATCH($E124,vector.plans.names,0)) -> 147.55414 | J124: =INDEX(vector.implicit.prices.voice.after.discount,MATCH($E124,vector.plans.names,0)) -> 26.828025 | K124: =INDEX(vector.implicit.prices.digitalservices.after.discount,MATCH(E124,vector.plans.names,0)) -> 59.617834 | L124: 652.03312 | M124: =H124*(1-Retail.minus.int.retail.minus.items.only)+I124*(1-Retail.minus.line.rental.retail.minus.items.only)+J124*(1-Retail.minus.additional.calls.retail.minus.items.only)+K124*(1-Retail.minus.additional.calls.retail.minus.items.only) -> 586.21003 | N124: =1-M124/G124 -> 0.30502664 | P124: =Q124/SUM($Q$109:$Q$127) -> 0.00091702464 | Q124: =VLOOKUP(E124,Mercado!$E$67:$O$100,11,0) -> 7101.2849 | R124: =IFERROR(VLOOKUP($E124,'Planes y paquetes'!$C$391:$P$432,R$107,FALSE),"") -> 500 Mbps | S124: =IFERROR(VLOOKUP($E124,'Planes y paquetes'!$C$391:$P$432,S$107,FALSE),"") -> 350 Mbps
D125: 17 | E125: Paquete Telmex Negocio Ilimitado 1 | F125: =VLOOKUP($E125,'Planes y paquetes'!$C$102:$H$143,F$73,FALSE) -> Renta Mensual | G125: =VLOOKUP($E125,'Planes y paquetes'!$C$102:$H$143,G$73,FALSE) -> 1265.66 | H125: =INDEX(vector.implicit.prices.broadband.after.discount,MATCH(E125,vector.plans.names,0)) -> 782 | I125: =INDEX(vector.implicit.prices.line.rental.after.discount,MATCH($E125,vector.plans.names,0)) -> 150.85714 | J125: =INDEX(vector.implicit.prices.voice.after.discount,MATCH($E125,vector.plans.names,0)) -> 44.190476 | K125: =INDEX(vector.implicit.prices.digitalservices.after.discount,MATCH(E125,vector.plans.names,0)) -> 60.952381 | L125: 961.92564 | M125: =H125*(1-Retail.minus.int.retail.minus.items.only)+I125*(1-Retail.minus.line.rental.retail.minus.items.only)+J125*(1-Retail.minus.additional.calls.retail.minus.items.only)+K125*(1-Retail.minus.additional.calls.retail.minus.items.only) -> 790.68508 | N125: =1-M125/G125 -> 0.37527845 | P125: =Q125/SUM($Q$109:$Q$127) -> 0.0053064277 | Q125: =VLOOKUP(E125,Mercado!$E$67:$O$100,11,0) -> 41092.085 | R125: =IFERROR(VLOOKUP($E125,'Planes y paquetes'!$C$391:$P$432,R$107,FALSE),"") -> 750 Mbps | S125: =IFERROR(VLOOKUP($E125,'Planes y paquetes'!$C$391:$P$432,S$107,FALSE),"") -> 350 Mbps
D126: 18 | E126: Paquete Telmex Negocio Ilimitado 2 | F126: =VLOOKUP($E126,'Planes y paquetes'!$C$102:$H$143,F$73,FALSE) -> Renta Mensual | G126: =VLOOKUP($E126,'Planes y paquetes'!$C$102:$H$143,G$73,FALSE) -> 1510.52 | H126: =INDEX(vector.implicit.prices.broadband.after.discount,MATCH(E126,vector.plans.names,0)) -> 1205 | I126: =INDEX(vector.implicit.prices.line.rental.after.discount,MATCH($E126,vector.plans.names,0)) -> 151.95349 | J126: =INDEX(vector.implicit.prices.voice.after.discount,MATCH($E126,vector.plans.names,0)) -> 50.651163 | K126: =INDEX(vector.implicit.prices.digitalservices.after.discount,MATCH(E126,vector.plans.names,0)) -> 61.395349 | L126: 1137.3637 | M126: =H126*(1-Retail.minus.int.retail.minus.items.only)+I126*(1-Retail.minus.line.rental.retail.minus.items.only)+J126*(1-Retail.minus.additional.calls.retail.minus.items.only)+K126*(1-Retail.minus.additional.calls.retail.minus.items.only) -> 1100.3869 | N126: =1-M126/G126 -> 0.27151781 | P126: =Q126/SUM($Q$109:$Q$127) -> 0.0022656431 | Q126: =VLOOKUP(E126,Mercado!$E$67:$O$100,11,0) -> 17544.76 | R126: =IFERROR(VLOOKUP($E126,'Planes y paquetes'!$C$391:$P$432,R$107,FALSE),"") -> 750 Mbps | S126: =IFERROR(VLOOKUP($E126,'Planes y paquetes'!$C$391:$P$432,S$107,FALSE),"") -> 350 Mbps
D127: 19 | E127: Paquete Telmex Negocio Ilimitado 3 | F127: =VLOOKUP($E127,'Planes y paquetes'!$C$102:$H$143,F$73,FALSE) -> Renta Mensual | G127: =VLOOKUP($E127,'Planes y paquetes'!$C$102:$H$143,G$73,FALSE) -> 1932.69 | H127: =INDEX(vector.implicit.prices.broadband.after.discount,MATCH(E127,vector.plans.names,0)) -> 1920 | I127: =INDEX(vector.implicit.prices.line.rental.after.discount,MATCH($E127,vector.plans.names,0)) -> 148.5 | J127: =INDEX(vector.implicit.prices.voice.after.discount,MATCH($E127,vector.plans.names,0)) -> 31.5 | K127: =INDEX(vector.implicit.prices.digitalservices.after.discount,MATCH(E127,vector.plans.names,0)) -> 60 | L127: 1442.731 | M127: =H127*(1-Retail.minus.int.retail.minus.items.only)+I127*(1-Retail.minus.line.rental.retail.minus.items.only)+J127*(1-Retail.minus.additional.calls.retail.minus.items.only)+K127*(1-Retail.minus.additional.calls.retail.minus.items.only) -> 1589.7289 | N127: =1-M127/G127 -> 0.1774527 | P127: =Q127/SUM($Q$109:$Q$127) -> 0.0023627741 | Q127: =VLOOKUP(E127,Mercado!$E$67:$O$100,11,0) -> 18296.926 | R127: =IFERROR(VLOOKUP($E127,'Planes y paquetes'!$C$391:$P$432,R$107,FALSE),"") -> 1000 Mbps | S127: =IFERROR(VLOOKUP($E127,'Planes y paquetes'!$C$391:$P$432,S$107,FALSE),"") -> 350 Mbps
M128: Descuento por paquetes no señalados en el Anexo tarifario
M129: Datos sin anonimizar | N129: Datos anonimizados
M130: 0.19980327 | N130: =SUMPRODUCT(N109:N127,P109:P127)/SUM(P109:P127) -> 0.14774365
E131: Tarifas de servicios adicionales a planes y paquetes | H131: Resultados del modelo con …
F132: 4 | G132: 5 | H132: Datos sin anonimizar | I132: Datos anonimizados
E133: Nombre de plan/paquete | F133: Unidad | G133: ="Precio minorista "&Year.selected &" Sin impuestos" -> Precio minorista 2025 Sin impuestos | I133: Precio mayorista, excluyendo impuestos | J133: Notas
D134: =D133+1 -> 1 | E134: Velocidad Simétrica Negocio 999 | F134: Renta Mensual | G134: =VLOOKUP($E134,Precios!$C$366:$D$411,2,FALSE) -> 301.72 | H134: 217.94392 | I134: =G134*(1-Retail.minus.int.retail.minus.items.only) -> 215.7124
D135: =D134+1 -> 2 | E135: Velocidad Simétrica Telmex Negocio Ilimitado 1 | F135: =VLOOKUP($E135,'Planes y paquetes'!$C$102:$H$143,F$73,FALSE) -> Renta Mensual | G135: =VLOOKUP($E135,Precios!$C$366:$D$411,2,FALSE) -> 344.83 | H135: 249.08393 | I135: =G135*(1-Retail.minus.int.retail.minus.items.only) -> 246.53356
D136: =D135+1 -> 3 | E136: Velocidad Simétrica Telmex Negocio Ilimitado 2 | F136: =VLOOKUP($E136,'Planes y paquetes'!$C$102:$H$143,F$73,FALSE) -> Renta Mensual | G136: =VLOOKUP($E136,Precios!$C$366:$D$411,2,FALSE) -> 387.94 | H136: 280.22393 | I136: =G136*(1-Retail.minus.int.retail.minus.items.only) -> 277.35472
D137: =D136+1 -> 4 | E137: Velocidad Simétrica Telmex Negocio limitado 3 | F137: =VLOOKUP($E137,'Planes y paquetes'!$C$102:$H$143,F$73,FALSE) -> Renta Mensual | G137: =VLOOKUP($E137,Precios!$C$366:$D$411,2,FALSE) -> 431.03 | H137: 311.34949 | I137: =G137*(1-Retail.minus.int.retail.minus.items.only) -> 308.16159
D138: =D137+1 -> 5 | E138: Infinitum bajo demanda 100 MB - 3 días | F138: =VLOOKUP($E138,'Planes y paquetes'!$C$191:$J$273,F$16,FALSE) -> Otro (describa el tipo de cobro) | G138: =VLOOKUP($E138,'Planes y paquetes'!$C$191:$J$273,G$16,FALSE) -> 25 | H138: 18.058458 | I138: =G138*(1-Retail.minus.int.retail.minus.items.only) -> 17.873558
D139: =D138+1 -> 6 | E139: Infinitum bajo demanda 100 MB - 7 días | F139: =VLOOKUP($E139,'Planes y paquetes'!$C$191:$J$273,F$16,FALSE) -> Otro (describa el tipo de cobro) | G139: =VLOOKUP($E139,'Planes y paquetes'!$C$191:$J$273,G$16,FALSE) -> 102.59 | H139: 74.104689 | I139: =G139*(1-Retail.minus.int.retail.minus.items.only) -> 73.345933
D140: =D139+1 -> 7 | E140: Infinitum bajo demanda 100 MB - 15 días | F140: =VLOOKUP($E140,'Planes y paquetes'!$C$191:$J$273,F$16,FALSE) -> Otro (describa el tipo de cobro) | G140: =VLOOKUP($E140,'Planes y paquetes'!$C$191:$J$273,G$16,FALSE) -> 180.17 | H140: 130.1437 | I140: =G140*(1-Retail.minus.int.retail.minus.items.only) -> 128.81116
...

Sheet Datos AEP-->
C1: Datos aportados por el AEP
C3: Los datos presentes en las hojas ubicadas a la derecha fueron aportados por AEP para el desarrollo del modelo en comento

Sheet Planes y paquetes
A1: ="Preguntas "&A2&" a "&A474&"" -> Preguntas 1 a 3
A2: 1 | B2: Información de tarifas de planes y paquetes
C4: a. Tarifas de planes y paquetes | E4: 2024
C5: Reportar los datos relativos a planes y paquetes que los usuarios pueden contratar con Telmex y Telnor, mediante una línea nueva o existente,
C6: sin que sea necesaria la contratación previa de un plan o paquete (por ejemplo, “Paquete 333”, “Infinitum Negocio 549”, etc.) Asimismo, deberá proporcionar información tarifaria relacionada con la contratación adicional de Servicios de Telecomunicaciones Móviles ("STM") o servicios Over The Top (“OTT” por sus sigas en inglés) o cualquier otra promoción por la cual modifique que ajuste el monto de la renta mensual de cada uno de los planes y paquetes. | G6: 2024
C7: Nombre de Plan/Paquete | D7: Modalidad* | E7: Tipo de Servicio* | F7: Tipo de Contraprestación* | G7: Renta mensual (sin impuestos) | H7: Renta mensual (con impuestos) | I7: ¿Cuenta con tarifa preferencial por la contratación de algún servicio de Telecomunicaciones Móviles (STM) que ajuste el monto de la renta mensual? (Si/No) | J7: Tarifa STM (sin impuestos) | K7: Renta menusual preferencial por la contratación del STM (sin impuestos) | L7: Términos y condiciones | M7: ¿Cuenta con tarifa preferencial por la contratación de algún servicio OTT que ajuste el monto de la renta mensual? (Si/No) | N7: Tarifa Netflix Estándar con anuncios (sin impuestos) | O7: Renta menusual preferencial por la contratación del Netflix Estándar con anuncios (sin impuestos) | P7: Términos y condiciones | Q7: Tarifa Netflix Estándar (sin impuestos) | R7: Renta menusual preferencial por la contratación del Netflix Estándar (sin impuestos) | S7: Términos y condiciones | T7: Tarifa Netflix Premium (sin impuestos) | U7: Renta menusual preferencial por la contratación del Netflix Premium (sin impuestos) | V7: Términos y condiciones | W7: Tarifa Prime Video (sin impuestos) | X7: Renta menusual preferencial por la contratación Prime Video (sin impuestos) | Y7: Términos y condiciones | Z7: Tarifa max (sin impuestos) | AA7: Renta menusual preferencial por la contratación max (sin impuestos) | AB7: Términos y condiciones | AC7: Tarifa Disney + (sin impuestos) | AD7: Renta menusual preferencial por la contratación Disney + (sin impuestos) | AE7: Términos y condiciones | AF7: Tarifa Star + (sin impuestos) | AG7: Renta menusual preferencial por la contratación Star + (sin impuestos) | AH7: Términos y condiciones | AI7: Tarifa F1 TV Pro (sin impuestos) | AJ7: Renta menusual preferencial por la contratación F1 TV Pro (sin impuestos) | AK7: Términos y condiciones | AL7: Tarifa OTT #1 (sin impuestos) | AM7: Renta menusual preferencial por la contratación OTT #1 (sin impuestos) | AN7: Términos y condiciones | AO7: Tarifa OTT #2 (sin impuestos) | AP7: Renta menusual preferencial por la contratación OTT #2 (sin impuestos) | AQ7: Términos y condiciones | AR7: ¿Cuenta con la promoción para paquetes superiores, por las que se ajuste el monto de la renta mensual? (Si/No) | AS7: Renta menusual preferencial ajustada por la promición para paquetes superiores (sin impuestos) | AT7: Renta menusual preferencial ajustada por la promición para paquetes superiores (con impuestos) | AU7: Términos y condiciones | AV7: ¿Tiene otras promociones en el paquete que ajusten el precio de la renta mensual o la velocidad de bajada o paquete simétrico? (Si/No) | AW7: Nombre de la promoción/promociones | AX7: Renta menusual con tarifa preferencia (sin impuestos) | AY7: Renta menusual con tarifa preferencia (con impuestos) | AZ7: Términos y condiciones
